Workbook
Name d: [1]DATOS!$H$4:$H$12
Name dep: [1]DATOS!$D$3:$D$6
Name Deportes1: [2]DATOS!$H$4:$H$12
Name Deportes1: [3]DATOS!$H$4:$H$12
Name Deportes2: [2]DATOS!$I$4:$I$11
Name Deportes2: [3]DATOS!$I$4:$I$11
Name Deportes3: [2]DATOS!$K$4:$K$8
Name Deportes3: [3]DATOS!$K$4:$K$8
Name FF: [4]DATOS!$K$4:$K$8
Name INCLUIYENTE: [5]DATOS!$H$4:$H$12
Name INCLUYENTE: [5]DATOS!$J$4:$J$12
Name JUVENTUD: [6]DATOS!$J$4:$J$12
Name OTRPO: [7]DATOS!$D$3:$D$6
Name Proyecto: [2]DATOS!$D$3:$D$6
Name Proyecto: [3]DATOS!$D$3:$D$6
Name Recreacion: [2]DATOS!$J$4:$J$12
Name Recreacion: [3]DATOS!$J$4:$J$12
Name TEC: [8]DATOS!$I$4:$I$11

Sheet 23 JUNIO
A1: ZONA NORTE
A2: RUTAS CICLOVÍA 40 M3 | I2: ATN CICLOVÍA, ESCUELA DE LA BICI, ADICIONALES 25 M3 | R2: CONOS CICLOVÍA 25 M3
A3: CORREDOR | B3: # OPERARIOS | C3: # CAMIONES | D3: MODELO | E3: DISPONIBILIDAD | F3: TIPO DE SERVICIO | G3: $ | I3: ZONA | J3: CORREDOR | K3: # OPERARIOS | L3: # CAMIONES | M3: MODELO | N3: DISPONIBILIDAD | O3: TIPO DE SERVICIO | P3: $ | R3: ZONA | S3: CORREDOR | T3: # OPERARIOS | U3: # CAMIONES | V3: MODELO | W3: DISPONIBILIDAD | X3: TIPO DE SERVICIO | Y3: $
A4: NORTE 1 | B4: 3 | C4: 1 | D4: 2012-2020 | E4: COMPLETA | F4: 0 | G4: =+IF(F4="","",VLOOKUP(F4,$H$132:$I$175,2,FALSE)) -> 0 | I4: NORTE | J4: ESCUELA | K4: 3 | L4: 1 | M4: 2012-2020 | N4: COMPLETA | O4: 0 | P4: =+IF(O4="","",VLOOKUP(O4,$H$132:$I$175,2,FALSE)) -> 0 | R4: CENTRO | S4: CENTRO 5 CAMION 1 UNICONOS | T4: 3 | U4: 1 | V4: 2012-2020 | W4: COMPLETA | X4: 0 | Y4: =+IF(X4="","",VLOOKUP(X4,$H$132:$I$175,2,FALSE)) -> 0
A5: NORTE 2 | B5: 3 | C5: 1 | D5: 2012-2020 | E5: COMPLETA | F5: 0 | G5: =+IF(F5="","",VLOOKUP(F5,$H$132:$I$175,2,FALSE)) -> 0 | I5: NORTE | J5: RECREOVÍA | K5: 4 | L5: 1 | M5: 2012-2020 | N5: COMPLETA | O5: 0 | P5: =+IF(O5="","",VLOOKUP(O5,$H$132:$I$175,2,FALSE)) -> 0 | R5: CENTRO | S5: CENTRO 5 CAMION 2 UNICONOS | T5: 3 | U5: 1 | V5: 2012-2020 | W5: COMPLETA | X5: 0 | Y5: =+IF(X5="","",VLOOKUP(X5,$H$132:$I$175,2,FALSE)) -> 0
A6: NORTE 3 | B6: 3 | C6: 1 | D6: 2012-2020 | E6: COMPLETA | F6: 0 | G6: =+IF(F6="","",VLOOKUP(F6,$H$132:$I$175,2,FALSE)) -> 0 | I6: CENTRO | J6: RECREOVÍA | K6: 4 | L6: 1 | M6: 2012-2020 | N6: COMPLETA | O6: 0 | P6: =+IF(O6="","",VLOOKUP(O6,$H$132:$I$175,2,FALSE)) -> 0 | R6: CENTRO | S6: CENTRO 4 CAMION 3 UNICONOS | T6: 3 | U6: 1 | V6: 2012-2020 | W6: COMPLETA | X6: 0 | Y6: =+IF(X6="","",VLOOKUP(X6,$H$132:$I$175,2,FALSE)) -> 0
A7: NORTE 5 | B7: 3 | C7: 1 | D7: 2012-2020 | E7: COMPLETA | F7: 0 | G7: =+IF(F7="","",VLOOKUP(F7,$H$132:$I$175,2,FALSE)) -> 0 | I7: CENTRO | J7: RECREOVÍA | K7: 4 | L7: 1 | M7: 2012-2020 | N7: COMPLETA | O7: 0 | P7: =+IF(O7="","",VLOOKUP(O7,$H$132:$I$175,2,FALSE)) -> 0 | R7: CENTRO | S7: CENTRO 4 CAMION 4 UNICONOS | T7: 3 | U7: 1 | V7: 2012-2020 | W7: COMPLETA | X7: 0 | Y7: =+IF(X7="","",VLOOKUP(X7,$H$132:$I$175,2,FALSE)) -> 0
G8: =+IF(F8="","",VLOOKUP(F8,$H$133:$I$174,2,FALSE)) | I8: SUR | J8: RECREOVÍA | K8: 4 | L8: 1 | M8: 2012-2020 | N8: COMPLETA | O8: 0 | P8: =+IF(O8="","",VLOOKUP(O8,$H$132:$I$175,2,FALSE)) -> 0 | R8: CENTRO | S8: CENTRO 4 CAMION 5 UNICONOS | T8: 3 | U8: 1 | V8: 2012-2020 | W8: COMPLETA | X8: 0 | Y8: =+IF(X8="","",VLOOKUP(X8,$H$132:$I$175,2,FALSE)) -> 0
G9: =+IF(F9="","",VLOOKUP(F9,$H$133:$I$174,2,FALSE))
G10: =+IF(F10="","",VLOOKUP(F10,$H$133:$I$174,2,FALSE))
G11: =+IF(F11="","",VLOOKUP(F11,$H$133:$I$174,2,FALSE)) | R11: OPERARIOS ADICIONALES
A12: RUTAS CICLOVÍA 25 M3 | R12: ZONA | S12: CORREDOR | T12: # OPERARIOS | U12: # CAMIONES | V12: MODELO | W12: DISPONIBILIDAD | X12: TIPO DE SERVICIO | Y12: $
A13: CORREDOR | B13: # OPERARIOS | C13: # CAMIONES | D13: MODELO | E13: DISPONIBILIDAD | F13: TIPO DE SERVICIO | G13: $ | R13: CENTRO | S13: APOYO CICLOVÍA | T13: 2 | U13: 0 | V13: 0 | W13: COMPLETA | X13: 0 | Y13: =+IF(X13="","",VLOOKUP(X13,$H$132:$I$175,2,FALSE)) -> 0
A14: NORTE 1 CAMION 6 UNICONOS | B14: 4 | C14: 1 | D14: 2012-2020 | E14: COMPLETA | F14: 0 | G14: =+IF(F14="","",VLOOKUP(F14,$H$132:$I$175,2,FALSE)) -> 0 | I14: ATN CICLOVÍA, ESCUELA DE LA BICI, ADICIONALES 40 M3 | R14: CENTRO | S14: RECREOVÍA | T14: 33 | U14: 0 | V14: 0 | W14: COMPLETA | X14: 0 | Y14: =+IF(X14="","",VLOOKUP(X14,$H$132:$I$175,2,FALSE)) -> 0
A15: NORTE 1 CAMION 7 UNICONOS | B15: 4 | C15: 1 | D15: 2012-2020 | E15: COMPLETA | F15: 0 | G15: =+IF(F15="","",VLOOKUP(F15,$H$132:$I$175,2,FALSE)) -> 0 | I15: ZONA | J15: CORREDOR | K15: # OPERARIOS | L15: # CAMIONES | M15: MODELO | N15: DISPONIBILIDAD | O15: TIPO DE SERVICIO | P15: $
A16: NORTE 5 CAMION 8 UNICONOS | B16: 4 | C16: 1 | D16: 2012-2020 | E16: COMPLETA | F16: 0 | G16: =+IF(F16="","",VLOOKUP(F16,$H$132:$I$175,2,FALSE)) -> 0 | I16: NORTE | J16: PEDAGOGÍA - LUDICA | K16: 3 | L16: 1 | M16: 2012-2020 | N16: COMPLETA | O16: 0 | P16: =+IF(O16="","",VLOOKUP(O16,$H$132:$I$175,2,FALSE)) -> 0
A17: NORTE 4 | B17: 3 | C17: 1 | D17: 2012-2020 | E17: COMPLETA | F17: 0 | G17: =+IF(F17="","",VLOOKUP(F17,$H$132:$I$175,2,FALSE)) -> 0
A20: valor total | B20: =SUM(B4:B11)+B14+B15+B16+B17+B18+B19 -> 27 | C20: =SUM(C4:C11)+C14+C15+C16+C17+C18+C19 -> 8 | G20: =SUM(G4:G11)+G14+G15+G16+G17+G18+G19 -> 0
A21: ZONA CENTRO
A22: RUTAS CICLOVÍA 40 M3
A23: CORREDOR | B23: # OPERARIOS | C23: # CAMIONES | D23: MODELO | E23: DISPONIBILIDAD | F23: TIPO DE SERVICIO | G23: $ | J23: TOTAL | K23: =SUM(K4:K22) -> 22 | L23: =SUM(L4:L22) -> 6 | P23: =SUM(P4:P21) -> 0 | S23: TOTAL | T23: =SUM(T4:T10)+T13+T14 -> 50 | U23: =SUM(U4:U10) -> 5 | Y23: =SUM(Y4:Y22) -> 0
A24: CENTRO 2 | B24: 3 | C24: 1 | D24: 2012-2020 | E24: COMPLETA | F24: 0 | G24: =+IF(F24="","",VLOOKUP(F24,$H$132:$I$175,2,FALSE)) -> 0
A25: CENTRO 4 | B25: 3 | C25: 1 | D25: 2012-2020 | E25: COMPLETA | F25: 0 | G25: =+IF(F25="","",VLOOKUP(F25,$H$132:$I$175,2,FALSE)) -> 0
A26: CENTRO 5 | B26: 3 | C26: 1 | D26: 2012-2020 | E26: COMPLETA | F26: 0 | G26: =+IF(F26="","",VLOOKUP(F26,$H$132:$I$175,2,FALSE)) -> 0
A30: RUTAS CICLOVÍA 25 M3
A31: > | B31: # OPERARIOS | C31: # CAMIONES | D31: MODELO | F31: TIPO DE SERVICIO | G31: $
A32: CENTRO 1 | B32: 3 | C32: 1 | D32: 2012-2020 | E32: COMPLETA | F32: 0 | G32: =+IF(F32="","",VLOOKUP(F32,$H$132:$I$175,2,FALSE)) -> 0
A33: CENTRO 3 ZONA 1 | B33: 2 | C33: 1 | D33: 2012-2020 | E33: COMPLETA | F33: 0 | G33: =+IF(F33="","",VLOOKUP(F33,$H$132:$I$175,2,FALSE)) -> 0
A34: CENTRO 3 ZONA 2 | B34: 2 | C34: 1 | D34: 2012-2020 | E34: COMPLETA | F34: 0 | G34: =+IF(F34="","",VLOOKUP(F34,$H$132:$I$175,2,FALSE)) -> 0
A35: PARQUE NACIONAL | B35: 2 | C35: 1 | D35: 2012-2020 | E35: COMPLETA | F35: 0 | G35: =+IF(F35="","",VLOOKUP(F35,$H$132:$I$175,2,FALSE)) -> 0
A38: valor total | B38: =SUM(B24:B30)+B32+B33+B27+B35+B36+B37 -> 16 | C38: =SUM(C24:C30)+C32+C33+C34+C35+C36+C37 -> 7 | G38: =SUM(G24:G30)+G32+G33+G34+G35+G36+G37 -> 0
A39: ZONA SUR
A40: RUTAS CICLOVÍA 40 M3
A41: CORREDOR | B41: # OPERARIOS | C41: # CAMIONES | D41: MODELO | E41: DISPONIBILIDAD | F41: TIPO DE SERVICIO | G41: $
A50: RUTAS CICLOVÍA 25 M3
A51: CORREDOR | B51: # OPERARIOS | C51: # CAMIONES | D51: MODELO | E51: DISPONIBILIDAD | F51: TIPO DE SERVICIO | G51: $
A52: SUR 1 ZONA 1 | B52: 2 | C52: 1 | D52: 2012-2020 | E52: COMPLETA | F52: 0 | G52: =+IF(F52="","",VLOOKUP(F52,$H$132:$I$175,2,FALSE)) -> 0
A53: SUR 1 ZONA 2 | B53: 2 | C53: 1 | D53: 2012-2020 | E53: COMPLETA | F53: 0 | G53: =+IF(F53="","",VLOOKUP(F53,$H$132:$I$175,2,FALSE)) -> 0
A54: SUR 2 ZONA 1 | B54: 4 | C54: 1 | D54: 2012-2020 | E54: COMPLETA | F54: 0 | G54: =+IF(F54="","",VLOOKUP(F54,$H$132:$I$175,2,FALSE)) -> 0
A55: SUR 2 ZONA 2 | B55: 4 | C55: 1 | D55: 2012-2020 | E55: COMPLETA | F55: 0 | G55: =+IF(F55="","",VLOOKUP(F55,$H$132:$I$175,2,FALSE)) -> 0
A56: SUR 3 | B56: 3 | C56: 1 | D56: 2012-2020 | E56: COMPLETA | F56: 0 | G56: =+IF(F56="","",VLOOKUP(F56,$H$132:$I$175,2,FALSE)) -> 0
A58: valor total | B58: =SUM(B44:B50)+B52+B53+B54+B55+B56+B57 -> 15 | C58: =SUM(C44:C50)+C52+C53+C54+C55+C56+C57 -> 5 | G58: =SUM(G44:G50)+G52+G53+G54+G55+G56+G57 -> 0
A60: TOTAL | B60: =B58+B38+B20 -> 58 | C60: =C58+C38+C20 -> 20 | D60: =D58+D38+D20 -> 0 | G60: =G58+G38+G20 -> 0
J61: GRAN TOTAL OPERA | K61: =K23+B60+T23+AB23 -> 130
J62: GRAN TOTAL CAMIONES | K62: =L23+C60+U23+AC23 -> 31 | M62: ZONA NORTE | N62: ZONA CENTRO | O62: ZONA SUR
J63: VALOR $ | K63: =G60+P23+Y23 -> 0 | M63: =G20+P16+P4+P5 -> 0 | N63: =G38+Y23+P6+P7 -> 0 | O63: =G58+P8 -> 0 | P63: =SUM(M63:O63) -> 0
A65: OTRAS NOVEDADES DE JORNADA
A66: MOVIMIENTOS: * SE REQUIEREN TODOS LOS CAMIONES, 8:00 AM EN IDRD PARA REVISIÓN DE MEDIDAS FURGONES. * SE REQUIERE QUE LOS DOS OPERARIOS PARA APOYO DE CICLOVÍA LLEGUEN A IDRD A LAS 7:00 AM Y ESTEN DISPONIBLES HASTA LAS 3:00 PM. ENCARGADO EDUARDO TIJARO. * LOS VEHÍCULOS DE ESCUELA Y PADAGOGÍA - LUDICA- SPA PARA PERROS, DEBEN LLEGAR A LAS 5:00 AM AL IDRD. * LOS VEHÍCULOS DE RECREOVÍA DEBEN LLEGAR A LAS 5:30 AM A TERCER MILENIO. CAMIONETA 1: CAMIONETA DEBE LLEGAR A LAS 4:00 AM A IDRD QUEDA DISPONIBLE. ENCARGADO LIBARDO SÁNCHEZ. CAMIONETA 2: CAMIONETA DEBE LLEGAR A LAS 4:00 AM AL IDRD QUEDA DISPONIBLE. ENCARGADO EDUARDO TIJARO. CAMIONETA 3: CAMIONETA DEBE LLEGAR A LAS 4:00 AM A IDRD QUEDA DISPONIBLE. ENCARGADO LIBARDO SÁNCHEZ. ESCUELA DE LA BICI: DEBE LLEGAR 5:00 AM A IDRD CARGA ELEMENTOS POSTERIORMENTE SE DIRIGE A AV. BOYACÁ CON CALLE 136 Y CALLE 160 RESPECTIVAMENTE. CICLOPASEO: NO HAY PUNTO ENCUENTRO: BICICLETAS: ENCARGADO: PEDAGOGÍA - LUDICA : DEBE LLEGAR 5:00 AM A IDRD, CARGAR MATERIAL RECREATIVO, 4 MODULOS DE PEDAGOGÍA, VALLAS DE PUNTO DE INFORMACIÓN, LLEVAR AV. BOYACÁ NORTE Y REALIZA DISTRIBUCIÓN DE MATERIAL.
A86: Apoyan Guardaines ATN Norte 4, Norte 2 y Norte 3 Apoan Guardianes ATN Norte 1, Centro 1 y Centro 5 Apoyan Guardianes ATN Centro 4, Centro 3 y Sur 3 Apoyan Guardianes ATN Sur 1, Sur 2 y Centro 2
J131: TIPO DE DISPONIBILIDAD | K131: OPERARIOS
F132: 0 | G132: 0 | H132: 0 | I132: 0 | J132: 0 | K132: 0 | L132: 0 | M132: 0 | N132: =+CONCATENATE(G132,M132) -> 00
F133: SENCILLO C 4OP | G133: 1. | H133: 1. SENCILLO C 4OP | I133: 591271 | J133: C | K133: 4 | L133: 1 SENCILLO C 4OP | M133: . | N133: =+CONCATENATE(G133,M133) -> 1..
F134: SENCILLO C 3OP | G134: 2. | H134: 2. SENCILLO C 3OP | I134: 522658 | J134: C | K134: 3 | L134: 2 SENCILLO C 3OP | M134: . | N134: =+CONCATENATE(G134,M134) -> 2..
F135: SENCILLO C 2OP | G135: 3. | H135: 3. SENCILLO C 2OP | I135: 453679 | J135: C | K135: 2 | L135: 3 SENCILLO C 2OP | M135: . | N135: =+CONCATENATE(G135,M135) -> 3..
F136: SENCILLO C 1OP | G136: 4. | H136: 4. SENCILLO C 1OP | I136: 384145 | J136: C | K136: 1 | L136: 4 SENCILLO C 1OP | M136: . | N136: =+CONCATENATE(G136,M136) -> 4..
F137: SENCILLO C 0OP | G137: 5. | H137: 5. SENCILLO C 0OP | I137: 346554 | J137: C | K137: 0 | L137: 5 SENCILLO C 0OP | M137: . | N137: =+CONCATENATE(G137,M137) -> 5..
F138: SENCILLO M 4OP | G138: 6. | H138: 6. SENCILLO M 4OP | I138: 698575 | J138: M | K138: 4 | L138: 6 SENCILLO M 4OP | M138: . | N138: =+CONCATENATE(G138,M138) -> 6..
F139: SENCILLO M 3OP | G139: 7. | H139: 7. SENCILLO M 3OP | I139: 615599 | J139: M | K139: 3 | L139: 7 SENCILLO M 3OP | M139: . | N139: =+CONCATENATE(G139,M139) -> 7..
F140: SENCILLO M 2OP | G140: 8. | H140: 8. SENCILLO M 2OP | I140: 532623 | J140: M | K140: 2 | L140: 8 SENCILLO M 2OP | M140: . | N140: =+CONCATENATE(G140,M140) -> 8..
F141: SENCILLO M 1OP | G141: 9. | H141: 9. SENCILLO M 1OP | I141: 449647 | J141: M | K141: 1 | L141: 9 SENCILLO M 1OP | M141: . | N141: =+CONCATENATE(G141,M141) -> 9..
F142: SENCILLO M 0OP | G142: 10. | H142: 10. SENCILLO M 0OP | I142: 381076 | J142: M | K142: 0 | L142: 10 SENCILLO M 0OP | M142: . | N142: =+CONCATENATE(G142,M142) -> 10..
F143: SENCILLO R 4OP | G143: 11. | H143: 11. SENCILLO R 4OP | I143: 403027 | J143: R | K143: 4 | L143: 11 SENCILLO R 4OP | M143: . | N143: =+CONCATENATE(G143,M143) -> 11..
F144: SENCILLO R 3OP | G144: 12. | H144: 12. SENCILLO R 3OP | I144: 354644 | J144: R | K144: 3 | L144: 12 SENCILLO R 3OP | M144: . | N144: =+CONCATENATE(G144,M144) -> 12..
... F174: OPERARIO 6 H | G174: 42. | H174: 42. OPERARIO 6 H | I174: 40173 | J174: H | K174: 0 | L174: 42 OPERARIO 6 H | M174: . | N174: =+CONCATENATE(G174,M174) -> 42..

Sheet 24 JUNIO 
A1: ZONA NORTE
A2: RUTAS CICLOVÍA 40 M3 | I2: ATN CICLOVÍA, ESCUELA DE LA BICI, ADICIONALES 25 M3 | R2: CONOS CICLOVÍA 25 M3
A3: CORREDOR | B3: # OPERARIOS | C3: # CAMIONES | D3: MODELO | E3: DISPONIBILIDAD | F3: TIPO DE SERVICIO | G3: $ | I3: ZONA | J3: CORREDOR | K3: # OPERARIOS | L3: # CAMIONES | M3: MODELO | N3: DISPONIBILIDAD | O3: TIPO DE SERVICIO | P3: $ | R3: ZONA | S3: CORREDOR | T3: # OPERARIOS | U3: # CAMIONES | V3: MODELO | W3: DISPONIBILIDAD | X3: TIPO DE SERVICIO | Y3: $
A4: NORTE 1 | B4: 3 | C4: 1 | D4: 2012-2020 | E4: COMPLETA | F4: 0 | G4: =+IF(F4="","",VLOOKUP(F4,$H$132:$I$174,2,FALSE)) -> 0 | I4: NORTE | J4: ESCUELA | K4: 3 | L4: 1 | M4: 2012-2020 | N4: COMPLETA | O4: 0 | P4: =+IF(O4="","",VLOOKUP(O4,$H$132:$I$174,2,FALSE)) -> 0 | R4: CENTRO | S4: CENTRO 5 CAMION 1 UNICONOS | T4: 3 | U4: 1 | V4: 2012-2020 | W4: COMPLETA | X4: 0 | Y4: =+IF(X4="","",VLOOKUP(X4,$H$132:$I$174,2,FALSE)) -> 0
A5: NORTE 2 | B5: 3 | C5: 1 | D5: 2012-2020 | E5: COMPLETA | F5: 0 | G5: =+IF(F5="","",VLOOKUP(F5,$H$132:$I$174,2,FALSE)) -> 0 | I5: NORTE | J5: RECREOVÍA | K5: 4 | L5: 1 | M5: 2012-2020 | N5: COMPLETA | O5: 0 | P5: =+IF(O5="","",VLOOKUP(O5,$H$132:$I$174,2,FALSE)) -> 0 | R5: CENTRO | S5: CENTRO 5 CAMION 2 UNICONOS | T5: 3 | U5: 1 | V5: 2012-2020 | W5: COMPLETA | X5: 0 | Y5: =+IF(X5="","",VLOOKUP(X5,$H$132:$I$174,2,FALSE)) -> 0
A6: NORTE 3 | B6: 3 | C6: 1 | D6: 2012-2020 | E6: COMPLETA | F6: 0 | G6: =+IF(F6="","",VLOOKUP(F6,$H$132:$I$174,2,FALSE)) -> 0 | I6: CENTRO | J6: RECREOVÍA | K6: 4 | L6: 1 | M6: 2012-2020 | N6: COMPLETA | O6: 0 | P6: =+IF(O6="","",VLOOKUP(O6,$H$132:$I$174,2,FALSE)) -> 0 | R6: CENTRO | S6: CENTRO 4 CAMION 3 UNICONOS | T6: 3 | U6: 1 | V6: 2012-2020 | W6: COMPLETA | X6: 0 | Y6: =+IF(X6="","",VLOOKUP(X6,$H$132:$I$174,2,FALSE)) -> 0
A7: NORTE 5 | B7: 3 | C7: 1 | D7: 2012-2020 | E7: COMPLETA | F7: 0 | G7: =+IF(F7="","",VLOOKUP(F7,$H$132:$I$174,2,FALSE)) -> 0 | I7: CENTRO | J7: RECREOVÍA | K7: 4 | L7: 1 | M7: 2012-2020 | N7: COMPLETA | O7: 0 | P7: =+IF(O7="","",VLOOKUP(O7,$H$132:$I$174,2,FALSE)) -> 0 | R7: CENTRO | S7: CENTRO 4 CAMION 4 UNICONOS | T7: 3 | U7: 1 | V7: 2012-2020 | W7: COMPLETA | X7: 0 | Y7: =+IF(X7="","",VLOOKUP(X7,$H$132:$I$174,2,FALSE)) -> 0
G8: =+IF(F8="","",VLOOKUP(F8,$H$133:$I$174,2,FALSE)) | I8: SUR | J8: RECREOVÍA | K8: 4 | L8: 1 | M8: 2012-2020 | N8: COMPLETA | O8: 0 | P8: =+IF(O8="","",VLOOKUP(O8,$H$132:$I$174,2,FALSE)) -> 0 | R8: CENTRO | S8: CENTRO 4 CAMION 5 UNICONOS | T8: 3 | U8: 1 | V8: 2012-2020 | W8: COMPLETA | X8: 0 | Y8: =+IF(X8="","",VLOOKUP(X8,$H$132:$I$174,2,FALSE)) -> 0
G9: =+IF(F9="","",VLOOKUP(F9,$H$133:$I$174,2,FALSE))
G10: =+IF(F10="","",VLOOKUP(F10,$H$133:$I$174,2,FALSE))
G11: =+IF(F11="","",VLOOKUP(F11,$H$133:$I$174,2,FALSE)) | R11: OPERARIOS ADICIONALES
A12: RUTAS CICLOVÍA 25 M3 | R12: ZONA | S12: CORREDOR | T12: # OPERARIOS | U12: # CAMIONES | V12: MODELO | W12: DISPONIBILIDAD | X12: TIPO DE SERVICIO | Y12: $
A13: CORREDOR | B13: # OPERARIOS | C13: # CAMIONES | D13: MODELO | E13: DISPONIBILIDAD | F13: TIPO DE SERVICIO | G13: $ | R13: CENTRO | S13: APOYO CICLOVÍA | T13: 2 | U13: 0 | V13: 0 | W13: COMPLETA | X13: 0 | Y13: =+IF(X13="","",VLOOKUP(X13,$H$132:$I$174,2,FALSE)) -> 0
A14: NORTE 1 CAMION 6 UNICONOS | B14: 4 | C14: 1 | D14: 2012-2020 | E14: COMPLETA | F14: 0 | G14: =+IF(F14="","",VLOOKUP(F14,$H$132:$I$174,2,FALSE)) -> 0 | I14: ATN CICLOVÍA, ESCUELA DE LA BICI, ADICIONALES 40 M3 | R14: CENTRO | S14: RECREOVÍA | T14: 33 | U14: 0 | V14: 0 | W14: COMPLETA | X14: 0 | Y14: =+IF(X14="","",VLOOKUP(X14,$H$132:$I$174,2,FALSE)) -> 0
A15: NORTE 1 CAMION 7 UNICONOS | B15: 4 | C15: 1 | D15: 2012-2020 | E15: COMPLETA | F15: 0 | G15: =+IF(F15="","",VLOOKUP(F15,$H$132:$I$174,2,FALSE)) -> 0 | I15: ZONA | J15: CORREDOR | K15: # OPERARIOS | L15: # CAMIONES | M15: MODELO | N15: DISPONIBILIDAD | O15: TIPO DE SERVICIO | P15: $
A16: NORTE 5 CAMION 8 UNICONOS | B16: 4 | C16: 1 | D16: 2012-2020 | E16: COMPLETA | F16: 0 | G16: =+IF(F16="","",VLOOKUP(F16,$H$132:$I$174,2,FALSE)) -> 0 | I16: NORTE | J16: PEDAGOGÍA - LUDICA | K16: 3 | L16: 1 | M16: 2012-2020 | N16: COMPLETA | O16: 0 | P16: =+IF(O16="","",VLOOKUP(O16,$H$132:$I$174,2,FALSE)) -> 0
A17: NORTE 4 | B17: 3 | C17: 1 | D17: 2012-2020 | E17: COMPLETA | F17: 0 | G17: =+IF(F17="","",VLOOKUP(F17,$H$132:$I$174,2,FALSE)) -> 0
A20: valor total | B20: =SUM(B4:B11)+B14+B15+B16+B17+B18+B19 -> 27 | C20: =SUM(C4:C11)+C14+C15+C16+C17+C18+C19 -> 8 | G20: =SUM(G4:G11)+G14+G15+G16+G17+G18+G19 -> 0
A21: ZONA CENTRO
A22: RUTAS CICLOVÍA 40 M3
A23: CORREDOR | B23: # OPERARIOS | C23: # CAMIONES | D23: MODELO | E23: DISPONIBILIDAD | F23: TIPO DE SERVICIO | G23: $ | J23: TOTAL | K23: =SUM(K4:K22) -> 22 | L23: =SUM(L4:L22) -> 6 | P23: =SUM(P4:P21) -> 0 | S23: TOTAL | T23: =SUM(T4:T10)+T13+T14 -> 50 | U23: =SUM(U4:U10) -> 5 | Y23: =SUM(Y4:Y22) -> 0
A24: CENTRO 2 | B24: 3 | C24: 1 | D24: 2012-2020 | E24: COMPLETA | F24: 0 | G24: =+IF(F24="","",VLOOKUP(F24,$H$132:$I$174,2,FALSE)) -> 0
A25: CENTRO 4 | B25: 3 | C25: 1 | D25: 2012-2020 | E25: COMPLETA | F25: 0 | G25: =+IF(F25="","",VLOOKUP(F25,$H$132:$I$174,2,FALSE)) -> 0
A26: CENTRO 5 | B26: 3 | C26: 1 | D26: 2012-2020 | E26: COMPLETA | F26: 0 | G26: =+IF(F26="","",VLOOKUP(F26,$H$132:$I$174,2,FALSE)) -> 0
A30: RUTAS CICLOVÍA 25 M3
A31: > | B31: # OPERARIOS | C31: # CAMIONES | D31: MODELO | F31: TIPO DE SERVICIO | G31: $
A32: CENTRO 1 | B32: 3 | C32: 1 | D32: 2012-2020 | E32: COMPLETA | F32: 0 | G32: =+IF(F32="","",VLOOKUP(F32,$H$132:$I$174,2,FALSE)) -> 0
A33: CENTRO 3 ZONA 1 | B33: 2 | C33: 1 | D33: 2012-2020 | E33: COMPLETA | F33: 0 | G33: =+IF(F33="","",VLOOKUP(F33,$H$132:$I$174,2,FALSE)) -> 0
A34: CENTRO 3 ZONA 2 | B34: 2 | C34: 1 | D34: 2012-2020 | E34: COMPLETA | F34: 0 | G34: =+IF(F34="","",VLOOKUP(F34,$H$132:$I$174,2,FALSE)) -> 0
A35: PARQUE NACIONAL | B35: 2 | C35: 1 | D35: 2012-2020 | E35: COMPLETA | F35: 0 | G35: =+IF(F35="","",VLOOKUP(F35,$H$132:$I$174,2,FALSE)) -> 0
A38: valor total | B38: =SUM(B24:B30)+B32+B33+B27+B35+B36+B37 -> 16 | C38: =SUM(C24:C30)+C32+C33+C34+C35+C36+C37 -> 7 | G38: =SUM(G24:G30)+G32+G33+G34+G35+G36+G37 -> 0
A39: ZONA SUR
A40: RUTAS CICLOVÍA 40 M3
A41: CORREDOR | B41: # OPERARIOS | C41: # CAMIONES | D41: MODELO | E41: DISPONIBILIDAD | F41: TIPO DE SERVICIO | G41: $
A50: RUTAS CICLOVÍA 25 M3
A51: CORREDOR | B51: # OPERARIOS | C51: # CAMIONES | D51: MODELO | E51: DISPONIBILIDAD | F51: TIPO DE SERVICIO | G51: $
A52: SUR 1 ZONA 1 | B52: 2 | C52: 1 | D52: 2012-2020 | E52: COMPLETA | F52: 0 | G52: =+IF(F52="","",VLOOKUP(F52,$H$132:$I$174,2,FALSE)) -> 0
A53: SUR 1 ZONA 2 | B53: 2 | C53: 1 | D53: 2012-2020 | E53: COMPLETA | F53: 0 | G53: =+IF(F53="","",VLOOKUP(F53,$H$132:$I$174,2,FALSE)) -> 0
A54: SUR 2 ZONA 1 | B54: 4 | C54: 1 | D54: 2012-2020 | E54: COMPLETA | F54: 0 | G54: =+IF(F54="","",VLOOKUP(F54,$H$132:$I$174,2,FALSE)) -> 0
A55: SUR 2 ZONA 2 | B55: 4 | C55: 1 | D55: 2012-2020 | E55: COMPLETA | F55: 0 | G55: =+IF(F55="","",VLOOKUP(F55,$H$132:$I$174,2,FALSE)) -> 0
A56: SUR 3 | B56: 3 | C56: 1 | D56: 2012-2020 | E56: COMPLETA | F56: 0 | G56: =+IF(F56="","",VLOOKUP(F56,$H$132:$I$174,2,FALSE)) -> 0
A58: valor total | B58: =SUM(B44:B50)+B52+B53+B54+B55+B56+B57 -> 15 | C58: =SUM(C44:C50)+C52+C53+C54+C55+C56+C57 -> 5 | G58: =SUM(G44:G50)+G52+G53+G54+G55+G56+G57 -> 0
A60: TOTAL | B60: =B58+B38+B20 -> 58 | C60: =C58+C38+C20 -> 20 | D60: =D58+D38+D20 -> 0 | G60: =G58+G38+G20 -> 0
J61: GRAN TOTAL OPERA | K61: =K23+B60+T23+AB23 -> 130
J62: GRAN TOTAL CAMIONES | K62: =L23+C60+U23+AC23 -> 31 | M62: ZONA NORTE | N62: ZONA CENTRO | O62: ZONA SUR
J63: VALOR $ | K63: =G60+P23+Y23 -> 0 | M63: =G20+P16+P4+P5 -> 0 | N63: =G38+Y23+P6+P7 -> 0 | O63: =G58+P8 -> 0 | P63: =SUM(M63:O63) -> 0
A65: OTRAS NOVEDADES DE JORNADA
A66: MOVIMIENTOS: * SE REQUIEREN TODOS LOS CAMIONES, 8:00 AM EN IDRD PARA REVISIÓN DE MEDIDAS FURGONES. * SE REQUIERE QUE LOS DOS OPERARIOS PARA APOYO DE CICLOVÍA LLEGUEN A IDRD A LAS 7:00 AM Y ESTEN DISPONIBLES HASTA LAS 3:00 PM. ENCARGADO EDUARDO TIJARO. * LOS VEHÍCULOS DE ESCUELA Y PADAGOGÍA - LUDICA- SPA PARA PERROS, DEBEN LLEGAR A LAS 5:00 AM AL IDRD. * LOS VEHÍCULOS DE RECREOVÍA DEBEN LLEGAR A LAS 5:30 AM A TERCER MILENIO. CAMIONETA 1: CAMIONETA DEBE LLEGAR A LAS 4:00 AM A IDRD QUEDA DISPONIBLE. ENCARGADO LIBARDO SÁNCHEZ. CAMIONETA 2: CAMIONETA DEBE LLEGAR A LAS 4:00 AM AL IDRD QUEDA DISPONIBLE. ENCARGADO EDUARDO TIJARO. CAMIONETA 3: CAMIONETA DEBE LLEGAR A LAS 4:00 AM A IDRD QUEDA DISPONIBLE. ENCARGADO LIBARDO SÁNCHEZ. ESCUELA DE LA BICI: DEBE LLEGAR 5:00 AM A IDRD CARGA ELEMENTOS POSTERIORMENTE SE DIRIGE A AV. BOYACÁ CON CALLE 136 Y CALLE 160 RESPECTIVAMENTE. CICLOPASEO: NO HAY PUNTO ENCUENTRO: BICICLETAS: ENCARGADO: PEDAGOGÍA - LUDICA : DEBE LLEGAR 5:00 AM A IDRD, CARGAR MATERIAL RECREATIVO, 4 MODULOS DE PEDAGOGÍA, VALLAS DE PUNTO DE INFORMACIÓN, LLEVAR AV. BOYACÁ NORTE Y REALIZA DISTRIBUCIÓN DE MATERIAL.
A86: Apoyan Guardaines ATN Norte 4, Norte 2 y Norte 3 Apoan Guardianes ATN Norte 1, Centro 1 y Centro 5 Apoyan Guardianes ATN Centro 4, Centro 3 y Sur 3 Apoyan Guardianes ATN Sur 1, Sur 2 y Centro 2
J131: TIPO DE DISPONIBILIDAD | K131: OPERARIOS
F132: 0 | G132: 0 | H132: 0 | I132: 0 | J132: 0 | K132: 0 | L132: 0 | M132: 0 | N132: =+CONCATENATE(G132,M132) -> 00
F133: SENCILLO C 4OP | G133: 1. | H133: 1. SENCILLO C 4OP | I133: 591271 | J133: C | K133: 4 | L133: 1 SENCILLO C 4OP | M133: . | N133: =+CONCATENATE(G133,M133) -> 1..
F134: SENCILLO C 3OP | G134: 2. | H134: 2. SENCILLO C 3OP | I134: 522658 | J134: C | K134: 3 | L134: 2 SENCILLO C 3OP | M134: . | N134: =+CONCATENATE(G134,M134) -> 2..
F135: SENCILLO C 2OP | G135: 3. | H135: 3. SENCILLO C 2OP | I135: 453679 | J135: C | K135: 2 | L135: 3 SENCILLO C 2OP | M135: . | N135: =+CONCATENATE(G135,M135) -> 3..
F136: SENCILLO C 1OP | G136: 4. | H136: 4. SENCILLO C 1OP | I136: 384145 | J136: C | K136: 1 | L136: 4 SENCILLO C 1OP | M136: . | N136: =+CONCATENATE(G136,M136) -> 4..
F137: SENCILLO C 0OP | G137: 5. | H137: 5. SENCILLO C 0OP | I137: 346554 | J137: C | K137: 0 | L137: 5 SENCILLO C 0OP | M137: . | N137: =+CONCATENATE(G137,M137) -> 5..
F138: SENCILLO M 4OP | G138: 6. | H138: 6. SENCILLO M 4OP | I138: 698575 | J138: M | K138: 4 | L138: 6 SENCILLO M 4OP | M138: . | N138: =+CONCATENATE(G138,M138) -> 6..
F139: SENCILLO M 3OP | G139: 7. | H139: 7. SENCILLO M 3OP | I139: 615599 | J139: M | K139: 3 | L139: 7 SENCILLO M 3OP | M139: . | N139: =+CONCATENATE(G139,M139) -> 7..
F140: SENCILLO M 2OP | G140: 8. | H140: 8. SENCILLO M 2OP | I140: 532623 | J140: M | K140: 2 | L140: 8 SENCILLO M 2OP | M140: . | N140: =+CONCATENATE(G140,M140) -> 8..
F141: SENCILLO M 1OP | G141: 9. | H141: 9. SENCILLO M 1OP | I141: 449647 | J141: M | K141: 1 | L141: 9 SENCILLO M 1OP | M141: . | N141: =+CONCATENATE(G141,M141) -> 9..
F142: SENCILLO M 0OP | G142: 10. | H142: 10. SENCILLO M 0OP | I142: 381076 | J142: M | K142: 0 | L142: 10 SENCILLO M 0OP | M142: . | N142: =+CONCATENATE(G142,M142) -> 10..
F143: SENCILLO R 4OP | G143: 11. | H143: 11. SENCILLO R 4OP | I143: 403027 | J143: R | K143: 4 | L143: 11 SENCILLO R 4OP | M143: . | N143: =+CONCATENATE(G143,M143) -> 11..
F144: SENCILLO R 3OP | G144: 12. | H144: 12. SENCILLO R 3OP | I144: 354644 | J144: R | K144: 3 | L144: 12 SENCILLO R 3OP | M144: . | N144: =+CONCATENATE(G144,M144) -> 12..
... F174: OPERARIO 6 H | G174: 42. | H174: 42. OPERARIO 6 H | I174: 40173 | J174: H | K174: 0 | L174: 42 OPERARIO 6 H | M174: . | N174: =+CONCATENATE(G174,M174) -> 42..

Sheet 07 AGOSTO  
A1: ZONA NORTE
A2: RUTAS CICLOVÍA 40 M3 | I2: LUDICA CICLOVÍA, ESCUELA DE LA BICI, ADICIONALES 25 M3 | R2: CONOS CICLOVÍA 25 M3
A3: CORREDOR | B3: # OPERARIOS | C3: # CAMIONES | D3: MODELO | E3: DISPONIBILIDAD | F3: TIPO DE SERVICIO | G3: $ | I3: ZONA | J3: CORREDOR | K3: # OPERARIOS | L3: # CAMIONES | M3: MODELO | N3: DISPONIBILIDAD | O3: TIPO DE SERVICIO | P3: $ | R3: ZONA | S3: CORREDOR | T3: # OPERARIOS | U3: # CAMIONES | V3: MODELO | W3: DISPONIBILIDAD | X3: TIPO DE SERVICIO | Y3: $
A4: NORTE 1 | B4: =+IF(F4=0,0,MID(F4,LEN(F4)-3,1)) -> 3 | C4: 1 | D4: 2014-2020 | E4: =+IF(F4=0,0,CONCATENATE(MID(F4,FIND("-",F4,1)+1,4),"ORAS")) -> 15 HORAS | F4: 2.CAMION TIPO40m³-15 HORAS-3 OP | G4: =+IF(C4=0,0,IF(F4="","",VLOOKUP(F4,$H$139:$I$185,2,FALSE))*C4) -> 514916 | I4: CENTRO | J4: CAMIONETA FURGONADA PENDONES CALLE 26 | K4: 0 | L4: 1 | M4: 2014-2020 | N4: =+IF(O4=0,0,CONCATENATE(MID(O4,FIND("-",O4,1)+1,4),"ORAS")) -> 15 HORAS | O4: 31.CAMION TIPOFURGON-15 HORAS | P4: =+IF(O4="","",VLOOKUP(O4,$H$139:$I$185,2,FALSE)) -> 239262 | X4: 0 | Y4: =+IF(X4="","",VLOOKUP(X4,$H$139:$I$185,2,FALSE)) -> 0
A5: NORTE 2 | B5: =+IF(F5=0,0,MID(F5,LEN(F5)-3,1)) -> 3 | C5: 1 | D5: 2014-2020 | E5: =+IF(F5=0,0,CONCATENATE(MID(F5,FIND("-",F5,1)+1,4),"ORAS")) -> 15 HORAS | F5: 2.CAMION TIPO40m³-15 HORAS-3 OP | G5: =+IF(F5="","",VLOOKUP(F5,$H$139:$I$185,2,FALSE)) -> 514916 | I5: CENTRO | J5: ESCUELA | K5: =+IF(O5=0,0,MID(O5,LEN(O5)-3,1)) -> 3 | L5: 1 | M5: 2014-2020 | N5: =+IF(O5=0,0,CONCATENATE(MID(O5,FIND("-",O5,1)+1,4),"ORAS")) -> 15 HORAS | O5: 17.CAMION TIPO25m³-15 HORAS-3 OP | P5: =+IF(O5="","",VLOOKUP(O5,$H$139:$I$185,2,FALSE)) -> 443323 | X5: 0 | Y5: =+IF(X5="","",VLOOKUP(X5,$H$139:$I$185,2,FALSE)) -> 0
A6: NORTE 3 | B6: =+IF(F6=0,0,MID(F6,LEN(F6)-3,1)) -> 3 | C6: 1 | D6: 2014-2020 | E6: =+IF(F6=0,0,CONCATENATE(MID(F6,FIND("-",F6,1)+1,4),"ORAS")) -> 15 HORAS | F6: 2.CAMION TIPO40m³-15 HORAS-3 OP | G6: =+IF(F6="","",VLOOKUP(F6,$H$139:$I$185,2,FALSE)) -> 514916 | I6: NORTE | J6: CICLOVIA | K6: 3 | L6: 1 | M6: 2014-2020 | N6: =+IF(O6=0,0,CONCATENATE(MID(O6,FIND("-",O6,1)+1,4),"ORAS")) -> 15 HORAS | O6: 2.CAMION TIPO40m³-15 HORAS-3 OP | P6: =+IF(O6="","",VLOOKUP(O6,$H$139:$I$185,2,FALSE)) -> 514916 | X6: 0 | Y6: =+IF(X6="","",VLOOKUP(X6,$H$139:$I$185,2,FALSE)) -> 0
A7: NORTE 4 | B7: =+IF(F7=0,0,MID(F7,LEN(F7)-3,1)) -> 3 | C7: 1 | D7: 2014-2020 | E7: =+IF(F7=0,0,CONCATENATE(MID(F7,FIND("-",F7,1)+1,4),"ORAS")) -> 15 HORAS | F7: 2.CAMION TIPO40m³-15 HORAS-3 OP | G7: =+IF(F7="","",VLOOKUP(F7,$H$139:$I$185,2,FALSE)) -> 514916 | P7: =+IF(O7="","",VLOOKUP(O7,$H$139:$I$185,2,FALSE)) | X7: 0 | Y7: =+IF(X7="","",VLOOKUP(X7,$H$139:$I$185,2,FALSE)) -> 0
A8: NORTE 5 ZONA 1 | B8: =+IF(F8=0,0,MID(F8,LEN(F8)-3,1)) -> 3 | C8: 1 | D8: 2014-2020 | E8: =+IF(F8=0,0,CONCATENATE(MID(F8,FIND("-",F8,1)+1,4),"ORAS")) -> 15 HORAS | F8: 2.CAMION TIPO40m³-15 HORAS-3 OP | G8: =+IF(C8=0,0,IF(F8="","",VLOOKUP(F8,$H$139:$I$185,2,FALSE))*C8) -> 514916 | U8: =+U4+U5+U6+U7 -> 0 | X8: 0
A9: NORTE 1 MALETINES | B9: =+IF(F9=0,0,MID(F9,LEN(F9)-3,1)) -> 4 | C9: 1 | D9: 2014-2020 | E9: =+IF(F9=0,0,CONCATENATE(MID(F9,FIND("-",F9,1)+1,4),"ORAS")) -> 15 HORAS | F9: 1.CAMION TIPO40m³-15 HORAS-4 OP | G9: =+IF(F9="","",VLOOKUP(F9,$H$139:$I$185,2,FALSE)) -> 582964
A10: NORTE 1 DIVISORES | B10: =+IF(F10=0,0,MID(F10,LEN(F10)-3,1)) -> 4 | C10: 1 | D10: 2014-2020 | E10: =+IF(F10=0,0,CONCATENATE(MID(F10,FIND("-",F10,1)+1,4),"ORAS")) -> 15 HORAS | F10: 1.CAMION TIPO40m³-15 HORAS-4 OP | G10: =+IF(F10="","",VLOOKUP(F10,$H$139:$I$185,2,FALSE)) -> 582964
B13: =+B10+B9+B8+B7+B6+B5+B4 -> 23 | C13: =+C10+C9+C8+C7+C6+C5+C4 -> 7 | G13: =+G4+G5+G6+G7+G8+G9+G10 -> 3740508 | R13: OPERARIOS ADICIONALES
A14: RUTAS CICLOVÍA 25 M3 | R14: ZONA | S14: CORREDOR | T14: # OPERARIOS | U14: # CAMIONES | V14: MODELO | W14: DISPONIBILIDAD | X14: TIPO DE SERVICIO | Y14: $
A15: CORREDOR | B15: # OPERARIOS | C15: # CAMIONES | D15: MODELO | E15: DISPONIBILIDAD | F15: TIPO DE SERVICIO | G15: $ | R15: CENTRO | S15: APOYO CICLOVÍA | T15: 3 | U15: 0 | V15: NA | W15: =+IF(X15=0,0,CONCATENATE(MID(X15,FIND("-",X15,1)+1,4),"ORAS")) -> 08 HORAS | X15: 41.OPERARIO-08 HORAS | Y15: =+IF(X15="","",VLOOKUP(X15,$H$139:$I$185,2,FALSE))*T15 -> 160731
A16: NORTE 5 ZONA 2 | B16: =+IF(F16=0,0,MID(F16,LEN(F16)-3,1)) -> 3 | C16: 1 | D16: 2014-2020 | E16: =+IF(F16=0,0,CONCATENATE(MID(F16,FIND("-",F16,1)+1,4),"ORAS")) -> 15 HORAS | F16: 17.CAMION TIPO25m³-15 HORAS-3 OP | G16: =+IF(C16=0,0,IF(F16="","",VLOOKUP(F16,$H$139:$I$185,2,FALSE))*C16) -> 443323 | I16: ATN CICLOVÍA, ESCUELA DE LA BICI, ADICIONALES 40 M3 | R16: CENTRO | S16: ADICIONALES | T16: 2 | U16: 0 | V16: NA | W16: =+IF(X16=0,0,CONCATENATE(MID(X16,FIND("-",X16,1)+1,4),"ORAS")) -> 08 HORAS | X16: 41.OPERARIO-08 HORAS | Y16: =+IF(X16="","",VLOOKUP(X16,$H$139:$I$185,2,FALSE))*T16 -> 107154
I17: ZONA | J17: CORREDOR | K17: # OPERARIOS | L17: # CAMIONES | M17: MODELO | N17: DISPONIBILIDAD | O17: TIPO DE SERVICIO | P17: $
I18: NORTE | J18: CICLOVÍA | K18: =+IF(O18=0,0,MID(O18,LEN(O18)-3,1)) -> 3 | L18: 1 | M18: 2014-2020 | N18: =+IF(O18=0,0,CONCATENATE(MID(O18,FIND("-",O18,1)+1,4),"ORAS")) -> 15 HORAS | O18: 2.CAMION TIPO40m³-15 HORAS-3 OP | P18: =+IF(O18="","",VLOOKUP(O18,$H$139:$I$185,2,FALSE)) -> 514916 | R18: CAMIONETA 4 X4 DOBLE CABINA CON PLATON
R19: ZONA | S19: CORREDOR | T19: # OPERARIOS | U19: # CAMIONES | V19: MODELO | W19: DISPONIBILIDAD | X19: TIPO DE SERVICIO | Y19: $
R20: NORTE | S20: APOYO CICLOVÍA | T20: NA | U20: NA | V20: 2014-2020 | W20: =+IF(X20=0,0,CONCATENATE(MID(X20,FIND("-",X20,1)+1,4),"ORAS")) -> 15 HORAS | X20: 34.4X4-15 HORAS | Y20: =+IF(X20="","",VLOOKUP(X20,$H$139:$I$185,2,FALSE)) -> 373234
R21: CENTRO | S21: APOYO CICLOVÍA | T21: NA | U21: NA | V21: 2014-2020 | W21: =+IF(X21=0,0,CONCATENATE(MID(X21,FIND("-",X21,1)+1,4),"ORAS")) -> 15 HORAS | X21: 31.CAMION TIPOFURGON-15 HORAS | Y21: =+IF(X21="","",VLOOKUP(X21,$H$139:$I$185,2,FALSE)) -> 239262
A22: valor total | B22: =+B13+B16 -> 26 | C22: =+C4+C5+C6+C7+C8+C9+C10+C16 -> 8 | G22: =+G13+G16+G17 -> 4183831 | R22: SUR | S22: APOYO CICLOVÍA | T22: NA | U22: NA | V22: 2014-2020 | W22: =+IF(X22=0,0,CONCATENATE(MID(X22,FIND("-",X22,1)+1,4),"ORAS")) -> 15 HORAS | X22: 34.4X4-15 HORAS | Y22: =+IF(X22="","",VLOOKUP(X22,$H$139:$I$185,2,FALSE)) -> 373234
A23: ZONA CENTRO
A24: RUTAS CICLOVÍA 40 M3
A25: CORREDOR | B25: # OPERARIOS | C25: # CAMIONES | D25: MODELO | E25: DISPONIBILIDAD | F25: TIPO DE SERVICIO | G25: $ | J25: TOTAL | K25: =+K4+K5+K18+K6 -> 9 | L25: =SUM(L4:L24) -> 4 | P25: =SUM(P4:P23) -> 1712417 | S25: TOTAL | T25: =+T15+T16+T4+T5+T6+T7 -> 5 | U25: =SUM(U4:U7) -> 0 | Y25: =SUM(Y4:Y22) -> 1253615
A26: CENTRO 1 | B26: =+IF(F26=0,0,MID(F26,LEN(F26)-3,1)) -> 3 | C26: 1 | D26: 2014-2020 | E26: =+IF(F26=0,0,CONCATENATE(MID(F26,FIND("-",F26,1)+1,4),"ORAS")) -> 15 HORAS | F26: 2.CAMION TIPO40m³-15 HORAS-3 OP | G26: =+IF(C26=0,0,IF(F26="","",VLOOKUP(F26,$H$139:$I$185,2,FALSE))*C26) -> 514916
A27: CENTRO 2 | B27: =+IF(F27=0,0,MID(F27,LEN(F27)-3,1)) -> 4 | C27: 1 | D27: 2014-2020 | E27: =+IF(F27=0,0,CONCATENATE(MID(F27,FIND("-",F27,1)+1,4),"ORAS")) -> 15 HORAS | F27: 1.CAMION TIPO40m³-15 HORAS-4 OP | G27: =+IF(F27="","",VLOOKUP(F27,$H$139:$I$185,2,FALSE)) -> 582964
G28: =+IF(F28="","",VLOOKUP(F28,$H$139:$I$185,2,FALSE))
A32: RUTAS CICLOVÍA 25 M3
A33: > | B33: # OPERARIOS | C33: # CAMIONES | D33: MODELO | F33: TIPO DE SERVICIO | G33: $
A34: CENTRO 3 ZONA 2 | B34: =+IF(F34=0,0,MID(F34,LEN(F34)-3,1)) -> 3 | C34: 1 | D34: 2014-2020 | E34: =+IF(F34=0,0,CONCATENATE(MID(F34,FIND("-",F34,1)+1,4),"ORAS")) -> 15 HORAS | F34: 17.CAMION TIPO25m³-15 HORAS-3 OP | G34: =+IF(F34="","",VLOOKUP(F34,$H$139:$I$185,2,FALSE)) -> 443323
G35: =+IF(F35="","",VLOOKUP(F35,$H$139:$I$185,2,FALSE))
G36: =+IF(F36="","",VLOOKUP(F36,$H$139:$I$185,2,FALSE))
G37: =+IF(F37="","",VLOOKUP(F37,$H$139:$I$185,2,FALSE))
G38: =+IF(F38="","",VLOOKUP(F38,$H$139:$I$185,2,FALSE))
A40: valor total | B40: =+B26+B27+B28+B34+B35+B36+B37+B38 -> 10 | C40: =SUM(C26:C31)+C34+C35+C36+C37+C38+C39 -> 3 | E40: =+IF(F40=0,0,CONCATENATE(MID(F40,FIND("-",F40,1)+1,3),"ORAS")) -> 0 | G40: =SUM(G26:G31)+G34 -> 1541203
A41: ZONA SUR
A42: RUTAS CICLOVÍA 40 M3
A43: CORREDOR | B43: # OPERARIOS | C43: # CAMIONES | D43: MODELO | E43: DISPONIBILIDAD | F43: TIPO DE SERVICIO | G43: $
A52: RUTAS CICLOVÍA 25 M3
A53: CORREDOR | B53: # OPERARIOS | C53: # CAMIONES | D53: MODELO | E53: DISPONIBILIDAD | F53: TIPO DE SERVICIO | G53: $
A54: SUR 1 ZONA 1 | B54: =+IF(F54=0,0,MID(F54,LEN(F54)-3,1)) -> 3 | C54: 1 | D54: 2014-2020 | E54: =+IF(F54=0,0,CONCATENATE(MID(F54,FIND("-",F54,1)+1,4),"ORAS")) -> 15 HORAS | F54: 17.CAMION TIPO25m³-15 HORAS-3 OP | G54: =+IF(F54="","",VLOOKUP(F54,$H$139:$I$185,2,FALSE)) -> 443323
A55: SUR 1 ZONA 2 | B55: =+IF(F55=0,0,MID(F55,LEN(F55)-3,1)) -> 3 | C55: 1 | D55: 2014-2020 | E55: =+IF(F55=0,0,CONCATENATE(MID(F55,FIND("-",F55,1)+1,4),"ORAS")) -> 15 HORAS | F55: 17.CAMION TIPO25m³-15 HORAS-3 OP | G55: =+IF(F55="","",VLOOKUP(F55,$H$139:$I$185,2,FALSE)) -> 443323
A56: SUR 1 MALETINES | B56: =+IF(F56=0,0,MID(F56,LEN(F56)-3,1)) -> 3 | C56: 1 | D56: 2014-2020 | E56: =+IF(F56=0,0,CONCATENATE(MID(F56,FIND("-",F56,1)+1,4),"ORAS")) -> 15 HORAS | F56: 17.CAMION TIPO25m³-15 HORAS-3 OP | G56: =+IF(F56="","",VLOOKUP(F56,$H$139:$I$185,2,FALSE)) -> 443323
A57: SUR 2 | B57: =+IF(F57=0,0,MID(F57,LEN(F57)-3,1)) -> 3 | C57: 1 | D57: 2014-2020 | E57: =+IF(F57=0,0,CONCATENATE(MID(F57,FIND("-",F57,1)+1,4),"ORAS")) -> 15 HORAS | F57: 17.CAMION TIPO25m³-15 HORAS-3 OP | G57: =+IF(F57="","",VLOOKUP(F57,$H$139:$I$185,2,FALSE)) -> 443323
A58: SUR 2 CANECAS 1 | B58: =+IF(F58=0,0,MID(F58,LEN(F58)-3,1)) -> 3 | C58: 1 | D58: 2014-2020 | E58: =+IF(F58=0,0,CONCATENATE(MID(F58,FIND("-",F58,1)+1,4),"ORAS")) -> 15 HORAS | F58: 17.CAMION TIPO25m³-15 HORAS-3 OP | G58: =+IF(F58="","",VLOOKUP(F58,$H$139:$I$185,2,FALSE)) -> 443323
A59: SUR 2 CANECAS 2 | B59: =+IF(F59=0,0,MID(F59,LEN(F59)-3,1)) -> 3 | C59: 1 | D59: 2014-2020 | E59: =+IF(F59=0,0,CONCATENATE(MID(F59,FIND("-",F59,1)+1,4),"ORAS")) -> 15 HORAS | F59: 17.CAMION TIPO25m³-15 HORAS-3 OP | G59: =+IF(F59="","",VLOOKUP(F59,$H$139:$I$185,2,FALSE)) -> 443323
A60: SUR 2 CANECAS 3 | B60: =+IF(F60=0,0,MID(F60,LEN(F60)-3,1)) -> 3 | C60: 1 | D60: 2014-2020 | E60: =+IF(F60=0,0,CONCATENATE(MID(F60,FIND("-",F60,1)+1,4),"ORAS")) -> 15 HORAS | F60: 17.CAMION TIPO25m³-15 HORAS-3 OP | G60: =+IF(F60="","",VLOOKUP(F60,$H$139:$I$185,2,FALSE)) -> 443323
A61: SUR 2 CANECAS 4 | B61: =+IF(F61=0,0,MID(F61,LEN(F61)-3,1)) -> 3 | C61: 1 | D61: 2014-2020 | E61: =+IF(F61=0,0,CONCATENATE(MID(F61,FIND("-",F61,1)+1,4),"ORAS")) -> 15 HORAS | F61: 17.CAMION TIPO25m³-15 HORAS-3 OP | G61: =+IF(F61="","",VLOOKUP(F61,$H$139:$I$185,2,FALSE)) -> 443323
A62: SUR 3 ZONA 1 | B62: =+IF(F62=0,0,MID(F62,LEN(F62)-3,1)) -> 3 | C62: 1 | D62: 2014-2020 | E62: =+IF(F62=0,0,CONCATENATE(MID(F62,FIND("-",F62,1)+1,4),"ORAS")) -> 15 HORAS | F62: 17.CAMION TIPO25m³-15 HORAS-3 OP | G62: =+IF(F62="","",VLOOKUP(F62,$H$139:$I$185,2,FALSE)) -> 443323
A63: SUR 3 ZONA 2 | B63: =+IF(F63=0,0,MID(F63,LEN(F63)-3,1)) -> 3 | C63: 1 | D63: 2014-2020 | E63: =+IF(F63=0,0,CONCATENATE(MID(F63,FIND("-",F63,1)+1,4),"ORAS")) -> 15 HORAS | F63: 17.CAMION TIPO25m³-15 HORAS-3 OP | G63: =+IF(F63="","",VLOOKUP(F63,$H$139:$I$185,2,FALSE)) -> 443323
A65: valor total | B65: =+B54+B55+B56+B57+B58+B64+B59+B60+B61+B62+B63+B46+B47+B48+B49+B50+B51 -> 30 | C65: =C59+C60+C61+C62+C63+C46+C47+C48+C49+C50+C54+C55+C56+C57+C58+C64 -> 10 | G65: =+G54+G55+G56+G57+G58+G59+G60+G61+G62+G63 -> 4433230
A67: TOTAL | B67: =B65+B40+B22 -> 66 | C67: =C65+C40+C22 -> 21 | D67: =D65+D40+D22 -> 0 | G67: =G65+G40+G22 -> 10158264
J68: GRAN TOTAL OPERARIOS | K68: =K25+B67+T25+AB25 -> 80
J69: GRAN TOTAL CAMIONES | K69: =L25+C67+U25+AC25 -> 25 | M69: ZONA NORTE | N69: ZONA CENTRO | O69: ZONA SUR
J70: VALOR $ | K70: =G67+P25+Y25 -> 13124296 | M70: =G22+P18+Y20+P6 -> 5586897 | N70: =G40+P4+P5+Y4+Y5+Y6+Y7+Y15+Y16+Y21 -> 2730935 | O70: =G65+Y22 -> 4806464 | P70: =SUM(M70:O70) -> 13124296
A72: OTRAS NOVEDADES PARA LA JORNADA
A73: MOVIMIENTOS: PARA LA JORNADA DE CICLOVÍA NO SE PROGRAMARON LOS CAMIONES DE C3 ZONA 1, C6 ZONA 1 Y ZONA 2, CENTRO 4, Y CAMIÓN DE CONOS 3, LO ANTERIOR EN RESPUESTA DE LAS SUSPENSIONES QUE TIENE EL PROGRAMA POR LA POSESIÓN PRESIDENCIAL DE ESTE DÍA. * SE REQUIERE QUE LOS DOS OPERARIOS PARA APOYO DE CICLOVÍA LLEGUEN A LA CALLE 3 A LAS 9:00 AM Y ESTEN DISPONIBLES HASTA LAS 5:00 PM. ENCARGADA JULIETH ARROYO. * EL VEHÍCULO DE ESCUELA, DEBEN COMUNICARSE CON EL TALENTO HUMANO DE EL PROGRAMA DE ESCUELA DE LA BICICLETA SERGIO PRIETO CEL 3167160204 O JHONATHAN VALBUENA CEL 3175023577, LO ANTERIOR PARA COORDINAR LOS PUNTOS Y LOS DESPLAZAMIENTOS. * LA CAMIONETA FURGONADA DE PENDONES DE CALLE 26 DEBE LLEGAR A LAS 4:00 AM AL IDRD, JUNTO CON LOS DOS OPERARIOS ADICIONALES. * PARA EL CAMIÓN DE C3 Y CAMIONES DE CONOS 1 Y 2 SE TIENEN LAS SIGUIENTES OBERVACIONES: - CAMIÓN DE C3; SE CARGA COMPLETAMENTE SIN EMEBARGO TIENE SU RECORRIDO DESDE LA CARRERA 7 CON CALLE 72 A LA CARRERA 7 CON CALLE 45. - CAMIONES DE CONOS; CONOS 1 PERTENECIENTE A C4, TENDRA RECORRIDO DESDE LA CALLE 26 CARRERA 60 HASTA LA CALLE 26 CON CARRERA 96 I. CONOS 2 PERTENECIENTE A C5 TENDRA SU RECRORRIDO DESDE CALLE 26 CON CARRERA 96I HASTA LA CARRERA 60 CAMIONETA 1: CAMIONETA DEBE LLEGAR A LAS 4:00 AM A CALLE 3 QUEDA DISPONIBLE. ENCARGADO LUIS MARTÍNEZ. CAMIONETA 2: CAMIONETA DEBE LLEGAR A LAS 4:00 AM AL CALLE 3 QUEDA DISPONIBLE. ENCARGADO CAMILO MORA. CAMIONETA 3: CAMIONETA DEBE LLEGAR A LAS 4:00 AM A CALLE 3 QUEDA DISPONIBLE. ENCARGADO LUIS MARTÍNEZ. ESCUELA DE LA BICI: DEBE LLEGAR 5:00 AM A UDS CARGA ELEMENTOS POSTERIORMENTE SE DIRIGE A PARK WAY Y POSTERIORMENTE A OTRO PUNTO POR CONFIRMAR. DSIPONIBLES: PARA LOS DOS CAMIONES DISPONIBLES DEBEN LLEGAR A LA CALLE 3 A LAS 8 AM. ENCARGADO LUIS MARTÍNEZ
J138: TIPO DE DISPONIBILIDAD | K138: OPERARIOS
F139: 0 | G139: 0 | H139: 0 | I139: 0 | J139: 0 | K139: 0 | L139: 0 | M139: 0 | N139: =+CONCATENATE(G139,"VEHICULO",M139) -> 0VEHICULO0
F140: 40m³-15H-4OP | G140: 1. | H140: 1.CAMION TIPO40m³-15 HORAS-4 OP | I140: 582964 | J140: C | K140: 4 | L140: 1 SENCILLO 15H 4OP | M140: . | N140: =+CONCATENATE(G140,F140) -> 1.40m³-15H-4OP
F141: 40m³-15H-3OP | G141: 2. | H141: 2.CAMION TIPO40m³-15 HORAS-3 OP | I141: 514916 | J141: C | K141: 3 | L141: 2 SENCILLO 15H 3OP | M141: . | N141: =+CONCATENATE(G141,F141) -> 2.40m³-15H-3OP
F142: 40m³-15H-2OP | G142: 3. | H142: 3.CAMION TIPO40m³-15 HORAS-2 OP | I142: 448638 | J142: C | K142: 2 | L142: 3 SENCILLO 15H 2OP | M142: . | N142: =+CONCATENATE(G142,F142) -> 3.40m³-15H-2OP
F143: 40m³-15H-1OP | G143: 4. | H143: 4.CAMION TIPO40m³-15 HORAS-1 OP | I143: 381163 | J143: C | K143: 1 | L143: 4 SENCILLO 15H 1OP | M143: . | N143: =+CONCATENATE(G143,F143) -> 4.40m³-15H-1OP
F144: 40m³-15H-0OP | G144: 5. | H144: 5.CAMION TIPO40m³-15 HORAS-0 OP | I144: 321680 | J144: C | K144: 0 | L144: 5 SENCILLO 15H 0OP | M144: . | N144: =+CONCATENATE(G144,F144) -> 5.40m³-15H-0OP
F145: 40m³-9H-4OP | G145: 6. | H145: 6.CAMION TIPO40m³-09 HORAS-4 OP | I145: 509192 | J145: M | K145: 4 | L145: 6 SENCILLO M 4OP | M145: . | N145: =+CONCATENATE(G145,F145) -> 6.40m³-9H-4OP
F146: 40m³-9H-3OP | G146: 7. | H146: 7.CAMION TIPO40m³-09 HORAS-3 OP | I146: 450204 | J146: M | K146: 3 | L146: 7 SENCILLO M 3OP | M146: . | N146: =+CONCATENATE(G146,F146) -> 7.40m³-9H-3OP
F147: 40m³-9H-2OP | G147: 8. | H147: 8.CAMION TIPO40m³-09 HORAS-2 OP | I147: 392186 | J147: M | K147: 2 | L147: 8 SENCILLO M 2OP | M147: . | N147: =+CONCATENATE(G147,F147) -> 8.40m³-9H-2OP
F148: 40m³-9H-1OP | G148: 9. | H148: 9.CAMION TIPO40m³-09 HORAS-1 OP | I148: 329397 | J148: M | K148: 1 | L148: 9 SENCILLO M 1OP | M148: . | N148: =+CONCATENATE(G148,F148) -> 9.40m³-9H-1OP
F149: 40m³-9H-0OP | G149: 10. | H149: 10.CAMION TIPO40m³-09 HORAS-0 OP | I149: 280919 | J149: M | K149: 0 | L149: 10 SENCILLO M 0OP | M149: . | N149: =+CONCATENATE(G149,F149) -> 10.40m³-9H-0OP
F150: 40m³-4H-4OP | G150: 11. | H150: 11.CAMION TIPO40m³-04 HORAS-4 OP | I150: 420585 | J150: R | K150: 4 | L150: 11 SENCILLO R 4OP | M150: . | N150: =+CONCATENATE(G150,F150) -> 11.40m³-4H-4OP
F151: 40m³-4H-3OP | G151: 12. | H151: 12.CAMION TIPO40m³-04 HORAS-3 OP | I151: 369327 | J151: R | K151: 3 | L151: 12 SENCILLO R 3OP | M151: . | N151: =+CONCATENATE(G151,F151) -> 12.40m³-4H-3OP
... F181: OPERARIO-6-H | G181: 42. | H181: 42.OPERARIO-06 HORAS | I181: 41562 | J181: H | K181: 0 | L181: 42 OPERARIO 6 H | M181: . | N181: =+CONCATENATE(G181,F181) -> 42.OPERARIO-6-H
F182: BOGOTA-REGION-40m³- | G182: 43. | H182: 43.BOGOTA-REGION-40m³-9 HORAS | I182: 628232 | N182: =+CONCATENATE(G182,F182) -> 43.BOGOTA-REGION-40m³-
F183: BOGOTA-REGION-25m³- | G183: 44. | H183: 44.BOGOTA-REGION-25m³-9 HORAS | I183: 562619 | N183: =+CONCATENATE(G183,F183) -> 44.BOGOTA-REGION-25m³-
F184: BOGOTA-REGION-FURGON- | G184: 45. | H184: 45.BOGOTA-REGION-FURGON-9 HORAS | I184: 418264 | N184: =+CONCATENATE(G184,F184) -> 45.BOGOTA-REGION-FURGON-
F185: BOGOTA-REGION-4X4 | G185: 46. | H185: 46.BOGOTA-REGION-4X4-9 HORAS | I185: 288714 | N185: =+CONCATENATE(G185,F185) -> 46.BOGOTA-REGION-4X4
N186: =+CONCATENATE(G186,F186)

Sheet 11 AGOSTO
A1: ZONA NORTE
A2: RUTAS CICLOVÍA 40 M3 | I2: LUDICA CICLOVÍA, ESCUELA DE LA BICI, ADICIONALES 25 M3 | R2: CONOS CICLOVÍA 25 M3
A3: CORREDOR | B3: # OPERARIOS | C3: # CAMIONES | D3: MODELO | E3: DISPONIBILIDAD | F3: TIPO DE SERVICIO | G3: $ | I3: ZONA | J3: CORREDOR | K3: # OPERARIOS | L3: # CAMIONES | M3: MODELO | N3: DISPONIBILIDAD | O3: TIPO DE SERVICIO | P3: $ | R3: ZONA | S3: CORREDOR | T3: # OPERARIOS | U3: # CAMIONES | V3: MODELO | W3: DISPONIBILIDAD | X3: TIPO DE SERVICIO | Y3: $
A4: NORTE 1 | B4: =+IF(F4=0,0,MID(F4,LEN(F4)-3,1)) -> 3 | C4: 1 | D4: 2014-2020 | E4: =+IF(F4=0,0,CONCATENATE(MID(F4,FIND("-",F4,1)+1,4),"ORAS")) -> 15 HORAS | F4: 2.CAMION TIPO40m³-15 HORAS-3 OP | G4: =+IF(C4=0,0,IF(F4="","",VLOOKUP(F4,$H$139:$I$185,2,FALSE))*C4) -> 514916 | I4: CENTRO | J4: CAMIONETA FURGONADA PENDONES CALLE 26 | K4: 0 | L4: 1 | M4: 2014-2020 | N4: =+IF(O4=0,0,CONCATENATE(MID(O4,FIND("-",O4,1)+1,4),"ORAS")) -> 15 HORAS | O4: 31.CAMION TIPOFURGON-15 HORAS | P4: =+IF(O4="","",VLOOKUP(O4,$H$139:$I$185,2,FALSE)) -> 239262 | R4: CENTRO | S4: CENTRO 5 CAMION 1 UNICONOS | T4: =+IF(X4=0,0,MID(X4,LEN(X4)-3,1)) -> 4 | U4: 1 | V4: 2014-2020 | W4: =+IF(X4=0,0,CONCATENATE(MID(X4,FIND("-",X4,1)+1,4),"ORAS")) -> 15 HORAS | X4: 16.CAMION TIPO25m³-15 HORAS-4 OP | Y4: =+IF(X4="","",VLOOKUP(X4,$H$139:$I$185,2,FALSE)) -> 501739
A5: NORTE 2 | B5: =+IF(F5=0,0,MID(F5,LEN(F5)-3,1)) -> 3 | C5: 1 | D5: 2014-2020 | E5: =+IF(F5=0,0,CONCATENATE(MID(F5,FIND("-",F5,1)+1,4),"ORAS")) -> 15 HORAS | F5: 2.CAMION TIPO40m³-15 HORAS-3 OP | G5: =+IF(F5="","",VLOOKUP(F5,$H$139:$I$185,2,FALSE)) -> 514916 | I5: NORTE | J5: CICLO SIMULADOR | K5: 2 | L5: 1 | M5: 2014-2020 | N5: =+IF(O5=0,0,CONCATENATE(MID(O5,FIND("-",O5,1)+1,4),"ORAS")) -> 15 HORAS | O5: 18.CAMION TIPO25m³-15 HORAS-2 OP | P5: =+IF(O5="","",VLOOKUP(O5,$H$139:$I$185,2,FALSE)) -> 388652 | R5: CENTRO | S5: CENTRO 5 CAMION 2 UNICONOS | T5: =+IF(X5=0,0,MID(X5,LEN(X5)-3,1)) -> 4 | U5: 1 | V5: 2014-2020 | W5: =+IF(X5=0,0,CONCATENATE(MID(X5,FIND("-",X5,1)+1,4),"ORAS")) -> 15 HORAS | X5: 16.CAMION TIPO25m³-15 HORAS-4 OP | Y5: =+IF(X5="","",VLOOKUP(X5,$H$139:$I$185,2,FALSE)) -> 501739
A6: NORTE 3 | B6: =+IF(F6=0,0,MID(F6,LEN(F6)-3,1)) -> 3 | C6: 1 | D6: 2014-2020 | E6: =+IF(F6=0,0,CONCATENATE(MID(F6,FIND("-",F6,1)+1,4),"ORAS")) -> 15 HORAS | F6: 2.CAMION TIPO40m³-15 HORAS-3 OP | G6: =+IF(F6="","",VLOOKUP(F6,$H$139:$I$185,2,FALSE)) -> 514916 | I6: NORTE | J6: RUTAS SEGURAS | K6: 1 | L6: 1 | M6: 2014-2020 | N6: =+IF(O6=0,0,CONCATENATE(MID(O6,FIND("-",O6,1)+1,4),"ORAS")) -> 04 HORAS | O6: 29.CAMION TIPO25m³-04 HORAS-1 OP | P6: =+IF(O6="","",VLOOKUP(O6,$H$139:$I$185,2,FALSE)) -> 236854 | R6: CENTRO | S6: CENTRO 4 CAMION 3 UNICONOS | T6: =+IF(X6=0,0,MID(X6,LEN(X6)-3,1)) -> 4 | U6: 1 | V6: 2014-2020 | W6: =+IF(X6=0,0,CONCATENATE(MID(X6,FIND("-",X6,1)+1,4),"ORAS")) -> 15 HORAS | X6: 16.CAMION TIPO25m³-15 HORAS-4 OP | Y6: =+IF(X6="","",VLOOKUP(X6,$H$139:$I$185,2,FALSE)) -> 501739
A7: NORTE 4 | B7: =+IF(F7=0,0,MID(F7,LEN(F7)-3,1)) -> 3 | C7: 1 | D7: 2014-2020 | E7: =+IF(F7=0,0,CONCATENATE(MID(F7,FIND("-",F7,1)+1,4),"ORAS")) -> 15 HORAS | F7: 2.CAMION TIPO40m³-15 HORAS-3 OP | G7: =+IF(F7="","",VLOOKUP(F7,$H$139:$I$185,2,FALSE)) -> 514916 | I7: CENTRO | J7: RUTAS SEGURAS | K7: 1 | L7: 1 | M7: 2014-2020 | N7: =+IF(O7=0,0,CONCATENATE(MID(O7,FIND("-",O7,1)+1,4),"ORAS")) -> 04 HORAS | O7: 29.CAMION TIPO25m³-04 HORAS-1 OP | P7: =+IF(O7="","",VLOOKUP(O7,$H$139:$I$185,2,FALSE)) -> 236854 | Y7: =+IF(X7="","",VLOOKUP(X7,$H$139:$I$185,2,FALSE))
A8: NORTE 1 MALETINES | B8: =+IF(F8=0,0,MID(F8,LEN(F8)-3,1)) -> 4 | C8: 1 | D8: 2014-2020 | E8: =+IF(F8=0,0,CONCATENATE(MID(F8,FIND("-",F8,1)+1,4),"ORAS")) -> 15 HORAS | F8: 1.CAMION TIPO40m³-15 HORAS-4 OP | G8: =+IF(C8=0,0,IF(F8="","",VLOOKUP(F8,$H$139:$I$185,2,FALSE))*C8) -> 582964 | I8: SUR | J8: RUTAS SEGURAS | K8: 1 | L8: 1 | M8: 2014-2020 | N8: =+IF(O8=0,0,CONCATENATE(MID(O8,FIND("-",O8,1)+1,4),"ORAS")) -> 04 HORAS | O8: 29.CAMION TIPO25m³-04 HORAS-1 OP | P8: =+IF(O8="","",VLOOKUP(O8,$H$139:$I$185,2,FALSE)) -> 236854 | U8: =+U4+U5+U6+U7 -> 3
A9: NORTE 1 DIVISORES | B9: =+IF(F9=0,0,MID(F9,LEN(F9)-3,1)) -> 4 | C9: 1 | D9: 2014-2020 | E9: =+IF(F9=0,0,CONCATENATE(MID(F9,FIND("-",F9,1)+1,4),"ORAS")) -> 15 HORAS | F9: 1.CAMION TIPO40m³-15 HORAS-4 OP | G9: =+IF(F9="","",VLOOKUP(F9,$H$139:$I$185,2,FALSE)) -> 582964 | I9: CENTRO | J9: CAMIONETA FURGONADA MOVILIDAD | K9: 2 | L9: 1 | M9: 2014-2020 | N9: =+IF(O9=0,0,CONCATENATE(MID(O9,FIND("-",O9,1)+1,4),"ORAS")) -> 15 HORAS | O9: 31.CAMION TIPOFURGON-15 HORAS
G10: =+IF(F10="","",VLOOKUP(F10,$H$139:$I$185,2,FALSE))
B13: =+B10+B9+B8+B7+B6+B5+B4 -> 20 | C13: =+C10+C9+C8+C7+C6+C5+C4 -> 6 | G13: =+G4+G5+G6+G7+G8+G9+G10 -> #VALUE! | R13: OPERARIOS ADICIONALES
A14: RUTAS CICLOVÍA 25 M3 | R14: ZONA | S14: CORREDOR | T14: # OPERARIOS | U14: # CAMIONES | V14: MODELO | W14: DISPONIBILIDAD | X14: TIPO DE SERVICIO | Y14: $
A15: CORREDOR | B15: # OPERARIOS | C15: # CAMIONES | D15: MODELO | E15: DISPONIBILIDAD | F15: TIPO DE SERVICIO | G15: $ | R15: CENTRO | S15: APOYO CICLOVÍA | T15: 3 | U15: 0 | V15: NA | W15: =+IF(X15=0,0,CONCATENATE(MID(X15,FIND("-",X15,1)+1,4),"ORAS")) -> 08 HORAS | X15: 41.OPERARIO-08 HORAS | Y15: =+IF(X15="","",VLOOKUP(X15,$H$139:$I$185,2,FALSE))*T15 -> 160731
G16: =+IF(C16=0,0,IF(F16="","",VLOOKUP(F16,$H$139:$I$185,2,FALSE))*C16) -> 0 | I16: ATN CICLOVÍA, ESCUELA DE LA BICI, ADICIONALES 40 M3 | R16: CENTRO | S16: ADICIONALES | T16: 2 | U16: 0 | V16: NA | W16: =+IF(X16=0,0,CONCATENATE(MID(X16,FIND("-",X16,1)+1,4),"ORAS")) -> 08 HORAS | X16: 41.OPERARIO-08 HORAS | Y16: =+IF(X16="","",VLOOKUP(X16,$H$139:$I$185,2,FALSE))*T16 -> 107154
I17: ZONA | J17: CORREDOR | K17: # OPERARIOS | L17: # CAMIONES | M17: MODELO | N17: DISPONIBILIDAD | O17: TIPO DE SERVICIO | P17: $
I18: NORTE | J18: CICLOVÍA - CONTRAFLUJOS | K18: =+IF(O18=0,0,MID(O18,LEN(O18)-3,1)) -> 3 | L18: 1 | M18: 2014-2020 | N18: =+IF(O18=0,0,CONCATENATE(MID(O18,FIND("-",O18,1)+1,4),"ORAS")) -> 15 HORAS | O18: 2.CAMION TIPO40m³-15 HORAS-3 OP | P18: =+IF(O18="","",VLOOKUP(O18,$H$139:$I$185,2,FALSE)) -> 514916 | R18: CAMIONETA 4 X4 DOBLE CABINA CON PLATON
I19: NORTE | J19: CICLOVÍA - CANECAS | K19: =+IF(O19=0,0,MID(O19,LEN(O19)-3,1)) -> 2 | L19: 1 | M19: 2014-2020 | N19: =+IF(O19=0,0,CONCATENATE(MID(O19,FIND("-",O19,1)+1,4),"ORAS")) -> 15 HORAS | O19: 3.CAMION TIPO40m³-15 HORAS-2 OP | P19: =+IF(O19="","",VLOOKUP(O19,$H$139:$I$185,2,FALSE)) -> 448638 | R19: ZONA | S19: CORREDOR | T19: # OPERARIOS | U19: # CAMIONES | V19: MODELO | W19: DISPONIBILIDAD | X19: TIPO DE SERVICIO | Y19: $
I20: NORTE | J20: CICLOVÍA - DISPONIBLE | K20: =+IF(O20=0,0,MID(O20,LEN(O20)-3,1)) -> 2 | L20: 1 | M20: 2014-2020 | N20: =+IF(O20=0,0,CONCATENATE(MID(O20,FIND("-",O20,1)+1,4),"ORAS")) -> 15 HORAS | O20: 3.CAMION TIPO40m³-15 HORAS-2 OP | P20: =+IF(O20="","",VLOOKUP(O20,$H$139:$I$185,2,FALSE)) -> 448638 | R20: NORTE | S20: APOYO CICLOVÍA | T20: NA | U20: NA | V20: 2014-2020 | W20: =+IF(X20=0,0,CONCATENATE(MID(X20,FIND("-",X20,1)+1,4),"ORAS")) -> 15 HORAS | X20: 34.4X4-15 HORAS | Y20: =+IF(X20="","",VLOOKUP(X20,$H$139:$I$185,2,FALSE)) -> 373234
R21: CENTRO | S21: APOYO CICLOVÍA | T21: NA | U21: NA | V21: 2014-2020 | W21: =+IF(X21=0,0,CONCATENATE(MID(X21,FIND("-",X21,1)+1,4),"ORAS")) -> 15 HORAS | X21: 31.CAMION TIPOFURGON-15 HORAS | Y21: =+IF(X21="","",VLOOKUP(X21,$H$139:$I$185,2,FALSE)) -> 239262
A22: valor total | B22: =+B13+B16 -> 20 | C22: =+C4+C5+C6+C7+C8+C9+C10+C16 -> 6 | G22: =+G13+G16+G17 -> #VALUE! | R22: SUR | S22: APOYO CICLOVÍA | T22: NA | U22: NA | V22: 2014-2020 | W22: =+IF(X22=0,0,CONCATENATE(MID(X22,FIND("-",X22,1)+1,4),"ORAS")) -> 15 HORAS | X22: 34.4X4-15 HORAS | Y22: =+IF(X22="","",VLOOKUP(X22,$H$139:$I$185,2,FALSE)) -> 373234
A23: ZONA CENTRO
A24: RUTAS CICLOVÍA 40 M3
A25: CORREDOR | B25: # OPERARIOS | C25: # CAMIONES | D25: MODELO | E25: DISPONIBILIDAD | F25: TIPO DE SERVICIO | G25: $ | J25: TOTAL | K25: =+K4+K5+K18+K19+K20+K6+K7+K8+K9 -> 14 | L25: =SUM(L4:L24) -> 9 | P25: =SUM(P4:P23) -> 2750668 | S25: TOTAL | T25: =+T15+T16+T4+T5+T6+T7 -> 17 | U25: =SUM(U4:U7) -> 3 | Y25: =SUM(Y4:Y22) -> 2758832
A26: CENTRO 1 | B26: =+IF(F26=0,0,MID(F26,LEN(F26)-3,1)) -> 3 | C26: 1 | D26: 2014-2020 | E26: =+IF(F26=0,0,CONCATENATE(MID(F26,FIND("-",F26,1)+1,4),"ORAS")) -> 15 HORAS | F26: 2.CAMION TIPO40m³-15 HORAS-3 OP | G26: =+IF(C26=0,0,IF(F26="","",VLOOKUP(F26,$H$139:$I$185,2,FALSE))*C26) -> 514916
A27: CENTRO 2 | B27: =+IF(F27=0,0,MID(F27,LEN(F27)-3,1)) -> 4 | C27: 1 | D27: 2014-2020 | E27: =+IF(F27=0,0,CONCATENATE(MID(F27,FIND("-",F27,1)+1,4),"ORAS")) -> 15 HORAS | F27: 1.CAMION TIPO40m³-15 HORAS-4 OP | G27: =+IF(F27="","",VLOOKUP(F27,$H$139:$I$185,2,FALSE)) -> 582964
A28: CENTRO 5 | B28: =+IF(F28=0,0,MID(F28,LEN(F28)-3,1)) -> 3 | C28: 1 | D28: 2014-2020 | E28: =+IF(F28=0,0,CONCATENATE(MID(F28,FIND("-",F28,1)+1,4),"ORAS")) -> 15 HORAS | F28: 2.CAMION TIPO40m³-15 HORAS-3 OP | G28: =+IF(F28="","",VLOOKUP(F28,$H$139:$I$185,2,FALSE)) -> 514916
A32: RUTAS CICLOVÍA 25 M3
A33: > | B33: # OPERARIOS | C33: # CAMIONES | D33: MODELO | F33: TIPO DE SERVICIO | G33: $
A34: CENTRO 3 ZONA 1 | B34: =+IF(F34=0,0,MID(F34,LEN(F34)-3,1)) -> 3 | C34: 1 | D34: 2014-2020 | E34: =+IF(F34=0,0,CONCATENATE(MID(F34,FIND("-",F34,1)+1,4),"ORAS")) -> 15 HORAS | F34: 17.CAMION TIPO25m³-15 HORAS-3 OP | G34: =+IF(F34="","",VLOOKUP(F34,$H$139:$I$185,2,FALSE)) -> 443323
A35: CENTRO 3 ZONA 2 | B35: =+IF(F35=0,0,MID(F35,LEN(F35)-3,1)) -> 3 | C35: 1 | D35: 2014-2020 | E35: =+IF(F35=0,0,CONCATENATE(MID(F35,FIND("-",F35,1)+1,4),"ORAS")) -> 15 HORAS | F35: 17.CAMION TIPO25m³-15 HORAS-3 OP | G35: =+IF(F35="","",VLOOKUP(F35,$H$139:$I$185,2,FALSE)) -> 443323
A36: CENTRO 4 | B36: =+IF(F36=0,0,MID(F36,LEN(F36)-3,1)) -> 3 | C36: 1 | D36: 2014-2020 | E36: =+IF(F36=0,0,CONCATENATE(MID(F36,FIND("-",F36,1)+1,4),"ORAS")) -> 15 HORAS | F36: 17.CAMION TIPO25m³-15 HORAS-3 OP | G36: =+IF(F36="","",VLOOKUP(F36,$H$139:$I$185,2,FALSE)) -> 443323
G37: =+IF(F37="","",VLOOKUP(F37,$H$139:$I$185,2,FALSE))
G38: =+IF(F38="","",VLOOKUP(F38,$H$139:$I$185,2,FALSE))
A40: valor total | B40: =+B26+B27+B28+B34+B35+B36+B37+B38 -> 19 | C40: =SUM(C26:C31)+C34+C35+C36+C37+C38+C39 -> 6 | E40: =+IF(F40=0,0,CONCATENATE(MID(F40,FIND("-",F40,1)+1,3),"ORAS")) -> 0 | G40: =+G26+G27+G28+G29+G30+G31+G34+G35+G36+G37+G38 -> #VALUE!
A41: ZONA SUR
A42: RUTAS CICLOVÍA 40 M3
A43: CORREDOR | B43: # OPERARIOS | C43: # CAMIONES | D43: MODELO | E43: DISPONIBILIDAD | F43: TIPO DE SERVICIO | G43: $
A52: RUTAS CICLOVÍA 25 M3
A53: CORREDOR | B53: # OPERARIOS | C53: # CAMIONES | D53: MODELO | E53: DISPONIBILIDAD | F53: TIPO DE SERVICIO | G53: $
A54: SUR 3 ZONA 1 | B54: =+IF(F54=0,0,MID(F54,LEN(F54)-3,1)) -> 3 | C54: 1 | D54: 2014-2020 | E54: =+IF(F54=0,0,CONCATENATE(MID(F54,FIND("-",F54,1)+1,4),"ORAS")) -> 15 HORAS | F54: 17.CAMION TIPO25m³-15 HORAS-3 OP | G54: =+IF(F54="","",VLOOKUP(F54,$H$139:$I$185,2,FALSE)) -> 443323
A55: SUR 3 ZONA 2 | B55: =+IF(F55=0,0,MID(F55,LEN(F55)-3,1)) -> 3 | C55: 1 | D55: 2014-2020 | E55: =+IF(F55=0,0,CONCATENATE(MID(F55,FIND("-",F55,1)+1,4),"ORAS")) -> 15 HORAS | F55: 17.CAMION TIPO25m³-15 HORAS-3 OP | G55: =+IF(F55="","",VLOOKUP(F55,$H$139:$I$185,2,FALSE)) -> 443323
G56: =+IF(F56="","",VLOOKUP(F56,$H$139:$I$185,2,FALSE))
G57: =+IF(F57="","",VLOOKUP(F57,$H$139:$I$185,2,FALSE))
G58: =+IF(F58="","",VLOOKUP(F58,$H$139:$I$185,2,FALSE))
G59: =+IF(F59="","",VLOOKUP(F59,$H$139:$I$185,2,FALSE))
G60: =+IF(F60="","",VLOOKUP(F60,$H$139:$I$185,2,FALSE))
G61: =+IF(F61="","",VLOOKUP(F61,$H$139:$I$185,2,FALSE))
G62: =+IF(F62="","",VLOOKUP(F62,$H$139:$I$185,2,FALSE))
G63: =+IF(F63="","",VLOOKUP(F63,$H$139:$I$185,2,FALSE))
A65: valor total | B65: =+B54+B55+B56+B57+B58+B64+B59+B60+B61+B62+B63+B46+B47+B48+B49+B50+B51 -> 6 | C65: =C59+C60+C61+C62+C63+C46+C47+C48+C49+C50+C54+C55+C56+C57+C58+C64 -> 2 | G65: =+G54+G55+G56+G57+G58+G59+G60+G61+G62+G63 -> #VALUE!
A67: TOTAL | B67: =B65+B40+B22 -> 45 | C67: =C65+C40+C22 -> 14 | D67: =D65+D40+D22 -> 0 | G67: =G65+G40+G22 -> #VALUE!
J68: GRAN TOTAL OPERARIOS | K68: =K25+B67+T25+AB25 -> 76
J69: GRAN TOTAL CAMIONES | K69: =L25+C67+U25+AC25 -> 26 | M69: ZONA NORTE | N69: ZONA CENTRO | O69: ZONA SUR
J70: VALOR $ | K70: =G67+P25+Y25 -> #VALUE! | M70: =G22+P18+Y20 -> #VALUE! | N70: =G40+P4+P5+Y4+Y5+Y6+Y7+Y15+Y16+Y21 -> #VALUE! | O70: =G65+Y22 -> #VALUE! | P70: =SUM(M70:O70) -> #VALUE!
A72: OTRAS NOVEDADES PARA LA JORNADA
A73: MOVIMIENTOS: * SE REQUIERE QUE LOS DOS OPERARIOS PARA APOYO DE CICLOVÍA LLEGUEN A CALLE 3 A LAS 6:00 PM Y ESTEN DISPONIBLES HASTA LAS 2:00 AM. ENCARGADO CAMILO MORA. * LA CAMIONETA FURGONADA DE PENDONES DE CALLE 26 DEBE LLEGAR A LAS 12:00 M A CALLE 3, JUNTO CON LOS DOS OPERARIOS ADICIONALES. CAMIONETA 1: CAMIONETA DEBE LLEGAR A LAS 01:00 M A CALLE 3 QUEDA DISPONIBLE. ENCARGADO LUIS MARTÍNEZ CAMIONETA 2: CAMIONETA DEBE LLEGAR A LAS 12:00 M AL CALLE 3 QUEDA DISPONIBLE. ENCARGADO CAMILO MORA. CAMIONETA 3: CAMIONETA DEBE LLEGAR A LAS 02:00 AM A IDRD QUEDA DISPONIBLE. ENCARGADO LUIS MARTÍNEZ. ADICIONALES: LOS TRES CAMIONES ADICIONALES DEBEN LLEGAR A LA CALLE 3 A LAS 12 M CON SUS RESPECTIVOS OPERARIOS; ESPECIFICAMENTE PARA EL CAMIÓN DE 2 OPERARIOS DEBE CARGAR LOS CONTRAFLUJOS DE N1 Y EMPEZAR LA DISTRIBUCIÓN DESDE LA AV BOYACA CON CALLE 170 HASTA LA AV BOYACA CON CALLE 134, EL CAIMIÓN DE CANECAS ADICIONAL DEBE LLEGAR A CALLE 3 Y DESCARGAR EN EN LA AV BOYCA CON SEVILLANA HASTA LA 44 SUR ASÍ MISMO DEBE LLEVAR LAS CASCADAS. PARA LOS 3 CAMIONES CON DISPONIBILIDAD DE 4 HORAS DEBEN LLEGAR A LA 0::00 AM EN LOS SIGUIENTES PUNTOS, AV BOYACA X CALLE 12 B, AV BOYACA X CALLE 26 Y CARRERA 7 CON CALLE 34. EL CAMIÓN FURGONADO QUE SE PIDIO DEBE LLEGAR A CALLE 3 12:00 M, Y DIRIGIRSE A PATIO 4 DE SECRETARIA DE MOVILIDAD.
A93: Apoyan Guardaines ATN Norte 4, Norte 2 y Norte 3 Apoan Guardianes ATN Norte 1, Centro 1 y Centro 5 Apoyan Guardianes ATN Centro 4, Centro 3 y Sur 3 Apoyan Guardianes ATN Sur 1, Sur 2 y Centro 2
J138: TIPO DE DISPONIBILIDAD | K138: OPERARIOS
F139: 0 | G139: 0 | H139: 0 | I139: 0 | J139: 0 | K139: 0 | L139: 0 | M139: 0 | N139: =+CONCATENATE(G139,"VEHICULO",M139) -> 0VEHICULO0
F140: 40m³-15H-4OP | G140: 1. | H140: 1.CAMION TIPO40m³-15 HORAS-4 OP | I140: 582964 | J140: C | K140: 4 | L140: 1 SENCILLO 15H 4OP | M140: . | N140: =+CONCATENATE(G140,F140) -> 1.40m³-15H-4OP
F141: 40m³-15H-3OP | G141: 2. | H141: 2.CAMION TIPO40m³-15 HORAS-3 OP | I141: 514916 | J141: C | K141: 3 | L141: 2 SENCILLO 15H 3OP | M141: . | N141: =+CONCATENATE(G141,F141) -> 2.40m³-15H-3OP
F142: 40m³-15H-2OP | G142: 3. | H142: 3.CAMION TIPO40m³-15 HORAS-2 OP | I142: 448638 | J142: C | K142: 2 | L142: 3 SENCILLO 15H 2OP | M142: . | N142: =+CONCATENATE(G142,F142) -> 3.40m³-15H-2OP
F143: 40m³-15H-1OP | G143: 4. | H143: 4.CAMION TIPO40m³-15 HORAS-1 OP | I143: 381163 | J143: C | K143: 1 | L143: 4 SENCILLO 15H 1OP | M143: . | N143: =+CONCATENATE(G143,F143) -> 4.40m³-15H-1OP
F144: 40m³-15H-0OP | G144: 5. | H144: 5.CAMION TIPO40m³-15 HORAS-0 OP | I144: 321680 | J144: C | K144: 0 | L144: 5 SENCILLO 15H 0OP | M144: . | N144: =+CONCATENATE(G144,F144) -> 5.40m³-15H-0OP
F145: 40m³-9H-4OP | G145: 6. | H145: 6.CAMION TIPO40m³-09 HORAS-4 OP | I145: 509192 | J145: M | K145: 4 | L145: 6 SENCILLO M 4OP | M145: . | N145: =+CONCATENATE(G145,F145) -> 6.40m³-9H-4OP
F146: 40m³-9H-3OP | G146: 7. | H146: 7.CAMION TIPO40m³-09 HORAS-3 OP | I146: 450204 | J146: M | K146: 3 | L146: 7 SENCILLO M 3OP | M146: . | N146: =+CONCATENATE(G146,F146) -> 7.40m³-9H-3OP
F147: 40m³-9H-2OP | G147: 8. | H147: 8.CAMION TIPO40m³-09 HORAS-2 OP | I147: 392186 | J147: M | K147: 2 | L147: 8 SENCILLO M 2OP | M147: . | N147: =+CONCATENATE(G147,F147) -> 8.40m³-9H-2OP
F148: 40m³-9H-1OP | G148: 9. | H148: 9.CAMION TIPO40m³-09 HORAS-1 OP | I148: 329397 | J148: M | K148: 1 | L148: 9 SENCILLO M 1OP | M148: . | N148: =+CONCATENATE(G148,F148) -> 9.40m³-9H-1OP
F149: 40m³-9H-0OP | G149: 10. | H149: 10.CAMION TIPO40m³-09 HORAS-0 OP | I149: 280919 | J149: M | K149: 0 | L149: 10 SENCILLO M 0OP | M149: . | N149: =+CONCATENATE(G149,F149) -> 10.40m³-9H-0OP
F150: 40m³-4H-4OP | G150: 11. | H150: 11.CAMION TIPO40m³-04 HORAS-4 OP | I150: 420585 | J150: R | K150: 4 | L150: 11 SENCILLO R 4OP | M150: . | N150: =+CONCATENATE(G150,F150) -> 11.40m³-4H-4OP
F151: 40m³-4H-3OP | G151: 12. | H151: 12.CAMION TIPO40m³-04 HORAS-3 OP | I151: 369327 | J151: R | K151: 3 | L151: 12 SENCILLO R 3OP | M151: . | N151: =+CONCATENATE(G151,F151) -> 12.40m³-4H-3OP
... F181: OPERARIO-6-H | G181: 42. | H181: 42.OPERARIO-06 HORAS | I181: 41562 | J181: H | K181: 0 | L181: 42 OPERARIO 6 H | M181: . | N181: =+CONCATENATE(G181,F181) -> 42.OPERARIO-6-H
F182: BOGOTA-REGION-40m³- | G182: 43. | H182: 43.BOGOTA-REGION-40m³-9 HORAS | I182: 628232 | N182: =+CONCATENATE(G182,F182) -> 43.BOGOTA-REGION-40m³-
F183: BOGOTA-REGION-25m³- | G183: 44. | H183: 44.BOGOTA-REGION-25m³-9 HORAS | I183: 562619 | N183: =+CONCATENATE(G183,F183) -> 44.BOGOTA-REGION-25m³-
F184: BOGOTA-REGION-FURGON- | G184: 45. | H184: 45.BOGOTA-REGION-FURGON-9 HORAS | I184: 418264 | N184: =+CONCATENATE(G184,F184) -> 45.BOGOTA-REGION-FURGON-
F185: BOGOTA-REGION-4X4 | G185: 46. | H185: 46.BOGOTA-REGION-4X4-9 HORAS | I185: 288714 | N185: =+CONCATENATE(G185,F185) -> 46.BOGOTA-REGION-4X4
N186: =+CONCATENATE(G186,F186)

Sheet 14 AGOSTO 
A1: ZONA NORTE
A2: RUTAS CICLOVÍA 40 M3 | I2: LUDICA CICLOVÍA, ESCUELA DE LA BICI, ADICIONALES 25 M3 | R2: CONOS CICLOVÍA 25 M3
A3: CORREDOR | B3: # OPERARIOS | C3: # CAMIONES | D3: MODELO | E3: DISPONIBILIDAD | F3: TIPO DE SERVICIO | G3: $ | I3: ZONA | J3: CORREDOR | K3: # OPERARIOS | L3: # CAMIONES | M3: MODELO | N3: DISPONIBILIDAD | O3: TIPO DE SERVICIO | P3: $ | R3: ZONA | S3: CORREDOR | T3: # OPERARIOS | U3: # CAMIONES | V3: MODELO | W3: DISPONIBILIDAD | X3: TIPO DE SERVICIO | Y3: $
A4: NORTE 1 | B4: =+IF(F4=0,0,MID(F4,LEN(F4)-3,1)) -> 3 | C4: 1 | D4: 2014-2020 | E4: =+IF(F4=0,0,CONCATENATE(MID(F4,FIND("-",F4,1)+1,4),"ORAS")) -> 15 HORAS | F4: 2.CAMION TIPO40m³-15 HORAS-3 OP | G4: =+IF(C4=0,0,IF(F4="","",VLOOKUP(F4,$H$139:$I$185,2,FALSE))*C4) -> 514916 | I4: CENTRO | J4: CAMIONETA FURGONADA PENDONES CALLE 26 | K4: 0 | L4: 1 | M4: 2014-2020 | N4: =+IF(O4=0,0,CONCATENATE(MID(O4,FIND("-",O4,1)+1,4),"ORAS")) -> 15 HORAS | O4: 31.CAMION TIPOFURGON-15 HORAS | P4: =+IF(O4="","",VLOOKUP(O4,$H$139:$I$185,2,FALSE)) -> 239262 | R4: CENTRO | S4: CENTRO 5 CAMION 1 UNICONOS | T4: =+IF(X4=0,0,MID(X4,LEN(X4)-3,1)) -> 4 | U4: 1 | V4: 2014-2020 | W4: =+IF(X4=0,0,CONCATENATE(MID(X4,FIND("-",X4,1)+1,4),"ORAS")) -> 15 HORAS | X4: 16.CAMION TIPO25m³-15 HORAS-4 OP | Y4: =+IF(X4="","",VLOOKUP(X4,$H$139:$I$185,2,FALSE)) -> 501739
A5: NORTE 2 | B5: =+IF(F5=0,0,MID(F5,LEN(F5)-3,1)) -> 3 | C5: 1 | D5: 2014-2020 | E5: =+IF(F5=0,0,CONCATENATE(MID(F5,FIND("-",F5,1)+1,4),"ORAS")) -> 15 HORAS | F5: 2.CAMION TIPO40m³-15 HORAS-3 OP | G5: =+IF(F5="","",VLOOKUP(F5,$H$139:$I$185,2,FALSE)) -> 514916 | I5: CENTRO | J5: ESCUELA | K5: =+IF(O5=0,0,MID(O5,LEN(O5)-3,1)) -> 3 | L5: 1 | M5: 2014-2020 | N5: =+IF(O5=0,0,CONCATENATE(MID(O5,FIND("-",O5,1)+1,4),"ORAS")) -> 15 HORAS | O5: 17.CAMION TIPO25m³-15 HORAS-3 OP | P5: =+IF(O5="","",VLOOKUP(O5,$H$139:$I$185,2,FALSE)) -> 443323 | R5: CENTRO | S5: CENTRO 5 CAMION 2 UNICONOS | T5: =+IF(X5=0,0,MID(X5,LEN(X5)-3,1)) -> 4 | U5: 1 | V5: 2014-2020 | W5: =+IF(X5=0,0,CONCATENATE(MID(X5,FIND("-",X5,1)+1,4),"ORAS")) -> 15 HORAS | X5: 16.CAMION TIPO25m³-15 HORAS-4 OP | Y5: =+IF(X5="","",VLOOKUP(X5,$H$139:$I$185,2,FALSE)) -> 501739
A6: NORTE 3 | B6: =+IF(F6=0,0,MID(F6,LEN(F6)-3,1)) -> 3 | C6: 1 | D6: 2014-2020 | E6: =+IF(F6=0,0,CONCATENATE(MID(F6,FIND("-",F6,1)+1,4),"ORAS")) -> 15 HORAS | F6: 2.CAMION TIPO40m³-15 HORAS-3 OP | G6: =+IF(F6="","",VLOOKUP(F6,$H$139:$I$185,2,FALSE)) -> 514916 | R6: CENTRO | S6: CENTRO 4 CAMION 3 UNICONOS | T6: =+IF(X6=0,0,MID(X6,LEN(X6)-3,1)) -> 4 | U6: 1 | V6: 2014-2020 | W6: =+IF(X6=0,0,CONCATENATE(MID(X6,FIND("-",X6,1)+1,4),"ORAS")) -> 15 HORAS | X6: 16.CAMION TIPO25m³-15 HORAS-4 OP | Y6: =+IF(X6="","",VLOOKUP(X6,$H$139:$I$185,2,FALSE)) -> 501739
A7: NORTE 4 | B7: =+IF(F7=0,0,MID(F7,LEN(F7)-3,1)) -> 3 | C7: 1 | D7: 2014-2020 | E7: =+IF(F7=0,0,CONCATENATE(MID(F7,FIND("-",F7,1)+1,4),"ORAS")) -> 15 HORAS | F7: 2.CAMION TIPO40m³-15 HORAS-3 OP | G7: =+IF(F7="","",VLOOKUP(F7,$H$139:$I$185,2,FALSE)) -> 514916 | R7: CENTRO | S7: CENTRO 4 CAMION 4 UNICONOS | T7: =+IF(X7=0,0,MID(X7,LEN(X7)-3,1)) -> 4 | U7: 1 | V7: 2014-2020 | W7: =+IF(X7=0,0,CONCATENATE(MID(X7,FIND("-",X7,1)+1,4),"ORAS")) -> 15 HORAS | X7: 16.CAMION TIPO25m³-15 HORAS-4 OP | Y7: =+IF(X7="","",VLOOKUP(X7,$H$139:$I$185,2,FALSE)) -> 501739
A8: NORTE 5 ZONA 1 | B8: =+IF(F8=0,0,MID(F8,LEN(F8)-3,1)) -> 3 | C8: 1 | D8: 2014-2020 | E8: =+IF(F8=0,0,CONCATENATE(MID(F8,FIND("-",F8,1)+1,4),"ORAS")) -> 15 HORAS | F8: 2.CAMION TIPO40m³-15 HORAS-3 OP | G8: =+IF(C8=0,0,IF(F8="","",VLOOKUP(F8,$H$139:$I$185,2,FALSE))*C8) -> 514916 | U8: =+U4+U5+U6+U7 -> 4
A9: NORTE 1 MALETINES | B9: =+IF(F9=0,0,MID(F9,LEN(F9)-3,1)) -> 4 | C9: 1 | D9: 2014-2020 | E9: =+IF(F9=0,0,CONCATENATE(MID(F9,FIND("-",F9,1)+1,4),"ORAS")) -> 15 HORAS | F9: 1.CAMION TIPO40m³-15 HORAS-4 OP | G9: =+IF(F9="","",VLOOKUP(F9,$H$139:$I$185,2,FALSE)) -> 582964
A10: NORTE 1 DIVISORES | B10: =+IF(F10=0,0,MID(F10,LEN(F10)-3,1)) -> 4 | C10: 1 | D10: 2014-2020 | E10: =+IF(F10=0,0,CONCATENATE(MID(F10,FIND("-",F10,1)+1,4),"ORAS")) -> 15 HORAS | F10: 1.CAMION TIPO40m³-15 HORAS-4 OP | G10: =+IF(F10="","",VLOOKUP(F10,$H$139:$I$185,2,FALSE)) -> 582964
B13: =+B10+B9+B8+B7+B6+B5+B4 -> 23 | C13: =+C10+C9+C8+C7+C6+C5+C4 -> 7 | G13: =+G4+G5+G6+G7+G8+G9+G10 -> 3740508 | R13: OPERARIOS ADICIONALES
A14: RUTAS CICLOVÍA 25 M3 | R14: ZONA | S14: CORREDOR | T14: # OPERARIOS | U14: # CAMIONES | V14: MODELO | W14: DISPONIBILIDAD | X14: TIPO DE SERVICIO | Y14: $
A15: CORREDOR | B15: # OPERARIOS | C15: # CAMIONES | D15: MODELO | E15: DISPONIBILIDAD | F15: TIPO DE SERVICIO | G15: $ | R15: CENTRO | S15: APOYO CICLOVÍA | T15: 3 | U15: 0 | V15: NA | W15: =+IF(X15=0,0,CONCATENATE(MID(X15,FIND("-",X15,1)+1,4),"ORAS")) -> 08 HORAS | X15: 41.OPERARIO-08 HORAS | Y15: =+IF(X15="","",VLOOKUP(X15,$H$139:$I$185,2,FALSE))*T15 -> 160731
A16: NORTE 5 ZONA 2 | B16: =+IF(F16=0,0,MID(F16,LEN(F16)-3,1)) -> 3 | C16: 1 | D16: 2014-2020 | E16: =+IF(F16=0,0,CONCATENATE(MID(F16,FIND("-",F16,1)+1,4),"ORAS")) -> 15 HORAS | F16: 17.CAMION TIPO25m³-15 HORAS-3 OP | G16: =+IF(C16=0,0,IF(F16="","",VLOOKUP(F16,$H$139:$I$185,2,FALSE))*C16) -> 443323 | I16: ATN CICLOVÍA, ESCUELA DE LA BICI, ADICIONALES 40 M3 | R16: CENTRO | S16: ADICIONALES | T16: 2 | U16: 0 | V16: NA | W16: =+IF(X16=0,0,CONCATENATE(MID(X16,FIND("-",X16,1)+1,4),"ORAS")) -> 08 HORAS | X16: 41.OPERARIO-08 HORAS | Y16: =+IF(X16="","",VLOOKUP(X16,$H$139:$I$185,2,FALSE))*T16 -> 107154
I17: ZONA | J17: CORREDOR | K17: # OPERARIOS | L17: # CAMIONES | M17: MODELO | N17: DISPONIBILIDAD | O17: TIPO DE SERVICIO | P17: $
K18: =+IF(O18=0,0,MID(O18,LEN(O18)-3,1)) -> 0 | L18: 0 | M18: 2014-2020 | N18: =+IF(O18=0,0,CONCATENATE(MID(O18,FIND("-",O18,1)+1,4),"ORAS")) -> 0 | O18: 0 | P18: =+IF(O18="","",VLOOKUP(O18,$H$139:$I$185,2,FALSE)) -> 0 | R18: CAMIONETA 4 X4 DOBLE CABINA CON PLATON
R19: ZONA | S19: CORREDOR | T19: # OPERARIOS | U19: # CAMIONES | V19: MODELO | W19: DISPONIBILIDAD | X19: TIPO DE SERVICIO | Y19: $
R20: NORTE | S20: APOYO CICLOVÍA | T20: NA | U20: NA | V20: 2014-2020 | W20: =+IF(X20=0,0,CONCATENATE(MID(X20,FIND("-",X20,1)+1,4),"ORAS")) -> 15 HORAS | X20: 34.4X4-15 HORAS | Y20: =+IF(X20="","",VLOOKUP(X20,$H$139:$I$185,2,FALSE)) -> 373234
R21: CENTRO | S21: APOYO CICLOVÍA | T21: NA | U21: NA | V21: 2014-2020 | W21: =+IF(X21=0,0,CONCATENATE(MID(X21,FIND("-",X21,1)+1,4),"ORAS")) -> 15 HORAS | X21: 31.CAMION TIPOFURGON-15 HORAS | Y21: =+IF(X21="","",VLOOKUP(X21,$H$139:$I$185,2,FALSE)) -> 239262
A22: valor total | B22: =SUM(B4:B13)+B16+B17+B18+B19+B20+B21 -> 26 | C22: =+C4+C5+C6+C7+C8+C9+C10+C16 -> 8 | G22: =+G13+G16+G17 -> 4183831 | R22: SUR | S22: APOYO CICLOVÍA | T22: NA | U22: NA | V22: 2014-2020 | W22: =+IF(X22=0,0,CONCATENATE(MID(X22,FIND("-",X22,1)+1,4),"ORAS")) -> 15 HORAS | X22: 34.4X4-15 HORAS | Y22: =+IF(X22="","",VLOOKUP(X22,$H$139:$I$185,2,FALSE)) -> 373234
A23: ZONA CENTRO
A24: RUTAS CICLOVÍA 40 M3
A25: CORREDOR | B25: # OPERARIOS | C25: # CAMIONES | D25: MODELO | E25: DISPONIBILIDAD | F25: TIPO DE SERVICIO | G25: $ | J25: TOTAL | K25: =+K4+K5+K18 -> 3 | L25: =SUM(L4:L24) -> 2 | P25: =SUM(P4:P23) -> 682585 | S25: TOTAL | T25: =+T15+T16+T4+T5+T6+T7 -> 21 | U25: =SUM(U4:U7) -> 4 | Y25: =SUM(Y4:Y22) -> 3260571
A26: CENTRO 1 | B26: =+IF(F26=0,0,MID(F26,LEN(F26)-3,1)) -> 3 | C26: 1 | D26: 2014-2020 | E26: =+IF(F26=0,0,CONCATENATE(MID(F26,FIND("-",F26,1)+1,4),"ORAS")) -> 15 HORAS | F26: 2.CAMION TIPO40m³-15 HORAS-3 OP | G26: =+IF(C26=0,0,IF(F26="","",VLOOKUP(F26,$H$139:$I$185,2,FALSE))*C26) -> 514916
A27: CENTRO 2 | B27: =+IF(F27=0,0,MID(F27,LEN(F27)-3,1)) -> 4 | C27: 1 | D27: 2014-2020 | E27: =+IF(F27=0,0,CONCATENATE(MID(F27,FIND("-",F27,1)+1,4),"ORAS")) -> 15 HORAS | F27: 1.CAMION TIPO40m³-15 HORAS-4 OP | G27: =+IF(F27="","",VLOOKUP(F27,$H$139:$I$185,2,FALSE)) -> 582964
A28: CENTRO 5 | B28: =+IF(F28=0,0,MID(F28,LEN(F28)-3,1)) -> 3 | C28: 1 | D28: 2014-2020 | E28: =+IF(F28=0,0,CONCATENATE(MID(F28,FIND("-",F28,1)+1,4),"ORAS")) -> 15 HORAS | F28: 2.CAMION TIPO40m³-15 HORAS-3 OP | G28: =+IF(F28="","",VLOOKUP(F28,$H$139:$I$185,2,FALSE)) -> 514916
A32: RUTAS CICLOVÍA 25 M3
A33: > | B33: # OPERARIOS | C33: # CAMIONES | D33: MODELO | F33: TIPO DE SERVICIO | G33: $
A34: CENTRO 3 ZONA 1 | B34: =+IF(F34=0,0,MID(F34,LEN(F34)-3,1)) -> 3 | C34: 1 | D34: 2014-2020 | E34: =+IF(F34=0,0,CONCATENATE(MID(F34,FIND("-",F34,1)+1,4),"ORAS")) -> 15 HORAS | F34: 17.CAMION TIPO25m³-15 HORAS-3 OP | G34: =+IF(F34="","",VLOOKUP(F34,$H$139:$I$185,2,FALSE)) -> 443323
A35: CENTRO 3 ZONA 2 | B35: =+IF(F35=0,0,MID(F35,LEN(F35)-3,1)) -> 3 | C35: 1 | D35: 2014-2020 | E35: =+IF(F35=0,0,CONCATENATE(MID(F35,FIND("-",F35,1)+1,4),"ORAS")) -> 15 HORAS | F35: 17.CAMION TIPO25m³-15 HORAS-3 OP | G35: =+IF(F35="","",VLOOKUP(F35,$H$139:$I$185,2,FALSE)) -> 443323
A36: CENTRO 4 | B36: =+IF(F36=0,0,MID(F36,LEN(F36)-3,1)) -> 3 | C36: 1 | D36: 2014-2020 | E36: =+IF(F36=0,0,CONCATENATE(MID(F36,FIND("-",F36,1)+1,4),"ORAS")) -> 15 HORAS | F36: 17.CAMION TIPO25m³-15 HORAS-3 OP | G36: =+IF(F36="","",VLOOKUP(F36,$H$139:$I$185,2,FALSE)) -> 443323
A37: CENTRO 6 ZONA 2 | B37: =+IF(F37=0,0,MID(F37,LEN(F37)-3,1)) -> 3 | C37: 1 | D37: 2014-2020 | E37: =+IF(F37=0,0,CONCATENATE(MID(F37,FIND("-",F37,1)+1,4),"ORAS")) -> 15 HORAS | F37: 17.CAMION TIPO25m³-15 HORAS-3 OP | G37: =+IF(F37="","",VLOOKUP(F37,$H$139:$I$185,2,FALSE)) -> 443323
G38: =+IF(F38="","",VLOOKUP(F38,$H$139:$I$185,2,FALSE))
A40: valor total | B40: =+B26+B27+B28+B34+B35+B36+B37+B38 -> 22 | C40: =SUM(C26:C32)+C34+C35+C36+C37+C38+C39 -> 7 | E40: =+IF(F40=0,0,CONCATENATE(MID(F40,FIND("-",F40,1)+1,3),"ORAS")) -> 0 | G40: =+G26+G27+G28+G29+G30+G31+G34+G35+G36+G37+G38 -> #VALUE!
A41: ZONA SUR
A42: RUTAS CICLOVÍA 40 M3
A43: CORREDOR | B43: # OPERARIOS | C43: # CAMIONES | D43: MODELO | E43: DISPONIBILIDAD | F43: TIPO DE SERVICIO | G43: $
A52: RUTAS CICLOVÍA 25 M3
A53: CORREDOR | B53: # OPERARIOS | C53: # CAMIONES | D53: MODELO | E53: DISPONIBILIDAD | F53: TIPO DE SERVICIO | G53: $
A54: SUR 1 ZONA 1 | B54: =+IF(F54=0,0,MID(F54,LEN(F54)-3,1)) -> 3 | C54: 1 | D54: 2014-2020 | E54: =+IF(F54=0,0,CONCATENATE(MID(F54,FIND("-",F54,1)+1,4),"ORAS")) -> 15 HORAS | F54: 17.CAMION TIPO25m³-15 HORAS-3 OP | G54: =+IF(F54="","",VLOOKUP(F54,$H$139:$I$185,2,FALSE)) -> 443323
A55: SUR 1 ZONA 2 | B55: =+IF(F55=0,0,MID(F55,LEN(F55)-3,1)) -> 3 | C55: 1 | D55: 2014-2020 | E55: =+IF(F55=0,0,CONCATENATE(MID(F55,FIND("-",F55,1)+1,4),"ORAS")) -> 15 HORAS | F55: 17.CAMION TIPO25m³-15 HORAS-3 OP | G55: =+IF(F55="","",VLOOKUP(F55,$H$139:$I$185,2,FALSE)) -> 443323
A56: SUR 1 MALETINES | B56: =+IF(F56=0,0,MID(F56,LEN(F56)-3,1)) -> 3 | C56: 1 | D56: 2014-2020 | E56: =+IF(F56=0,0,CONCATENATE(MID(F56,FIND("-",F56,1)+1,4),"ORAS")) -> 15 HORAS | F56: 17.CAMION TIPO25m³-15 HORAS-3 OP | G56: =+IF(F56="","",VLOOKUP(F56,$H$139:$I$185,2,FALSE)) -> 443323
A57: SUR 2 | B57: =+IF(F57=0,0,MID(F57,LEN(F57)-3,1)) -> 3 | C57: 1 | D57: 2014-2020 | E57: =+IF(F57=0,0,CONCATENATE(MID(F57,FIND("-",F57,1)+1,4),"ORAS")) -> 15 HORAS | F57: 17.CAMION TIPO25m³-15 HORAS-3 OP | G57: =+IF(F57="","",VLOOKUP(F57,$H$139:$I$185,2,FALSE)) -> 443323
A58: SUR 2 CANECAS 1 | B58: =+IF(F58=0,0,MID(F58,LEN(F58)-3,1)) -> 3 | C58: 1 | D58: 2014-2020 | E58: =+IF(F58=0,0,CONCATENATE(MID(F58,FIND("-",F58,1)+1,4),"ORAS")) -> 15 HORAS | F58: 17.CAMION TIPO25m³-15 HORAS-3 OP | G58: =+IF(F58="","",VLOOKUP(F58,$H$139:$I$185,2,FALSE)) -> 443323
A59: SUR 2 CANECAS 2 | B59: =+IF(F59=0,0,MID(F59,LEN(F59)-3,1)) -> 3 | C59: 1 | D59: 2014-2020 | E59: =+IF(F59=0,0,CONCATENATE(MID(F59,FIND("-",F59,1)+1,4),"ORAS")) -> 15 HORAS | F59: 17.CAMION TIPO25m³-15 HORAS-3 OP | G59: =+IF(F59="","",VLOOKUP(F59,$H$139:$I$185,2,FALSE)) -> 443323
A60: SUR 2 CANECAS 3 | B60: =+IF(F60=0,0,MID(F60,LEN(F60)-3,1)) -> 3 | C60: 1 | D60: 2014-2020 | E60: =+IF(F60=0,0,CONCATENATE(MID(F60,FIND("-",F60,1)+1,4),"ORAS")) -> 15 HORAS | F60: 17.CAMION TIPO25m³-15 HORAS-3 OP | G60: =+IF(F60="","",VLOOKUP(F60,$H$139:$I$185,2,FALSE)) -> 443323
A61: SUR 2 CANECAS 4 | B61: =+IF(F61=0,0,MID(F61,LEN(F61)-3,1)) -> 3 | C61: 1 | D61: 2014-2020 | E61: =+IF(F61=0,0,CONCATENATE(MID(F61,FIND("-",F61,1)+1,4),"ORAS")) -> 15 HORAS | F61: 17.CAMION TIPO25m³-15 HORAS-3 OP | G61: =+IF(F61="","",VLOOKUP(F61,$H$139:$I$185,2,FALSE)) -> 443323
A62: SUR 3 ZONA 1 | B62: =+IF(F62=0,0,MID(F62,LEN(F62)-3,1)) -> 3 | C62: 1 | D62: 2014-2020 | E62: =+IF(F62=0,0,CONCATENATE(MID(F62,FIND("-",F62,1)+1,4),"ORAS")) -> 15 HORAS | F62: 17.CAMION TIPO25m³-15 HORAS-3 OP | G62: =+IF(F62="","",VLOOKUP(F62,$H$139:$I$185,2,FALSE)) -> 443323
A63: SUR 3 ZONA 2 | B63: =+IF(F63=0,0,MID(F63,LEN(F63)-3,1)) -> 3 | C63: 1 | D63: 2014-2020 | E63: =+IF(F63=0,0,CONCATENATE(MID(F63,FIND("-",F63,1)+1,4),"ORAS")) -> 15 HORAS | F63: 17.CAMION TIPO25m³-15 HORAS-3 OP | G63: =+IF(F63="","",VLOOKUP(F63,$H$139:$I$185,2,FALSE)) -> 443323
A65: valor total | B65: =+B54+B55+B56+B57+B58+B64+B59+B60+B61+B62+B63+B46+B47+B48+B49+B50+B51 -> 30 | C65: =C59+C60+C61+C62+C63+C46+C47+C48+C49+C50+C54+C55+C56+C57+C58+C64 -> 10 | G65: =+G54+G55+G56+G57+G58+G59+G60+G61+G62+G63 -> 4433230
A67: TOTAL | B67: =B65+B40+B22 -> 78 | C67: =C65+C40+C22 -> 25 | D67: =D65+D40+D22 -> 0 | G67: =G65+G40+G22 -> #VALUE!
J68: GRAN TOTAL OPERA | K68: =K25+B67+T25+AB25 -> 102
J69: GRAN TOTAL CAMIONES | K69: =L25+C67+U25+AC25 -> 31 | M69: ZONA NORTE | N69: ZONA CENTRO | O69: ZONA SUR
J70: VALOR $ | K70: =G67+P25+Y25 -> #VALUE! | M70: =G22+P18+Y20 -> 4557065 | N70: =G40+P4+P5+Y4+Y5+Y6+Y7+Y15+Y16+Y21 -> #VALUE! | O70: =G65+Y22 -> 4806464 | P70: =SUM(M70:O70) -> #VALUE!
A72: OTRAS NOVEDADES DE JORNADA
A73: MOVIMIENTOS: PARA LA JORNADA DE CICLOVÍA NO SE PROGRAMARON LOS CAMIONES DE C6 ZONA 1, DE ACUERDO A UNA CARRERA ATLETICA QUE SE TIENE EN EL CIRCUITO DE PARQUE NACIONAL * SE REQUIERE QUE LOS DOS OPERARIOS PARA APOYO DE CICLOVÍA LLEGUEN A LA CALLE 3 A LAS 9:00 AM Y ESTEN DISPONIBLES HASTA LAS 5:00 PM. ENCARGADA JULIETH ARROYO. * EL VEHÍCULO DE ESCUELA, DEBEN COMUNICARSE CON EL TALENTO HUMANO DE EL PROGRAMA DE ESCUELA DE LA BICICLETA SERGIO PRIETO CEL 3167160204 O JHONATHAN VALBUENA CEL 3175023577, LO ANTERIOR PARA COORDINAR LOS PUNTOS Y LOS DESPLAZAMIENTOS. * LA CAMIONETA FURGONADA DE PENDONES DE CALLE 26 DEBE LLEGAR A LAS 4:00 AM AL IDRD, JUNTO CON LOS DOS OPERARIOS ADICIONALES. CAMIONETA 1: CAMIONETA DEBE LLEGAR A LAS 4:00 AM A CALLE 3 QUEDA DISPONIBLE. ENCARGADO LUIS MARTÍNEZ. CAMIONETA 2: CAMIONETA DEBE LLEGAR A LAS 4:00 AM AL CALLE 3 QUEDA DISPONIBLE. ENCARGADO CAMILO MORA. CAMIONETA 3: CAMIONETA DEBE LLEGAR A LAS 4:00 AM A CALLE 3 QUEDA DISPONIBLE. ENCARGADO LUIS MARTÍNEZ. DSIPONIBLES: SE DEBEN DEJAR UN CAMIÓN DISPONIBLE EL CUAL DEBE VOVLER CON SUS OPERARIOS DEBE LLEGAR A LA CALLE 3 A LAS 8 AM. ENCARGADO LUIS MARTÍNEZ
A93: Apoyan Guardaines ATN Norte 4, Norte 2 y Norte 3 Apoan Guardianes ATN Norte 1, Centro 1 y Centro 5 Apoyan Guardianes ATN Centro 4, Centro 3 y Sur 3 Apoyan Guardianes ATN Sur 1, Sur 2 y Centro 2
J138: TIPO DE DISPONIBILIDAD | K138: OPERARIOS
F139: 0 | G139: 0 | H139: 0 | I139: 0 | J139: 0 | K139: 0 | L139: 0 | M139: 0 | N139: =+CONCATENATE(G139,"VEHICULO",M139) -> 0VEHICULO0
F140: 40m³-15H-4OP | G140: 1. | H140: 1.CAMION TIPO40m³-15 HORAS-4 OP | I140: 582964 | J140: C | K140: 4 | L140: 1 SENCILLO 15H 4OP | M140: . | N140: =+CONCATENATE(G140,F140) -> 1.40m³-15H-4OP
F141: 40m³-15H-3OP | G141: 2. | H141: 2.CAMION TIPO40m³-15 HORAS-3 OP | I141: 514916 | J141: C | K141: 3 | L141: 2 SENCILLO 15H 3OP | M141: . | N141: =+CONCATENATE(G141,F141) -> 2.40m³-15H-3OP
F142: 40m³-15H-2OP | G142: 3. | H142: 3.CAMION TIPO40m³-15 HORAS-2 OP | I142: 448638 | J142: C | K142: 2 | L142: 3 SENCILLO 15H 2OP | M142: . | N142: =+CONCATENATE(G142,F142) -> 3.40m³-15H-2OP
F143: 40m³-15H-1OP | G143: 4. | H143: 4.CAMION TIPO40m³-15 HORAS-1 OP | I143: 381163 | J143: C | K143: 1 | L143: 4 SENCILLO 15H 1OP | M143: . | N143: =+CONCATENATE(G143,F143) -> 4.40m³-15H-1OP
F144: 40m³-15H-0OP | G144: 5. | H144: 5.CAMION TIPO40m³-15 HORAS-0 OP | I144: 321680 | J144: C | K144: 0 | L144: 5 SENCILLO 15H 0OP | M144: . | N144: =+CONCATENATE(G144,F144) -> 5.40m³-15H-0OP
F145: 40m³-9H-4OP | G145: 6. | H145: 6.CAMION TIPO40m³-09 HORAS-4 OP | I145: 509192 | J145: M | K145: 4 | L145: 6 SENCILLO M 4OP | M145: . | N145: =+CONCATENATE(G145,F145) -> 6.40m³-9H-4OP
F146: 40m³-9H-3OP | G146: 7. | H146: 7.CAMION TIPO40m³-09 HORAS-3 OP | I146: 450204 | J146: M | K146: 3 | L146: 7 SENCILLO M 3OP | M146: . | N146: =+CONCATENATE(G146,F146) -> 7.40m³-9H-3OP
F147: 40m³-9H-2OP | G147: 8. | H147: 8.CAMION TIPO40m³-09 HORAS-2 OP | I147: 392186 | J147: M | K147: 2 | L147: 8 SENCILLO M 2OP | M147: . | N147: =+CONCATENATE(G147,F147) -> 8.40m³-9H-2OP
F148: 40m³-9H-1OP | G148: 9. | H148: 9.CAMION TIPO40m³-09 HORAS-1 OP | I148: 329397 | J148: M | K148: 1 | L148: 9 SENCILLO M 1OP | M148: . | N148: =+CONCATENATE(G148,F148) -> 9.40m³-9H-1OP
F149: 40m³-9H-0OP | G149: 10. | H149: 10.CAMION TIPO40m³-09 HORAS-0 OP | I149: 280919 | J149: M | K149: 0 | L149: 10 SENCILLO M 0OP | M149: . | N149: =+CONCATENATE(G149,F149) -> 10.40m³-9H-0OP
F150: 40m³-4H-4OP | G150: 11. | H150: 11.CAMION TIPO40m³-04 HORAS-4 OP | I150: 420585 | J150: R | K150: 4 | L150: 11 SENCILLO R 4OP | M150: . | N150: =+CONCATENATE(G150,F150) -> 11.40m³-4H-4OP
F151: 40m³-4H-3OP | G151: 12. | H151: 12.CAMION TIPO40m³-04 HORAS-3 OP | I151: 369327 | J151: R | K151: 3 | L151: 12 SENCILLO R 3OP | M151: . | N151: =+CONCATENATE(G151,F151) -> 12.40m³-4H-3OP
... F181: OPERARIO-6-H | G181: 42. | H181: 42.OPERARIO-06 HORAS | I181: 41562 | J181: H | K181: 0 | L181: 42 OPERARIO 6 H | M181: . | N181: =+CONCATENATE(G181,F181) -> 42.OPERARIO-6-H
F182: BOGOTA-REGION-40m³- | G182: 43. | H182: 43.BOGOTA-REGION-40m³-9 HORAS | I182: 628232 | N182: =+CONCATENATE(G182,F182) -> 43.BOGOTA-REGION-40m³-
F183: BOGOTA-REGION-25m³- | G183: 44. | H183: 44.BOGOTA-REGION-25m³-9 HORAS | I183: 562619 | N183: =+CONCATENATE(G183,F183) -> 44.BOGOTA-REGION-25m³-
F184: BOGOTA-REGION-FURGON- | G184: 45. | H184: 45.BOGOTA-REGION-FURGON-9 HORAS | I184: 418264 | N184: =+CONCATENATE(G184,F184) -> 45.BOGOTA-REGION-FURGON-
F185: BOGOTA-REGION-4X4 | G185: 46. | H185: 46.BOGOTA-REGION-4X4-9 HORAS | I185: 288714 | N185: =+CONCATENATE(G185,F185) -> 46.BOGOTA-REGION-4X4
N186: =+CONCATENATE(G186,F186)

Sheet 15 AGOSTO
A1: ZONA NORTE
A2: RUTAS CICLOVÍA 40 M3 | I2: LUDICA CICLOVÍA, ESCUELA DE LA BICI, ADICIONALES 25 M3 | R2: CONOS CICLOVÍA 25 M3
A3: CORREDOR | B3: # OPERARIOS | C3: # CAMIONES | D3: MODELO | E3: DISPONIBILIDAD | F3: TIPO DE SERVICIO | G3: $ | I3: ZONA | J3: CORREDOR | K3: # OPERARIOS | L3: # CAMIONES | M3: MODELO | N3: DISPONIBILIDAD | O3: TIPO DE SERVICIO | P3: $ | R3: ZONA | S3: CORREDOR | T3: # OPERARIOS | U3: # CAMIONES | V3: MODELO | W3: DISPONIBILIDAD | X3: TIPO DE SERVICIO | Y3: $
A4: NORTE 1 | B4: =+IF(F4=0,0,MID(F4,LEN(F4)-3,1)) -> 3 | C4: 1 | D4: 2014-2020 | E4: =+IF(F4=0,0,CONCATENATE(MID(F4,FIND("-",F4,1)+1,4),"ORAS")) -> 15 HORAS | F4: 2.CAMION TIPO40m³-15 HORAS-3 OP | G4: =+IF(C4=0,0,IF(F4="","",VLOOKUP(F4,$H$139:$I$185,2,FALSE))*C4) -> 514916 | I4: CENTRO | J4: CAMIONETA FURGONADA PENDONES CALLE 26 | K4: 0 | L4: 1 | M4: 2014-2020 | N4: =+IF(O4=0,0,CONCATENATE(MID(O4,FIND("-",O4,1)+1,4),"ORAS")) -> 15 HORAS | O4: 31.CAMION TIPOFURGON-15 HORAS | P4: =+IF(O4="","",VLOOKUP(O4,$H$139:$I$185,2,FALSE)) -> 239262 | R4: CENTRO | S4: CENTRO 5 CAMION 1 UNICONOS | T4: =+IF(X4=0,0,MID(X4,LEN(X4)-3,1)) -> 4 | U4: 1 | V4: 2014-2020 | W4: =+IF(X4=0,0,CONCATENATE(MID(X4,FIND("-",X4,1)+1,4),"ORAS")) -> 15 HORAS | X4: 16.CAMION TIPO25m³-15 HORAS-4 OP | Y4: =+IF(X4="","",VLOOKUP(X4,$H$139:$I$185,2,FALSE)) -> 501739
A5: NORTE 2 | B5: =+IF(F5=0,0,MID(F5,LEN(F5)-3,1)) -> 3 | C5: 1 | D5: 2014-2020 | E5: =+IF(F5=0,0,CONCATENATE(MID(F5,FIND("-",F5,1)+1,4),"ORAS")) -> 15 HORAS | F5: 2.CAMION TIPO40m³-15 HORAS-3 OP | G5: =+IF(F5="","",VLOOKUP(F5,$H$139:$I$185,2,FALSE)) -> 514916 | I5: CENTRO | J5: ESCUELA | K5: =+IF(O5=0,0,MID(O5,LEN(O5)-3,1)) -> 3 | L5: 1 | M5: 2014-2020 | N5: =+IF(O5=0,0,CONCATENATE(MID(O5,FIND("-",O5,1)+1,4),"ORAS")) -> 15 HORAS | O5: 17.CAMION TIPO25m³-15 HORAS-3 OP | P5: =+IF(O5="","",VLOOKUP(O5,$H$139:$I$185,2,FALSE)) -> 443323 | R5: CENTRO | S5: CENTRO 5 CAMION 2 UNICONOS | T5: =+IF(X5=0,0,MID(X5,LEN(X5)-3,1)) -> 4 | U5: 1 | V5: 2014-2020 | W5: =+IF(X5=0,0,CONCATENATE(MID(X5,FIND("-",X5,1)+1,4),"ORAS")) -> 15 HORAS | X5: 16.CAMION TIPO25m³-15 HORAS-4 OP | Y5: =+IF(X5="","",VLOOKUP(X5,$H$139:$I$185,2,FALSE)) -> 501739
A6: NORTE 3 | B6: =+IF(F6=0,0,MID(F6,LEN(F6)-3,1)) -> 3 | C6: 1 | D6: 2014-2020 | E6: =+IF(F6=0,0,CONCATENATE(MID(F6,FIND("-",F6,1)+1,4),"ORAS")) -> 15 HORAS | F6: 2.CAMION TIPO40m³-15 HORAS-3 OP | G6: =+IF(F6="","",VLOOKUP(F6,$H$139:$I$185,2,FALSE)) -> 514916 | R6: CENTRO | S6: CENTRO 4 CAMION 3 UNICONOS | T6: =+IF(X6=0,0,MID(X6,LEN(X6)-3,1)) -> 4 | U6: 1 | V6: 2014-2020 | W6: =+IF(X6=0,0,CONCATENATE(MID(X6,FIND("-",X6,1)+1,4),"ORAS")) -> 15 HORAS | X6: 16.CAMION TIPO25m³-15 HORAS-4 OP | Y6: =+IF(X6="","",VLOOKUP(X6,$H$139:$I$185,2,FALSE)) -> 501739
A7: NORTE 4 | B7: =+IF(F7=0,0,MID(F7,LEN(F7)-3,1)) -> 3 | C7: 1 | D7: 2014-2020 | E7: =+IF(F7=0,0,CONCATENATE(MID(F7,FIND("-",F7,1)+1,4),"ORAS")) -> 15 HORAS | F7: 2.CAMION TIPO40m³-15 HORAS-3 OP | G7: =+IF(F7="","",VLOOKUP(F7,$H$139:$I$185,2,FALSE)) -> 514916 | R7: CENTRO | S7: CENTRO 4 CAMION 4 UNICONOS | T7: =+IF(X7=0,0,MID(X7,LEN(X7)-3,1)) -> 4 | U7: 1 | V7: 2014-2020 | W7: =+IF(X7=0,0,CONCATENATE(MID(X7,FIND("-",X7,1)+1,4),"ORAS")) -> 15 HORAS | X7: 16.CAMION TIPO25m³-15 HORAS-4 OP | Y7: =+IF(X7="","",VLOOKUP(X7,$H$139:$I$185,2,FALSE)) -> 501739
A8: NORTE 5 ZONA 1 | B8: =+IF(F8=0,0,MID(F8,LEN(F8)-3,1)) -> 3 | C8: 1 | D8: 2014-2020 | E8: =+IF(F8=0,0,CONCATENATE(MID(F8,FIND("-",F8,1)+1,4),"ORAS")) -> 15 HORAS | F8: 2.CAMION TIPO40m³-15 HORAS-3 OP | G8: =+IF(C8=0,0,IF(F8="","",VLOOKUP(F8,$H$139:$I$185,2,FALSE))*C8) -> 514916 | U8: =+U4+U5+U6+U7 -> 4
A9: NORTE 1 MALETINES | B9: =+IF(F9=0,0,MID(F9,LEN(F9)-3,1)) -> 4 | C9: 1 | D9: 2014-2020 | E9: =+IF(F9=0,0,CONCATENATE(MID(F9,FIND("-",F9,1)+1,4),"ORAS")) -> 15 HORAS | F9: 1.CAMION TIPO40m³-15 HORAS-4 OP | G9: =+IF(F9="","",VLOOKUP(F9,$H$139:$I$185,2,FALSE)) -> 582964
A10: NORTE 1 DIVISORES | B10: =+IF(F10=0,0,MID(F10,LEN(F10)-3,1)) -> 4 | C10: 1 | D10: 2014-2020 | E10: =+IF(F10=0,0,CONCATENATE(MID(F10,FIND("-",F10,1)+1,4),"ORAS")) -> 15 HORAS | F10: 1.CAMION TIPO40m³-15 HORAS-4 OP | G10: =+IF(F10="","",VLOOKUP(F10,$H$139:$I$185,2,FALSE)) -> 582964
B13: =+B10+B9+B8+B7+B6+B5+B4 -> 23 | C13: =+C10+C9+C8+C7+C6+C5+C4 -> 7 | G13: =+G4+G5+G6+G7+G8+G9+G10 -> 3740508 | R13: OPERARIOS ADICIONALES
A14: RUTAS CICLOVÍA 25 M3 | R14: ZONA | S14: CORREDOR | T14: # OPERARIOS | U14: # CAMIONES | V14: MODELO | W14: DISPONIBILIDAD | X14: TIPO DE SERVICIO | Y14: $
A15: CORREDOR | B15: # OPERARIOS | C15: # CAMIONES | D15: MODELO | E15: DISPONIBILIDAD | F15: TIPO DE SERVICIO | G15: $ | R15: CENTRO | S15: APOYO CICLOVÍA | T15: 3 | U15: 0 | V15: NA | W15: =+IF(X15=0,0,CONCATENATE(MID(X15,FIND("-",X15,1)+1,4),"ORAS")) -> 08 HORAS | X15: 41.OPERARIO-08 HORAS | Y15: =+IF(X15="","",VLOOKUP(X15,$H$139:$I$185,2,FALSE))*T15 -> 160731
A16: NORTE 5 ZONA 2 | B16: =+IF(F16=0,0,MID(F16,LEN(F16)-3,1)) -> 3 | C16: 1 | D16: 2014-2020 | E16: =+IF(F16=0,0,CONCATENATE(MID(F16,FIND("-",F16,1)+1,4),"ORAS")) -> 15 HORAS | F16: 17.CAMION TIPO25m³-15 HORAS-3 OP | G16: =+IF(C16=0,0,IF(F16="","",VLOOKUP(F16,$H$139:$I$185,2,FALSE))*C16) -> 443323 | I16: ATN CICLOVÍA, ESCUELA DE LA BICI, ADICIONALES 40 M3 | R16: CENTRO | S16: ADICIONALES | T16: 2 | U16: 0 | V16: NA | W16: =+IF(X16=0,0,CONCATENATE(MID(X16,FIND("-",X16,1)+1,4),"ORAS")) -> 08 HORAS | X16: 41.OPERARIO-08 HORAS | Y16: =+IF(X16="","",VLOOKUP(X16,$H$139:$I$185,2,FALSE))*T16 -> 107154
I17: ZONA | J17: CORREDOR | K17: # OPERARIOS | L17: # CAMIONES | M17: MODELO | N17: DISPONIBILIDAD | O17: TIPO DE SERVICIO | P17: $
K18: =+IF(O18=0,0,MID(O18,LEN(O18)-3,1)) -> 0 | L18: 0 | M18: 2014-2020 | N18: =+IF(O18=0,0,CONCATENATE(MID(O18,FIND("-",O18,1)+1,4),"ORAS")) -> 0 | O18: 0 | P18: =+IF(O18="","",VLOOKUP(O18,$H$139:$I$185,2,FALSE)) -> 0 | R18: CAMIONETA 4 X4 DOBLE CABINA CON PLATON
R19: ZONA | S19: CORREDOR | T19: # OPERARIOS | U19: # CAMIONES | V19: MODELO | W19: DISPONIBILIDAD | X19: TIPO DE SERVICIO | Y19: $
R20: NORTE | S20: APOYO CICLOVÍA | T20: NA | U20: NA | V20: 2014-2020 | W20: =+IF(X20=0,0,CONCATENATE(MID(X20,FIND("-",X20,1)+1,4),"ORAS")) -> 15 HORAS | X20: 34.4X4-15 HORAS | Y20: =+IF(X20="","",VLOOKUP(X20,$H$139:$I$185,2,FALSE)) -> 373234
R21: CENTRO | S21: APOYO CICLOVÍA | T21: NA | U21: NA | V21: 2014-2020 | W21: =+IF(X21=0,0,CONCATENATE(MID(X21,FIND("-",X21,1)+1,4),"ORAS")) -> 15 HORAS | X21: 31.CAMION TIPOFURGON-15 HORAS | Y21: =+IF(X21="","",VLOOKUP(X21,$H$139:$I$185,2,FALSE)) -> 239262
A22: valor total | B22: =SUM(B4:B13)+B16+B17+B18+B19+B20+B21 -> 26 | C22: =+C4+C5+C6+C7+C8+C9+C10+C16 -> 8 | G22: =+G13+G16+G17 -> 4183831 | R22: SUR | S22: APOYO CICLOVÍA | T22: NA | U22: NA | V22: 2014-2020 | W22: =+IF(X22=0,0,CONCATENATE(MID(X22,FIND("-",X22,1)+1,4),"ORAS")) -> 15 HORAS | X22: 34.4X4-15 HORAS | Y22: =+IF(X22="","",VLOOKUP(X22,$H$139:$I$185,2,FALSE)) -> 373234
A23: ZONA CENTRO
A24: RUTAS CICLOVÍA 40 M3
A25: CORREDOR | B25: # OPERARIOS | C25: # CAMIONES | D25: MODELO | E25: DISPONIBILIDAD | F25: TIPO DE SERVICIO | G25: $ | J25: TOTAL | K25: =+K4+K5+K18 -> 3 | L25: =SUM(L4:L24) -> 2 | P25: =SUM(P4:P23) -> 682585 | S25: TOTAL | T25: =+T15+T16+T4+T5+T6+T7 -> 21 | U25: =SUM(U4:U7) -> 4 | Y25: =SUM(Y4:Y22) -> 3260571
A26: CENTRO 1 | B26: =+IF(F26=0,0,MID(F26,LEN(F26)-3,1)) -> 3 | C26: 1 | D26: 2014-2020 | E26: =+IF(F26=0,0,CONCATENATE(MID(F26,FIND("-",F26,1)+1,4),"ORAS")) -> 15 HORAS | F26: 2.CAMION TIPO40m³-15 HORAS-3 OP | G26: =+IF(C26=0,0,IF(F26="","",VLOOKUP(F26,$H$139:$I$185,2,FALSE))*C26) -> 514916
A27: CENTRO 2 | B27: =+IF(F27=0,0,MID(F27,LEN(F27)-3,1)) -> 4 | C27: 1 | D27: 2014-2020 | E27: =+IF(F27=0,0,CONCATENATE(MID(F27,FIND("-",F27,1)+1,4),"ORAS")) -> 15 HORAS | F27: 1.CAMION TIPO40m³-15 HORAS-4 OP | G27: =+IF(F27="","",VLOOKUP(F27,$H$139:$I$185,2,FALSE)) -> 582964
A28: CENTRO 5 | B28: =+IF(F28=0,0,MID(F28,LEN(F28)-3,1)) -> 3 | C28: 1 | D28: 2014-2020 | E28: =+IF(F28=0,0,CONCATENATE(MID(F28,FIND("-",F28,1)+1,4),"ORAS")) -> 15 HORAS | F28: 2.CAMION TIPO40m³-15 HORAS-3 OP | G28: =+IF(F28="","",VLOOKUP(F28,$H$139:$I$185,2,FALSE)) -> 514916
A32: RUTAS CICLOVÍA 25 M3
A33: > | B33: # OPERARIOS | C33: # CAMIONES | D33: MODELO | F33: TIPO DE SERVICIO | G33: $
A34: CENTRO 3 ZONA 1 | B34: =+IF(F34=0,0,MID(F34,LEN(F34)-3,1)) -> 3 | C34: 1 | D34: 2014-2020 | E34: =+IF(F34=0,0,CONCATENATE(MID(F34,FIND("-",F34,1)+1,4),"ORAS")) -> 15 HORAS | F34: 17.CAMION TIPO25m³-15 HORAS-3 OP | G34: =+IF(F34="","",VLOOKUP(F34,$H$139:$I$185,2,FALSE)) -> 443323
A35: CENTRO 3 ZONA 2 | B35: =+IF(F35=0,0,MID(F35,LEN(F35)-3,1)) -> 3 | C35: 1 | D35: 2014-2020 | E35: =+IF(F35=0,0,CONCATENATE(MID(F35,FIND("-",F35,1)+1,4),"ORAS")) -> 15 HORAS | F35: 17.CAMION TIPO25m³-15 HORAS-3 OP | G35: =+IF(F35="","",VLOOKUP(F35,$H$139:$I$185,2,FALSE)) -> 443323
A36: CENTRO 4 | B36: =+IF(F36=0,0,MID(F36,LEN(F36)-3,1)) -> 3 | C36: 1 | D36: 2014-2020 | E36: =+IF(F36=0,0,CONCATENATE(MID(F36,FIND("-",F36,1)+1,4),"ORAS")) -> 15 HORAS | F36: 17.CAMION TIPO25m³-15 HORAS-3 OP | G36: =+IF(F36="","",VLOOKUP(F36,$H$139:$I$185,2,FALSE)) -> 443323
A37: CENTRO 6 ZONA 1 | B37: =+IF(F37=0,0,MID(F37,LEN(F37)-3,1)) -> 3 | C37: 1 | D37: 2014-2020 | E37: =+IF(F37=0,0,CONCATENATE(MID(F37,FIND("-",F37,1)+1,4),"ORAS")) -> 15 HORAS | F37: 17.CAMION TIPO25m³-15 HORAS-3 OP | G37: =+IF(F37="","",VLOOKUP(F37,$H$139:$I$185,2,FALSE)) -> 443323
A38: CENTRO 6 ZONA 2 | B38: =+IF(F38=0,0,MID(F38,LEN(F38)-3,1)) -> 3 | C38: 1 | D38: 2014-2020 | E38: =+IF(F38=0,0,CONCATENATE(MID(F38,FIND("-",F38,1)+1,4),"ORAS")) -> 15 HORAS | F38: 17.CAMION TIPO25m³-15 HORAS-3 OP | G38: =+IF(F38="","",VLOOKUP(F38,$H$139:$I$185,2,FALSE)) -> 443323
A40: valor total | B40: =+B26+B27+B28+B34+B35+B36+B37+B38 -> 25 | C40: =SUM(C26:C32)+C34+C35+C36+C37+C38+C39 -> 8 | E40: =+IF(F40=0,0,CONCATENATE(MID(F40,FIND("-",F40,1)+1,3),"ORAS")) -> 0 | G40: =+G26+G27+G28+G29+G30+G31+G34+G35+G36+G37+G38 -> 3829411
A41: ZONA SUR
A42: RUTAS CICLOVÍA 40 M3
A43: CORREDOR | B43: # OPERARIOS | C43: # CAMIONES | D43: MODELO | E43: DISPONIBILIDAD | F43: TIPO DE SERVICIO | G43: $
A52: RUTAS CICLOVÍA 25 M3
A53: CORREDOR | B53: # OPERARIOS | C53: # CAMIONES | D53: MODELO | E53: DISPONIBILIDAD | F53: TIPO DE SERVICIO | G53: $
A54: SUR 1 ZONA 1 | B54: =+IF(F54=0,0,MID(F54,LEN(F54)-3,1)) -> 3 | C54: 1 | D54: 2014-2020 | E54: =+IF(F54=0,0,CONCATENATE(MID(F54,FIND("-",F54,1)+1,4),"ORAS")) -> 15 HORAS | F54: 17.CAMION TIPO25m³-15 HORAS-3 OP | G54: =+IF(F54="","",VLOOKUP(F54,$H$139:$I$185,2,FALSE)) -> 443323
A55: SUR 1 ZONA 2 | B55: =+IF(F55=0,0,MID(F55,LEN(F55)-3,1)) -> 3 | C55: 1 | D55: 2014-2020 | E55: =+IF(F55=0,0,CONCATENATE(MID(F55,FIND("-",F55,1)+1,4),"ORAS")) -> 15 HORAS | F55: 17.CAMION TIPO25m³-15 HORAS-3 OP | G55: =+IF(F55="","",VLOOKUP(F55,$H$139:$I$185,2,FALSE)) -> 443323
A56: SUR 1 MALETINES | B56: =+IF(F56=0,0,MID(F56,LEN(F56)-3,1)) -> 3 | C56: 1 | D56: 2014-2020 | E56: =+IF(F56=0,0,CONCATENATE(MID(F56,FIND("-",F56,1)+1,4),"ORAS")) -> 15 HORAS | F56: 17.CAMION TIPO25m³-15 HORAS-3 OP | G56: =+IF(F56="","",VLOOKUP(F56,$H$139:$I$185,2,FALSE)) -> 443323
A57: SUR 3 ZONA 1 | B57: =+IF(F57=0,0,MID(F57,LEN(F57)-3,1)) -> 3 | C57: 1 | D57: 2014-2020 | E57: =+IF(F57=0,0,CONCATENATE(MID(F57,FIND("-",F57,1)+1,4),"ORAS")) -> 15 HORAS | F57: 17.CAMION TIPO25m³-15 HORAS-3 OP | G57: =+IF(F57="","",VLOOKUP(F57,$H$139:$I$185,2,FALSE)) -> 443323
A58: SUR 3 ZONA 2 | B58: =+IF(F58=0,0,MID(F58,LEN(F58)-3,1)) -> 3 | C58: 1 | D58: 2014-2020 | E58: =+IF(F58=0,0,CONCATENATE(MID(F58,FIND("-",F58,1)+1,4),"ORAS")) -> 15 HORAS | F58: 17.CAMION TIPO25m³-15 HORAS-3 OP | G58: =+IF(F58="","",VLOOKUP(F58,$H$139:$I$185,2,FALSE)) -> 443323
G59: =+IF(F59="","",VLOOKUP(F59,$H$139:$I$185,2,FALSE))
G60: =+IF(F60="","",VLOOKUP(F60,$H$139:$I$185,2,FALSE))
G61: =+IF(F61="","",VLOOKUP(F61,$H$139:$I$185,2,FALSE))
G62: =+IF(F62="","",VLOOKUP(F62,$H$139:$I$185,2,FALSE))
G63: =+IF(F63="","",VLOOKUP(F63,$H$139:$I$185,2,FALSE))
A65: valor total | B65: =+B54+B55+B56+B57+B58+B64+B59+B60+B61+B62+B63+B46+B47+B48+B49+B50+B51 -> 15 | C65: =C59+C60+C61+C62+C63+C46+C47+C48+C49+C50+C54+C55+C56+C57+C58+C64 -> 5 | G65: =+G54+G55+G56+G57+G58+G59+G60+G61+G62+G63 -> #VALUE!
A67: TOTAL | B67: =B65+B40+B22 -> 66 | C67: =C65+C40+C22 -> 21 | D67: =D65+D40+D22 -> 0 | G67: =G65+G40+G22 -> #VALUE!
J68: GRAN TOTAL OPERA | K68: =K25+B67+T25+AB25 -> 90
J69: GRAN TOTAL CAMIONES | K69: =L25+C67+U25+AC25 -> 27 | M69: ZONA NORTE | N69: ZONA CENTRO | O69: ZONA SUR
J70: VALOR $ | K70: =G67+P25+Y25 -> #VALUE! | M70: =G22+P18+Y20 -> 4557065 | N70: =G40+P4+P5+Y4+Y5+Y6+Y7+Y15+Y16+Y21 -> 7026099 | O70: =G65+Y22 -> #VALUE! | P70: =SUM(M70:O70) -> #VALUE!
A72: OTRAS NOVEDADES DE JORNADA
A73: MOVIMIENTOS: PARA ESTA JORNADA NO OPERA EL CORREDOR DE S2 POR LO TANTO NO SALEN LOS VEHICULOS DE CANECAS NI EL CAMIÓN DE DE S2. * SE REQUIERE QUE LOS DOS OPERARIOS PARA APOYO DE CICLOVÍA LLEGUEN A LA CALLE 3 A LAS 9:00 AM Y ESTEN DISPONIBLES HASTA LAS 5:00 PM. ENCARGADA JULIETH ARROYO. * EL VEHÍCULO DE ESCUELA, DEBEN COMUNICARSE CON EL TALENTO HUMANO DE EL PROGRAMA DE ESCUELA DE LA BICICLETA SERGIO PRIETO CEL 3167160204 O JHONATHAN VALBUENA CEL 3175023577, LO ANTERIOR PARA COORDINAR LOS PUNTOS Y LOS DESPLAZAMIENTOS. * LA CAMIONETA FURGONADA DE PENDONES DE CALLE 26 DEBE LLEGAR A LAS 4:00 AM AL IDRD, JUNTO CON LOS DOS OPERARIOS ADICIONALES. CAMIONETA 1: CAMIONETA DEBE LLEGAR A LAS 4:00 AM A CALLE 3 QUEDA DISPONIBLE. ENCARGADO LUIS MARTÍNEZ. CAMIONETA 2: CAMIONETA DEBE LLEGAR A LAS 4:00 AM AL CALLE 3 QUEDA DISPONIBLE. ENCARGADO CAMILO MORA. CAMIONETA 3: CAMIONETA DEBE LLEGAR A LAS 4:00 AM A CALLE 3 QUEDA DISPONIBLE. ENCARGADO LUIS MARTÍNEZ. DSIPONIBLES: SE DEBEN DEJAR UN CAMIÓN DISPONIBLE EL CUAL DEBE VOVLER CON SUS OPERARIOS DEBE LLEGAR A LA CALLE 3 A LAS 8 AM. ENCARGADO LUIS MARTÍNEZ.
A93: Apoyan Guardaines ATN Norte 4, Norte 2 y Norte 3 Apoan Guardianes ATN Norte 1, Centro 1 y Centro 5 Apoyan Guardianes ATN Centro 4, Centro 3 y Sur 3 Apoyan Guardianes ATN Sur 1, Sur 2 y Centro 2
J138: TIPO DE DISPONIBILIDAD | K138: OPERARIOS
F139: 0 | G139: 0 | H139: 0 | I139: 0 | J139: 0 | K139: 0 | L139: 0 | M139: 0 | N139: =+CONCATENATE(G139,"VEHICULO",M139) -> 0VEHICULO0
F140: 40m³-15H-4OP | G140: 1. | H140: 1.CAMION TIPO40m³-15 HORAS-4 OP | I140: 582964 | J140: C | K140: 4 | L140: 1 SENCILLO 15H 4OP | M140: . | N140: =+CONCATENATE(G140,F140) -> 1.40m³-15H-4OP
F141: 40m³-15H-3OP | G141: 2. | H141: 2.CAMION TIPO40m³-15 HORAS-3 OP | I141: 514916 | J141: C | K141: 3 | L141: 2 SENCILLO 15H 3OP | M141: . | N141: =+CONCATENATE(G141,F141) -> 2.40m³-15H-3OP
F142: 40m³-15H-2OP | G142: 3. | H142: 3.CAMION TIPO40m³-15 HORAS-2 OP | I142: 448638 | J142: C | K142: 2 | L142: 3 SENCILLO 15H 2OP | M142: . | N142: =+CONCATENATE(G142,F142) -> 3.40m³-15H-2OP
F143: 40m³-15H-1OP | G143: 4. | H143: 4.CAMION TIPO40m³-15 HORAS-1 OP | I143: 381163 | J143: C | K143: 1 | L143: 4 SENCILLO 15H 1OP | M143: . | N143: =+CONCATENATE(G143,F143) -> 4.40m³-15H-1OP
F144: 40m³-15H-0OP | G144: 5. | H144: 5.CAMION TIPO40m³-15 HORAS-0 OP | I144: 321680 | J144: C | K144: 0 | L144: 5 SENCILLO 15H 0OP | M144: . | N144: =+CONCATENATE(G144,F144) -> 5.40m³-15H-0OP
F145: 40m³-9H-4OP | G145: 6. | H145: 6.CAMION TIPO40m³-09 HORAS-4 OP | I145: 509192 | J145: M | K145: 4 | L145: 6 SENCILLO M 4OP | M145: . | N145: =+CONCATENATE(G145,F145) -> 6.40m³-9H-4OP
F146: 40m³-9H-3OP | G146: 7. | H146: 7.CAMION TIPO40m³-09 HORAS-3 OP | I146: 450204 | J146: M | K146: 3 | L146: 7 SENCILLO M 3OP | M146: . | N146: =+CONCATENATE(G146,F146) -> 7.40m³-9H-3OP
F147: 40m³-9H-2OP | G147: 8. | H147: 8.CAMION TIPO40m³-09 HORAS-2 OP | I147: 392186 | J147: M | K147: 2 | L147: 8 SENCILLO M 2OP | M147: . | N147: =+CONCATENATE(G147,F147) -> 8.40m³-9H-2OP
F148: 40m³-9H-1OP | G148: 9. | H148: 9.CAMION TIPO40m³-09 HORAS-1 OP | I148: 329397 | J148: M | K148: 1 | L148: 9 SENCILLO M 1OP | M148: . | N148: =+CONCATENATE(G148,F148) -> 9.40m³-9H-1OP
F149: 40m³-9H-0OP | G149: 10. | H149: 10.CAMION TIPO40m³-09 HORAS-0 OP | I149: 280919 | J149: M | K149: 0 | L149: 10 SENCILLO M 0OP | M149: . | N149: =+CONCATENATE(G149,F149) -> 10.40m³-9H-0OP
F150: 40m³-4H-4OP | G150: 11. | H150: 11.CAMION TIPO40m³-04 HORAS-4 OP | I150: 420585 | J150: R | K150: 4 | L150: 11 SENCILLO R 4OP | M150: . | N150: =+CONCATENATE(G150,F150) -> 11.40m³-4H-4OP
F151: 40m³-4H-3OP | G151: 12. | H151: 12.CAMION TIPO40m³-04 HORAS-3 OP | I151: 369327 | J151: R | K151: 3 | L151: 12 SENCILLO R 3OP | M151: . | N151: =+CONCATENATE(G151,F151) -> 12.40m³-4H-3OP
... F181: OPERARIO-6-H | G181: 42. | H181: 42.OPERARIO-06 HORAS | I181: 41562 | J181: H | K181: 0 | L181: 42 OPERARIO 6 H | M181: . | N181: =+CONCATENATE(G181,F181) -> 42.OPERARIO-6-H
F182: BOGOTA-REGION-40m³- | G182: 43. | H182: 43.BOGOTA-REGION-40m³-9 HORAS | I182: 628232 | N182: =+CONCATENATE(G182,F182) -> 43.BOGOTA-REGION-40m³-
F183: BOGOTA-REGION-25m³- | G183: 44. | H183: 44.BOGOTA-REGION-25m³-9 HORAS | I183: 562619 | N183: =+CONCATENATE(G183,F183) -> 44.BOGOTA-REGION-25m³-
F184: BOGOTA-REGION-FURGON- | G184: 45. | H184: 45.BOGOTA-REGION-FURGON-9 HORAS | I184: 418264 | N184: =+CONCATENATE(G184,F184) -> 45.BOGOTA-REGION-FURGON-
F185: BOGOTA-REGION-4X4 | G185: 46. | H185: 46.BOGOTA-REGION-4X4-9 HORAS | I185: 288714 | N185: =+CONCATENATE(G185,F185) -> 46.BOGOTA-REGION-4X4
N186: =+CONCATENATE(G186,F186)

Sheet 21 AGOSTO
A1: ZONA NORTE
A2: RUTAS CICLOVÍA 40 M3 | I2: LUDICA CICLOVÍA, ESCUELA DE LA BICI, ADICIONALES 25 M3 | R2: CONOS CICLOVÍA 25 M3
A3: CORREDOR | B3: # OPERARIOS | C3: # CAMIONES | D3: MODELO | E3: DISPONIBILIDAD | F3: TIPO DE SERVICIO | G3: $ | I3: ZONA | J3: CORREDOR | K3: # OPERARIOS | L3: # CAMIONES | M3: MODELO | N3: DISPONIBILIDAD | O3: TIPO DE SERVICIO | P3: $ | R3: ZONA | S3: CORREDOR | T3: # OPERARIOS | U3: # CAMIONES | V3: MODELO | W3: DISPONIBILIDAD | X3: TIPO DE SERVICIO | Y3: $
A4: NORTE 1 | B4: =+IF(F4=0,0,MID(F4,LEN(F4)-3,1)) -> 3 | C4: 1 | D4: 2014-2020 | E4: =+IF(F4=0,0,CONCATENATE(MID(F4,FIND("-",F4,1)+1,4),"ORAS")) -> 15 HORAS | F4: 2.CAMION TIPO40m³-15 HORAS-3 OP | G4: =+IF(C4=0,0,IF(F4="","",VLOOKUP(F4,$H$139:$I$185,2,FALSE))*C4) -> 514916 | I4: CENTRO | J4: CAMIONETA FURGONADA PENDONES CALLE 26 | K4: 0 | L4: 1 | M4: 2014-2020 | N4: =+IF(O4=0,0,CONCATENATE(MID(O4,FIND("-",O4,1)+1,4),"ORAS")) -> 15 HORAS | O4: 31.CAMION TIPOFURGON-15 HORAS | P4: =+IF(O4="","",VLOOKUP(O4,$H$139:$I$185,2,FALSE)) -> 239262 | R4: CENTRO | S4: CENTRO 5 CAMION 1 UNICONOS | T4: =+IF(X4=0,0,MID(X4,LEN(X4)-3,1)) -> 3 | U4: 1 | V4: 2014-2020 | W4: =+IF(X4=0,0,CONCATENATE(MID(X4,FIND("-",X4,1)+1,4),"ORAS")) -> 15 HORAS | X4: 17.CAMION TIPO25m³-15 HORAS-3 OP | Y4: =+IF(X4="","",VLOOKUP(X4,$H$139:$I$185,2,FALSE)) -> 443323
A5: NORTE 2 | B5: =+IF(F5=0,0,MID(F5,LEN(F5)-3,1)) -> 3 | C5: 1 | D5: 2014-2020 | E5: =+IF(F5=0,0,CONCATENATE(MID(F5,FIND("-",F5,1)+1,4),"ORAS")) -> 15 HORAS | F5: 2.CAMION TIPO40m³-15 HORAS-3 OP | G5: =+IF(F5="","",VLOOKUP(F5,$H$139:$I$185,2,FALSE)) -> 514916 | I5: CENTRO | J5: ESCUELA | K5: =+IF(O5=0,0,MID(O5,LEN(O5)-3,1)) -> 3 | L5: 1 | M5: 2014-2020 | N5: =+IF(O5=0,0,CONCATENATE(MID(O5,FIND("-",O5,1)+1,4),"ORAS")) -> 15 HORAS | O5: 17.CAMION TIPO25m³-15 HORAS-3 OP | P5: =+IF(O5="","",VLOOKUP(O5,$H$139:$I$185,2,FALSE)) -> 443323 | R5: CENTRO | S5: CENTRO 5 CAMION 2 UNICONOS | T5: =+IF(X5=0,0,MID(X5,LEN(X5)-3,1)) -> 4 | U5: 1 | V5: 2014-2020 | W5: =+IF(X5=0,0,CONCATENATE(MID(X5,FIND("-",X5,1)+1,4),"ORAS")) -> 15 HORAS | X5: 16.CAMION TIPO25m³-15 HORAS-4 OP | Y5: =+IF(X5="","",VLOOKUP(X5,$H$139:$I$185,2,FALSE)) -> 501739
A6: NORTE 3 | B6: =+IF(F6=0,0,MID(F6,LEN(F6)-3,1)) -> 3 | C6: 1 | D6: 2014-2020 | E6: =+IF(F6=0,0,CONCATENATE(MID(F6,FIND("-",F6,1)+1,4),"ORAS")) -> 15 HORAS | F6: 2.CAMION TIPO40m³-15 HORAS-3 OP | G6: =+IF(F6="","",VLOOKUP(F6,$H$139:$I$185,2,FALSE)) -> 514916 | R6: CENTRO | S6: CENTRO 4 CAMION 3 UNICONOS | T6: =+IF(X6=0,0,MID(X6,LEN(X6)-3,1)) -> 4 | U6: 1 | V6: 2014-2020 | W6: =+IF(X6=0,0,CONCATENATE(MID(X6,FIND("-",X6,1)+1,4),"ORAS")) -> 15 HORAS | X6: 16.CAMION TIPO25m³-15 HORAS-4 OP | Y6: =+IF(X6="","",VLOOKUP(X6,$H$139:$I$185,2,FALSE)) -> 501739
A7: NORTE 4 | B7: =+IF(F7=0,0,MID(F7,LEN(F7)-3,1)) -> 3 | C7: 1 | D7: 2014-2020 | E7: =+IF(F7=0,0,CONCATENATE(MID(F7,FIND("-",F7,1)+1,4),"ORAS")) -> 15 HORAS | F7: 2.CAMION TIPO40m³-15 HORAS-3 OP | G7: =+IF(F7="","",VLOOKUP(F7,$H$139:$I$185,2,FALSE)) -> 514916 | X7: 0 | Y7: =+IF(X7="","",VLOOKUP(X7,$H$139:$I$185,2,FALSE)) -> 0
A8: NORTE 5 ZONA 1 | B8: =+IF(F8=0,0,MID(F8,LEN(F8)-3,1)) -> 3 | C8: 1 | D8: 2014-2020 | E8: =+IF(F8=0,0,CONCATENATE(MID(F8,FIND("-",F8,1)+1,4),"ORAS")) -> 15 HORAS | F8: 2.CAMION TIPO40m³-15 HORAS-3 OP | G8: =+IF(C8=0,0,IF(F8="","",VLOOKUP(F8,$H$139:$I$185,2,FALSE))*C8) -> 514916 | U8: =+U4+U5+U6+U7 -> 3
A9: NORTE 1 MALETINES | B9: =+IF(F9=0,0,MID(F9,LEN(F9)-3,1)) -> 4 | C9: 1 | D9: 2014-2020 | E9: =+IF(F9=0,0,CONCATENATE(MID(F9,FIND("-",F9,1)+1,4),"ORAS")) -> 15 HORAS | F9: 1.CAMION TIPO40m³-15 HORAS-4 OP | G9: =+IF(F9="","",VLOOKUP(F9,$H$139:$I$185,2,FALSE)) -> 582964
A10: NORTE 1 DIVISORES | B10: =+IF(F10=0,0,MID(F10,LEN(F10)-3,1)) -> 4 | C10: 1 | D10: 2014-2020 | E10: =+IF(F10=0,0,CONCATENATE(MID(F10,FIND("-",F10,1)+1,4),"ORAS")) -> 15 HORAS | F10: 1.CAMION TIPO40m³-15 HORAS-4 OP | G10: =+IF(F10="","",VLOOKUP(F10,$H$139:$I$185,2,FALSE)) -> 582964
B13: =+B10+B9+B8+B7+B6+B5+B4 -> 23 | C13: =+C10+C9+C8+C7+C6+C5+C4 -> 7 | G13: =+G4+G5+G6+G7+G8+G9+G10 -> 3740508 | R13: OPERARIOS ADICIONALES
A14: RUTAS CICLOVÍA 25 M3 | R14: ZONA | S14: CORREDOR | T14: # OPERARIOS | U14: # CAMIONES | V14: MODELO | W14: DISPONIBILIDAD | X14: TIPO DE SERVICIO | Y14: $
A15: CORREDOR | B15: # OPERARIOS | C15: # CAMIONES | D15: MODELO | E15: DISPONIBILIDAD | F15: TIPO DE SERVICIO | G15: $ | R15: CENTRO | S15: APOYO CICLOVÍA | T15: 3 | U15: 0 | V15: NA | W15: =+IF(X15=0,0,CONCATENATE(MID(X15,FIND("-",X15,1)+1,4),"ORAS")) -> 08 HORAS | X15: 41.OPERARIO-08 HORAS | Y15: =+IF(X15="","",VLOOKUP(X15,$H$139:$I$185,2,FALSE))*T15 -> 160731
A16: NORTE 5 ZONA 2 | B16: =+IF(F16=0,0,MID(F16,LEN(F16)-3,1)) -> 3 | C16: 1 | D16: 2014-2020 | E16: =+IF(F16=0,0,CONCATENATE(MID(F16,FIND("-",F16,1)+1,4),"ORAS")) -> 15 HORAS | F16: 17.CAMION TIPO25m³-15 HORAS-3 OP | G16: =+IF(C16=0,0,IF(F16="","",VLOOKUP(F16,$H$139:$I$185,2,FALSE))*C16) -> 443323 | I16: ATN CICLOVÍA, ESCUELA DE LA BICI, ADICIONALES 40 M3 | R16: CENTRO | S16: ADICIONALES | T16: 2 | U16: 0 | V16: NA | W16: =+IF(X16=0,0,CONCATENATE(MID(X16,FIND("-",X16,1)+1,4),"ORAS")) -> 08 HORAS | X16: 41.OPERARIO-08 HORAS | Y16: =+IF(X16="","",VLOOKUP(X16,$H$139:$I$185,2,FALSE))*T16 -> 107154
I17: ZONA | J17: CORREDOR | K17: # OPERARIOS | L17: # CAMIONES | M17: MODELO | N17: DISPONIBILIDAD | O17: TIPO DE SERVICIO | P17: $
K18: =+IF(O18=0,0,MID(O18,LEN(O18)-3,1)) -> 0 | L18: 0 | N18: =+IF(O18=0,0,CONCATENATE(MID(O18,FIND("-",O18,1)+1,4),"ORAS")) -> 0 | O18: 0 | P18: =+IF(O18="","",VLOOKUP(O18,$H$139:$I$185,2,FALSE)) -> 0 | R18: CAMIONETA 4 X4 DOBLE CABINA CON PLATON
R19: ZONA | S19: CORREDOR | T19: # OPERARIOS | U19: # CAMIONES | V19: MODELO | W19: DISPONIBILIDAD | X19: TIPO DE SERVICIO | Y19: $
R20: NORTE | S20: APOYO CICLOVÍA | T20: NA | U20: NA | V20: 2014-2020 | W20: =+IF(X20=0,0,CONCATENATE(MID(X20,FIND("-",X20,1)+1,4),"ORAS")) -> 15 HORAS | X20: 34.4X4-15 HORAS | Y20: =+IF(X20="","",VLOOKUP(X20,$H$139:$I$185,2,FALSE)) -> 373234
R21: CENTRO | S21: APOYO CICLOVÍA | T21: NA | U21: NA | V21: 2014-2020 | W21: =+IF(X21=0,0,CONCATENATE(MID(X21,FIND("-",X21,1)+1,4),"ORAS")) -> 15 HORAS | X21: 34.4X4-15 HORAS | Y21: =+IF(X21="","",VLOOKUP(X21,$H$139:$I$185,2,FALSE)) -> 373234
A22: valor total | B22: =SUM(B4:B13)+B16+B17+B18+B19+B20+B21 -> 26 | C22: =+C4+C5+C6+C7+C8+C9+C10+C16 -> 8 | G22: =+G13+G16+G17 -> 4183831 | R22: SUR | S22: APOYO CICLOVÍA | T22: NA | U22: NA | V22: 2014-2020 | W22: =+IF(X22=0,0,CONCATENATE(MID(X22,FIND("-",X22,1)+1,4),"ORAS")) -> 15 HORAS | X22: 34.4X4-15 HORAS | Y22: =+IF(X22="","",VLOOKUP(X22,$H$139:$I$185,2,FALSE)) -> 373234
A23: ZONA CENTRO
A24: RUTAS CICLOVÍA 40 M3
A25: CORREDOR | B25: # OPERARIOS | C25: # CAMIONES | D25: MODELO | E25: DISPONIBILIDAD | F25: TIPO DE SERVICIO | G25: $ | J25: TOTAL | K25: =+K4+K5+K18 -> 3 | L25: =SUM(L4:L24) -> 2 | P25: =SUM(P4:P23) -> 682585 | S25: TOTAL | T25: =+T15+T16+T4+T5+T6+T7 -> 16 | U25: =SUM(U4:U7) -> 3 | Y25: =SUM(Y4:Y22) -> 2834388
A26: CENTRO 1 | B26: =+IF(F26=0,0,MID(F26,LEN(F26)-3,1)) -> 3 | C26: 1 | D26: 2014-2020 | E26: =+IF(F26=0,0,CONCATENATE(MID(F26,FIND("-",F26,1)+1,4),"ORAS")) -> 15 HORAS | F26: 2.CAMION TIPO40m³-15 HORAS-3 OP | G26: =+IF(C26=0,0,IF(F26="","",VLOOKUP(F26,$H$139:$I$185,2,FALSE))*C26) -> 514916
A27: CENTRO 2 | B27: =+IF(F27=0,0,MID(F27,LEN(F27)-3,1)) -> 4 | C27: 1 | D27: 2014-2020 | E27: =+IF(F27=0,0,CONCATENATE(MID(F27,FIND("-",F27,1)+1,4),"ORAS")) -> 15 HORAS | F27: 1.CAMION TIPO40m³-15 HORAS-4 OP | G27: =+IF(F27="","",VLOOKUP(F27,$H$139:$I$185,2,FALSE)) -> 582964
A28: CENTRO 5 | B28: =+IF(F28=0,0,MID(F28,LEN(F28)-3,1)) -> 3 | C28: 1 | D28: 2014-2020 | E28: =+IF(F28=0,0,CONCATENATE(MID(F28,FIND("-",F28,1)+1,4),"ORAS")) -> 15 HORAS | F28: 2.CAMION TIPO40m³-15 HORAS-3 OP | G28: =+IF(F28="","",VLOOKUP(F28,$H$139:$I$185,2,FALSE)) -> 514916
A32: RUTAS CICLOVÍA 25 M3
A33: > | B33: # OPERARIOS | C33: # CAMIONES | D33: MODELO | F33: TIPO DE SERVICIO | G33: $
A34: CENTRO 3 ZONA 1 | B34: =+IF(F34=0,0,MID(F34,LEN(F34)-3,1)) -> 3 | C34: 1 | D34: 2014-2020 | E34: =+IF(F34=0,0,CONCATENATE(MID(F34,FIND("-",F34,1)+1,4),"ORAS")) -> 15 HORAS | F34: 17.CAMION TIPO25m³-15 HORAS-3 OP | G34: =+IF(F34="","",VLOOKUP(F34,$H$139:$I$185,2,FALSE)) -> 443323
A35: CENTRO 3 ZONA 2 | B35: =+IF(F35=0,0,MID(F35,LEN(F35)-3,1)) -> 3 | C35: 1 | D35: 2014-2020 | E35: =+IF(F35=0,0,CONCATENATE(MID(F35,FIND("-",F35,1)+1,4),"ORAS")) -> 15 HORAS | F35: 17.CAMION TIPO25m³-15 HORAS-3 OP | G35: =+IF(F35="","",VLOOKUP(F35,$H$139:$I$185,2,FALSE)) -> 443323
A36: CENTRO 4 | B36: =+IF(F36=0,0,MID(F36,LEN(F36)-3,1)) -> 3 | C36: 1 | D36: 2014-2020 | E36: =+IF(F36=0,0,CONCATENATE(MID(F36,FIND("-",F36,1)+1,4),"ORAS")) -> 15 HORAS | F36: 17.CAMION TIPO25m³-15 HORAS-3 OP | G36: =+IF(F36="","",VLOOKUP(F36,$H$139:$I$185,2,FALSE)) -> 443323
A37: CENTRO 6 ZONA 1 | B37: =+IF(F37=0,0,MID(F37,LEN(F37)-3,1)) -> 3 | C37: 1 | D37: 2014-2020 | E37: =+IF(F37=0,0,CONCATENATE(MID(F37,FIND("-",F37,1)+1,4),"ORAS")) -> 15 HORAS | F37: 17.CAMION TIPO25m³-15 HORAS-3 OP | G37: =+IF(F37="","",VLOOKUP(F37,$H$139:$I$185,2,FALSE)) -> 443323
A38: CENTRO 6 ZONA 2 | B38: =+IF(F38=0,0,MID(F38,LEN(F38)-3,1)) -> 3 | C38: 1 | D38: 2014-2020 | E38: =+IF(F38=0,0,CONCATENATE(MID(F38,FIND("-",F38,1)+1,4),"ORAS")) -> 15 HORAS | F38: 17.CAMION TIPO25m³-15 HORAS-3 OP | G38: =+IF(F38="","",VLOOKUP(F38,$H$139:$I$185,2,FALSE)) -> 443323
A40: valor total | B40: =+B26+B27+B28+B34+B35+B36+B37+B38 -> 25 | C40: =SUM(C26:C32)+C34+C35+C36+C37+C38+C39 -> 8 | E40: =+IF(F40=0,0,CONCATENATE(MID(F40,FIND("-",F40,1)+1,3),"ORAS")) -> 0 | G40: =+G26+G27+G28+G29+G30+G31+G34+G35+G36+G37+G38 -> 3829411
A41: ZONA SUR
A42: RUTAS CICLOVÍA 40 M3
A43: CORREDOR | B43: # OPERARIOS | C43: # CAMIONES | D43: MODELO | E43: DISPONIBILIDAD | F43: TIPO DE SERVICIO | G43: $
A52: RUTAS CICLOVÍA 25 M3
A53: CORREDOR | B53: # OPERARIOS | C53: # CAMIONES | D53: MODELO | E53: DISPONIBILIDAD | F53: TIPO DE SERVICIO | G53: $
A54: SUR 1 ZONA 1 | B54: =+IF(F54=0,0,MID(F54,LEN(F54)-3,1)) -> 3 | C54: 1 | D54: 2014-2020 | E54: =+IF(F54=0,0,CONCATENATE(MID(F54,FIND("-",F54,1)+1,4),"ORAS")) -> 15 HORAS | F54: 17.CAMION TIPO25m³-15 HORAS-3 OP | G54: =+IF(F54="","",VLOOKUP(F54,$H$139:$I$185,2,FALSE)) -> 443323
A55: SUR 1 ZONA 2 | B55: =+IF(F55=0,0,MID(F55,LEN(F55)-3,1)) -> 3 | C55: 1 | D55: 2014-2020 | E55: =+IF(F55=0,0,CONCATENATE(MID(F55,FIND("-",F55,1)+1,4),"ORAS")) -> 15 HORAS | F55: 17.CAMION TIPO25m³-15 HORAS-3 OP | G55: =+IF(F55="","",VLOOKUP(F55,$H$139:$I$185,2,FALSE)) -> 443323
A56: SUR 1 MALETINES | B56: =+IF(F56=0,0,MID(F56,LEN(F56)-3,1)) -> 3 | C56: 1 | D56: 2014-2020 | E56: =+IF(F56=0,0,CONCATENATE(MID(F56,FIND("-",F56,1)+1,4),"ORAS")) -> 15 HORAS | F56: 17.CAMION TIPO25m³-15 HORAS-3 OP | G56: =+IF(F56="","",VLOOKUP(F56,$H$139:$I$185,2,FALSE)) -> 443323
A57: SUR 2 | B57: =+IF(F57=0,0,MID(F57,LEN(F57)-3,1)) -> 3 | C57: 1 | D57: 2014-2020 | E57: =+IF(F57=0,0,CONCATENATE(MID(F57,FIND("-",F57,1)+1,4),"ORAS")) -> 15 HORAS | F57: 17.CAMION TIPO25m³-15 HORAS-3 OP | G57: =+IF(F57="","",VLOOKUP(F57,$H$139:$I$185,2,FALSE)) -> 443323
A58: SUR 2 CANECAS 1 | B58: =+IF(F58=0,0,MID(F58,LEN(F58)-3,1)) -> 3 | C58: 1 | D58: 2014-2020 | E58: =+IF(F58=0,0,CONCATENATE(MID(F58,FIND("-",F58,1)+1,4),"ORAS")) -> 15 HORAS | F58: 17.CAMION TIPO25m³-15 HORAS-3 OP | G58: =+IF(F58="","",VLOOKUP(F58,$H$139:$I$185,2,FALSE)) -> 443323
A59: SUR 2 CANECAS 2 | B59: =+IF(F59=0,0,MID(F59,LEN(F59)-3,1)) -> 3 | C59: 1 | D59: 2014-2020 | E59: =+IF(F59=0,0,CONCATENATE(MID(F59,FIND("-",F59,1)+1,4),"ORAS")) -> 15 HORAS | F59: 17.CAMION TIPO25m³-15 HORAS-3 OP | G59: =+IF(F59="","",VLOOKUP(F59,$H$139:$I$185,2,FALSE)) -> 443323
A60: SUR 2 CANECAS 3 | B60: =+IF(F60=0,0,MID(F60,LEN(F60)-3,1)) -> 3 | C60: 1 | D60: 2014-2020 | E60: =+IF(F60=0,0,CONCATENATE(MID(F60,FIND("-",F60,1)+1,4),"ORAS")) -> 15 HORAS | F60: 17.CAMION TIPO25m³-15 HORAS-3 OP | G60: =+IF(F60="","",VLOOKUP(F60,$H$139:$I$185,2,FALSE)) -> 443323
A61: SUR 2 CANECAS 4 | B61: =+IF(F61=0,0,MID(F61,LEN(F61)-3,1)) -> 3 | C61: 1 | D61: 2014-2020 | E61: =+IF(F61=0,0,CONCATENATE(MID(F61,FIND("-",F61,1)+1,4),"ORAS")) -> 15 HORAS | F61: 17.CAMION TIPO25m³-15 HORAS-3 OP | G61: =+IF(F61="","",VLOOKUP(F61,$H$139:$I$185,2,FALSE)) -> 443323
A62: SUR 3 ZONA 1 | B62: =+IF(F62=0,0,MID(F62,LEN(F62)-3,1)) -> 3 | C62: 1 | D62: 2014-2020 | E62: =+IF(F62=0,0,CONCATENATE(MID(F62,FIND("-",F62,1)+1,4),"ORAS")) -> 15 HORAS | F62: 17.CAMION TIPO25m³-15 HORAS-3 OP | G62: =+IF(F62="","",VLOOKUP(F62,$H$139:$I$185,2,FALSE)) -> 443323
A63: SUR 3 ZONA 2 | B63: =+IF(F63=0,0,MID(F63,LEN(F63)-3,1)) -> 3 | C63: 1 | D63: 2014-2020 | E63: =+IF(F63=0,0,CONCATENATE(MID(F63,FIND("-",F63,1)+1,4),"ORAS")) -> 15 HORAS | F63: 17.CAMION TIPO25m³-15 HORAS-3 OP | G63: =+IF(F63="","",VLOOKUP(F63,$H$139:$I$185,2,FALSE)) -> 443323
A65: valor total | B65: =+B54+B55+B56+B57+B58+B64+B59+B60+B61+B62+B63+B46+B47+B48+B49+B50+B51 -> 30 | C65: =C59+C60+C61+C62+C63+C46+C47+C48+C49+C50+C54+C55+C56+C57+C58+C64 -> 10 | G65: =+G54+G55+G56+G57+G58+G59+G60+G61+G62+G63 -> 4433230
A67: TOTAL | B67: =B65+B40+B22 -> 81 | C67: =C65+C40+C22 -> 26 | D67: =D65+D40+D22 -> 0 | G67: =G65+G40+G22 -> 12446472
J68: GRAN TOTAL OPERA | K68: =K25+B67+T25+AB25 -> 100
J69: GRAN TOTAL CAMIONES | K69: =L25+C67+U25+AC25 -> 31 | M69: ZONA NORTE | N69: ZONA CENTRO | O69: ZONA SUR
J70: VALOR $ | K70: =G67+P25+Y25 -> 15963445 | M70: =G22+P18+Y20 -> 4557065 | N70: =G40+P4+P5+Y4+Y5+Y6+Y7+Y15+Y16+Y21 -> 6599916 | O70: =G65+Y22 -> 4806464 | P70: =SUM(M70:O70) -> 15963445
A72: OTRAS NOVEDADES DE JORNADA
A73: MOVIMIENTOS: * SE REQUIERE QUE LOS DOS OPERARIOS PARA APOYO DE CICLOVÍA LLEGUEN A CALLE 3 A LAS 10:00 AM Y ESTEN DISPONIBLES HASTA LAS 5:00 PM. ENCARGADO CAMILO MORA. * LOS VEHÍCULOS DE ESCUELA, PEDAGOGÍA Y LUDICA, DEBEN LLEGAR A LAS 7:00 AM A CALLE 3. * LA CAMIONETA FURGONADA DE PENDONES DE CALLE 26 DEBE LLEGAR A LAS 4:00 AM A LA CALLE 3, JUNTO CON LOS DOS OPERARIOS ADICIONALES. CAMIONETA 1: CAMIONETA DEBE LLEGAR A LAS 4:00 AM A IDRD QUEDA DISPONIBLE. ENCARGADO CAMILO MORA CAMIONETA 2: CAMIONETA DEBE LLEGAR A LAS 4:00 AM AL IDRD QUEDA DISPONIBLE. ENCARGADO CAMILO MORA. CAMIONETA 3: CAMIONETA DEBE LLEGAR A LAS 4:00 AM A IDRD QUEDA DISPONIBLE. ENCARGADO CAMILO MORA. ESCUELA DE LA BICI: EL VEHÍCULO DE ESCUELA, DEBEN COMUNICARSE CON EL TALENTO HUMANO DE EL PROGRAMA DE ESCUELA DE LA BICICLETA SERGIO PRIETO CEL 3167160204 O JHONATHAN VALBUENA CEL 3175023577, LO ANTERIOR PARA COORDINAR LOS PUNTOS Y LOS DESPLAZAMIENTOS. DISPONIBLES: SE DEBE DEJAR UN CAMIÓN DE 25m2 CON 3 OPERARIOS LOS CUALES DEBEN REGRESAR A LA CALLE 3 A LAS 8:30 AM, ENCARGADA JULIETH ARROYO.
A93: Apoyan Guardaines ATN Norte 4, Norte 2 y Norte 3 Apoan Guardianes ATN Norte 1, Centro 1 y Centro 5 Apoyan Guardianes ATN Centro 4, Centro 3 y Sur 3 Apoyan Guardianes ATN Sur 1, Sur 2 y Centro 2
J138: TIPO DE DISPONIBILIDAD | K138: OPERARIOS
F139: 0 | G139: 0 | H139: 0 | I139: 0 | J139: 0 | K139: 0 | L139: 0 | M139: 0 | N139: =+CONCATENATE(G139,"VEHICULO",M139) -> 0VEHICULO0
F140: 40m³-15H-4OP | G140: 1. | H140: 1.CAMION TIPO40m³-15 HORAS-4 OP | I140: 582964 | J140: C | K140: 4 | L140: 1 SENCILLO 15H 4OP | M140: . | N140: =+CONCATENATE(G140,F140) -> 1.40m³-15H-4OP
F141: 40m³-15H-3OP | G141: 2. | H141: 2.CAMION TIPO40m³-15 HORAS-3 OP | I141: 514916 | J141: C | K141: 3 | L141: 2 SENCILLO 15H 3OP | M141: . | N141: =+CONCATENATE(G141,F141) -> 2.40m³-15H-3OP
F142: 40m³-15H-2OP | G142: 3. | H142: 3.CAMION TIPO40m³-15 HORAS-2 OP | I142: 448638 | J142: C | K142: 2 | L142: 3 SENCILLO 15H 2OP | M142: . | N142: =+CONCATENATE(G142,F142) -> 3.40m³-15H-2OP
F143: 40m³-15H-1OP | G143: 4. | H143: 4.CAMION TIPO40m³-15 HORAS-1 OP | I143: 381163 | J143: C | K143: 1 | L143: 4 SENCILLO 15H 1OP | M143: . | N143: =+CONCATENATE(G143,F143) -> 4.40m³-15H-1OP
F144: 40m³-15H-0OP | G144: 5. | H144: 5.CAMION TIPO40m³-15 HORAS-0 OP | I144: 321680 | J144: C | K144: 0 | L144: 5 SENCILLO 15H 0OP | M144: . | N144: =+CONCATENATE(G144,F144) -> 5.40m³-15H-0OP
F145: 40m³-9H-4OP | G145: 6. | H145: 6.CAMION TIPO40m³-09 HORAS-4 OP | I145: 509192 | J145: M | K145: 4 | L145: 6 SENCILLO M 4OP | M145: . | N145: =+CONCATENATE(G145,F145) -> 6.40m³-9H-4OP
F146: 40m³-9H-3OP | G146: 7. | H146: 7.CAMION TIPO40m³-09 HORAS-3 OP | I146: 450204 | J146: M | K146: 3 | L146: 7 SENCILLO M 3OP | M146: . | N146: =+CONCATENATE(G146,F146) -> 7.40m³-9H-3OP
F147: 40m³-9H-2OP | G147: 8. | H147: 8.CAMION TIPO40m³-09 HORAS-2 OP | I147: 392186 | J147: M | K147: 2 | L147: 8 SENCILLO M 2OP | M147: . | N147: =+CONCATENATE(G147,F147) -> 8.40m³-9H-2OP
F148: 40m³-9H-1OP | G148: 9. | H148: 9.CAMION TIPO40m³-09 HORAS-1 OP | I148: 329397 | J148: M | K148: 1 | L148: 9 SENCILLO M 1OP | M148: . | N148: =+CONCATENATE(G148,F148) -> 9.40m³-9H-1OP
F149: 40m³-9H-0OP | G149: 10. | H149: 10.CAMION TIPO40m³-09 HORAS-0 OP | I149: 280919 | J149: M | K149: 0 | L149: 10 SENCILLO M 0OP | M149: . | N149: =+CONCATENATE(G149,F149) -> 10.40m³-9H-0OP
F150: 40m³-4H-4OP | G150: 11. | H150: 11.CAMION TIPO40m³-04 HORAS-4 OP | I150: 420585 | J150: R | K150: 4 | L150: 11 SENCILLO R 4OP | M150: . | N150: =+CONCATENATE(G150,F150) -> 11.40m³-4H-4OP
F151: 40m³-4H-3OP | G151: 12. | H151: 12.CAMION TIPO40m³-04 HORAS-3 OP | I151: 369327 | J151: R | K151: 3 | L151: 12 SENCILLO R 3OP | M151: . | N151: =+CONCATENATE(G151,F151) -> 12.40m³-4H-3OP
... F181: OPERARIO-6-H | G181: 42. | H181: 42.OPERARIO-06 HORAS | I181: 41562 | J181: H | K181: 0 | L181: 42 OPERARIO 6 H | M181: . | N181: =+CONCATENATE(G181,F181) -> 42.OPERARIO-6-H
F182: BOGOTA-REGION-40m³- | G182: 43. | H182: 43.BOGOTA-REGION-40m³-9 HORAS | I182: 628232 | N182: =+CONCATENATE(G182,F182) -> 43.BOGOTA-REGION-40m³-
F183: BOGOTA-REGION-25m³- | G183: 44. | H183: 44.BOGOTA-REGION-25m³-9 HORAS | I183: 562619 | N183: =+CONCATENATE(G183,F183) -> 44.BOGOTA-REGION-25m³-
F184: BOGOTA-REGION-FURGON- | G184: 45. | H184: 45.BOGOTA-REGION-FURGON-9 HORAS | I184: 418264 | N184: =+CONCATENATE(G184,F184) -> 45.BOGOTA-REGION-FURGON-
F185: BOGOTA-REGION-4X4 | G185: 46. | H185: 46.BOGOTA-REGION-4X4-9 HORAS | I185: 288714 | N185: =+CONCATENATE(G185,F185) -> 46.BOGOTA-REGION-4X4
N186: =+CONCATENATE(G186,F186)

Sheet 28 AGOSTO
A1: ZONA NORTE
A2: RUTAS CICLOVÍA 40 M3 | I2: LUDICA CICLOVÍA, ESCUELA DE LA BICI, ADICIONALES 25 M3 | R2: CONOS CICLOVÍA 25 M3
A3: CORREDOR | B3: # OPERARIOS | C3: # CAMIONES | D3: MODELO | E3: DISPONIBILIDAD | F3: TIPO DE SERVICIO | G3: $ | I3: ZONA | J3: CORREDOR | K3: # OPERARIOS | L3: # CAMIONES | M3: MODELO | N3: DISPONIBILIDAD | O3: TIPO DE SERVICIO | P3: $ | R3: ZONA | S3: CORREDOR | T3: # OPERARIOS | U3: # CAMIONES | V3: MODELO | W3: DISPONIBILIDAD | X3: TIPO DE SERVICIO | Y3: $
A4: NORTE 1 | B4: =+IF(F4=0,0,MID(F4,LEN(F4)-3,1)) -> 3 | C4: 1 | D4: 2014-2020 | E4: =+IF(F4=0,0,CONCATENATE(MID(F4,FIND("-",F4,1)+1,4),"ORAS")) -> 15 HORAS | F4: 2.CAMION TIPO40m³-15 HORAS-3 OP | G4: =+IF(C4=0,0,IF(F4="","",VLOOKUP(F4,$H$139:$I$185,2,FALSE))*C4) -> 514916 | I4: CENTRO | J4: CAMIONETA FURGONADA PENDONES CALLE 26 | K4: 0 | L4: 1 | M4: 2014-2020 | N4: =+IF(O4=0,0,CONCATENATE(MID(O4,FIND("-",O4,1)+1,4),"ORAS")) -> 15 HORAS | O4: 31.CAMION TIPOFURGON-15 HORAS | P4: =+IF(O4="","",VLOOKUP(O4,$H$139:$I$185,2,FALSE)) -> 239262 | R4: CENTRO | S4: CENTRO 5 CAMION 1 UNICONOS | T4: =+IF(X4=0,0,MID(X4,LEN(X4)-3,1)) -> 3 | U4: 1 | V4: 2014-2020 | W4: =+IF(X4=0,0,CONCATENATE(MID(X4,FIND("-",X4,1)+1,4),"ORAS")) -> 15 HORAS | X4: 17.CAMION TIPO25m³-15 HORAS-3 OP | Y4: =+IF(X4="","",VLOOKUP(X4,$H$139:$I$185,2,FALSE)) -> 443323
A5: NORTE 2 | B5: =+IF(F5=0,0,MID(F5,LEN(F5)-3,1)) -> 3 | C5: 1 | D5: 2014-2020 | E5: =+IF(F5=0,0,CONCATENATE(MID(F5,FIND("-",F5,1)+1,4),"ORAS")) -> 15 HORAS | F5: 2.CAMION TIPO40m³-15 HORAS-3 OP | G5: =+IF(F5="","",VLOOKUP(F5,$H$139:$I$185,2,FALSE)) -> 514916 | I5: CENTRO | J5: ESCUELA | K5: =+IF(O5=0,0,MID(O5,LEN(O5)-3,1)) -> 3 | L5: 1 | M5: 2014-2020 | N5: =+IF(O5=0,0,CONCATENATE(MID(O5,FIND("-",O5,1)+1,4),"ORAS")) -> 15 HORAS | O5: 17.CAMION TIPO25m³-15 HORAS-3 OP | P5: =+IF(O5="","",VLOOKUP(O5,$H$139:$I$185,2,FALSE)) -> 443323 | R5: CENTRO | S5: CENTRO 5 CAMION 2 UNICONOS | T5: =+IF(X5=0,0,MID(X5,LEN(X5)-3,1)) -> 4 | U5: 1 | V5: 2014-2020 | W5: =+IF(X5=0,0,CONCATENATE(MID(X5,FIND("-",X5,1)+1,4),"ORAS")) -> 15 HORAS | X5: 16.CAMION TIPO25m³-15 HORAS-4 OP | Y5: =+IF(X5="","",VLOOKUP(X5,$H$139:$I$185,2,FALSE)) -> 501739
A6: NORTE 3 | B6: =+IF(F6=0,0,MID(F6,LEN(F6)-3,1)) -> 3 | C6: 1 | D6: 2014-2020 | E6: =+IF(F6=0,0,CONCATENATE(MID(F6,FIND("-",F6,1)+1,4),"ORAS")) -> 15 HORAS | F6: 2.CAMION TIPO40m³-15 HORAS-3 OP | G6: =+IF(F6="","",VLOOKUP(F6,$H$139:$I$185,2,FALSE)) -> 514916 | I6: CENTRO | J6: CICLOVÍA | K6: 3 | L6: 1 | M6: 2014-2020 | N6: =+IF(O6=0,0,CONCATENATE(MID(O6,FIND("-",O6,1)+1,4),"ORAS")) -> 04 HORAS | O6: 27.CAMION TIPO25m³-04 HORAS-3 OP | P6: =+IF(O6="","",VLOOKUP(O6,$H$139:$I$185,2,FALSE)) -> 323876 | R6: CENTRO | S6: CENTRO 4 CAMION 3 UNICONOS | T6: =+IF(X6=0,0,MID(X6,LEN(X6)-3,1)) -> 4 | U6: 1 | V6: 2014-2020 | W6: =+IF(X6=0,0,CONCATENATE(MID(X6,FIND("-",X6,1)+1,4),"ORAS")) -> 15 HORAS | X6: 16.CAMION TIPO25m³-15 HORAS-4 OP | Y6: =+IF(X6="","",VLOOKUP(X6,$H$139:$I$185,2,FALSE)) -> 501739
A7: NORTE 4 | B7: =+IF(F7=0,0,MID(F7,LEN(F7)-3,1)) -> 3 | C7: 1 | D7: 2014-2020 | E7: =+IF(F7=0,0,CONCATENATE(MID(F7,FIND("-",F7,1)+1,4),"ORAS")) -> 15 HORAS | F7: 2.CAMION TIPO40m³-15 HORAS-3 OP | G7: =+IF(F7="","",VLOOKUP(F7,$H$139:$I$185,2,FALSE)) -> 514916 | I7: CENTRO | J7: CICLOPASEO | K7: 2 | L7: 1 | M7: 2014-2020 | N7: =+IF(O7=0,0,CONCATENATE(MID(O7,FIND("-",O7,1)+1,4),"ORAS")) -> 09 HORAS | O7: 23.CAMION TIPO25m³-09 HORAS-2 OP | P7: =+IF(O7="","",VLOOKUP(O7,$H$139:$I$185,2,FALSE)) -> 345928 | X7: 0 | Y7: =+IF(X7="","",VLOOKUP(X7,$H$139:$I$185,2,FALSE)) -> 0
A8: NORTE 5 ZONA 1 | B8: =+IF(F8=0,0,MID(F8,LEN(F8)-3,1)) -> 3 | C8: 1 | D8: 2014-2020 | E8: =+IF(F8=0,0,CONCATENATE(MID(F8,FIND("-",F8,1)+1,4),"ORAS")) -> 15 HORAS | F8: 2.CAMION TIPO40m³-15 HORAS-3 OP | G8: =+IF(C8=0,0,IF(F8="","",VLOOKUP(F8,$H$139:$I$185,2,FALSE))*C8) -> 514916 | I8: CENTRO | J8: CICLOVÍA INTERNACIONAL | K8: 2 | L8: 1 | M8: 2014-2020 | N8: =+IF(O8=0,0,CONCATENATE(MID(O8,FIND("-",O8,1)+1,4),"ORAS")) -> 09 HORAS | O8: 23.CAMION TIPO25m³-09 HORAS-2 OP | P8: =+IF(O8="","",VLOOKUP(O8,$H$139:$I$185,2,FALSE)) -> 345928 | U8: =+U4+U5+U6+U7 -> 3
A9: NORTE 1 MALETINES | B9: =+IF(F9=0,0,MID(F9,LEN(F9)-3,1)) -> 4 | C9: 1 | D9: 2014-2020 | E9: =+IF(F9=0,0,CONCATENATE(MID(F9,FIND("-",F9,1)+1,4),"ORAS")) -> 15 HORAS | F9: 1.CAMION TIPO40m³-15 HORAS-4 OP | G9: =+IF(F9="","",VLOOKUP(F9,$H$139:$I$185,2,FALSE)) -> 582964
A10: NORTE 1 DIVISORES | B10: =+IF(F10=0,0,MID(F10,LEN(F10)-3,1)) -> 4 | C10: 1 | D10: 2014-2020 | E10: =+IF(F10=0,0,CONCATENATE(MID(F10,FIND("-",F10,1)+1,4),"ORAS")) -> 15 HORAS | F10: 1.CAMION TIPO40m³-15 HORAS-4 OP | G10: =+IF(F10="","",VLOOKUP(F10,$H$139:$I$185,2,FALSE)) -> 582964
B13: =+B10+B9+B8+B7+B6+B5+B4 -> 23 | C13: =+C10+C9+C8+C7+C6+C5+C4 -> 7 | G13: =+G4+G5+G6+G7+G8+G9+G10 -> 3740508 | R13: OPERARIOS ADICIONALES
A14: RUTAS CICLOVÍA 25 M3 | R14: ZONA | S14: CORREDOR | T14: # OPERARIOS | U14: # CAMIONES | V14: MODELO | W14: DISPONIBILIDAD | X14: TIPO DE SERVICIO | Y14: $
A15: CORREDOR | B15: # OPERARIOS | C15: # CAMIONES | D15: MODELO | E15: DISPONIBILIDAD | F15: TIPO DE SERVICIO | G15: $ | R15: CENTRO | S15: APOYO CICLOVÍA | T15: 3 | U15: 0 | V15: NA | W15: =+IF(X15=0,0,CONCATENATE(MID(X15,FIND("-",X15,1)+1,4),"ORAS")) -> 08 HORAS | X15: 41.OPERARIO-08 HORAS | Y15: =+IF(X15="","",VLOOKUP(X15,$H$139:$I$185,2,FALSE))*T15 -> 160731
A16: NORTE 5 ZONA 2 | B16: =+IF(F16=0,0,MID(F16,LEN(F16)-3,1)) -> 3 | C16: 1 | D16: 2014-2020 | E16: =+IF(F16=0,0,CONCATENATE(MID(F16,FIND("-",F16,1)+1,4),"ORAS")) -> 15 HORAS | F16: 17.CAMION TIPO25m³-15 HORAS-3 OP | G16: =+IF(C16=0,0,IF(F16="","",VLOOKUP(F16,$H$139:$I$185,2,FALSE))*C16) -> 443323 | I16: ATN CICLOVÍA, ESCUELA DE LA BICI, ADICIONALES 40 M3 | R16: CENTRO | S16: ADICIONALES | T16: 2 | U16: 0 | V16: NA | W16: =+IF(X16=0,0,CONCATENATE(MID(X16,FIND("-",X16,1)+1,4),"ORAS")) -> 08 HORAS | X16: 41.OPERARIO-08 HORAS | Y16: =+IF(X16="","",VLOOKUP(X16,$H$139:$I$185,2,FALSE))*T16 -> 107154
I17: ZONA | J17: CORREDOR | K17: # OPERARIOS | L17: # CAMIONES | M17: MODELO | N17: DISPONIBILIDAD | O17: TIPO DE SERVICIO | P17: $
K18: =+IF(O18=0,0,MID(O18,LEN(O18)-3,1)) -> 0 | L18: 0 | N18: =+IF(O18=0,0,CONCATENATE(MID(O18,FIND("-",O18,1)+1,4),"ORAS")) -> 0 | O18: 0 | P18: =+IF(O18="","",VLOOKUP(O18,$H$139:$I$185,2,FALSE)) -> 0 | R18: CAMIONETA 4 X4 DOBLE CABINA CON PLATON
R19: ZONA | S19: CORREDOR | T19: # OPERARIOS | U19: # CAMIONES | V19: MODELO | W19: DISPONIBILIDAD | X19: TIPO DE SERVICIO | Y19: $
R20: NORTE | S20: APOYO CICLOVÍA | T20: NA | U20: NA | V20: 2014-2020 | W20: =+IF(X20=0,0,CONCATENATE(MID(X20,FIND("-",X20,1)+1,4),"ORAS")) -> 15 HORAS | X20: 34.4X4-15 HORAS | Y20: =+IF(X20="","",VLOOKUP(X20,$H$139:$I$185,2,FALSE)) -> 373234
R21: CENTRO | S21: APOYO CICLOVÍA | T21: NA | U21: NA | V21: 2014-2020 | W21: =+IF(X21=0,0,CONCATENATE(MID(X21,FIND("-",X21,1)+1,4),"ORAS")) -> 15 HORAS | X21: 34.4X4-15 HORAS | Y21: =+IF(X21="","",VLOOKUP(X21,$H$139:$I$185,2,FALSE)) -> 373234
A22: valor total | B22: =SUM(B4:B13)+B16+B17+B18+B19+B20+B21 -> 26 | C22: =+C4+C5+C6+C7+C8+C9+C10+C16 -> 8 | G22: =+G13+G16+G17 -> 4183831 | R22: SUR | S22: APOYO CICLOVÍA | T22: NA | U22: NA | V22: 2014-2020 | W22: =+IF(X22=0,0,CONCATENATE(MID(X22,FIND("-",X22,1)+1,4),"ORAS")) -> 15 HORAS | X22: 34.4X4-15 HORAS | Y22: =+IF(X22="","",VLOOKUP(X22,$H$139:$I$185,2,FALSE)) -> 373234
A23: ZONA CENTRO
A24: RUTAS CICLOVÍA 40 M3
A25: CORREDOR | B25: # OPERARIOS | C25: # CAMIONES | D25: MODELO | E25: DISPONIBILIDAD | F25: TIPO DE SERVICIO | G25: $ | J25: TOTAL | K25: =+K4+K5+K18+K6+K7+K8 -> 10 | L25: =SUM(L4:L24) -> 5 | P25: =SUM(P4:P23) -> 1698317 | S25: TOTAL | T25: =+T15+T16+T4+T5+T6+T7 -> 16 | U25: =SUM(U4:U7) -> 3 | Y25: =SUM(Y4:Y22) -> 2834388
A26: CENTRO 1 | B26: =+IF(F26=0,0,MID(F26,LEN(F26)-3,1)) -> 3 | C26: 1 | D26: 2014-2020 | E26: =+IF(F26=0,0,CONCATENATE(MID(F26,FIND("-",F26,1)+1,4),"ORAS")) -> 15 HORAS | F26: 2.CAMION TIPO40m³-15 HORAS-3 OP | G26: =+IF(C26=0,0,IF(F26="","",VLOOKUP(F26,$H$139:$I$185,2,FALSE))*C26) -> 514916
A27: CENTRO 2 | B27: =+IF(F27=0,0,MID(F27,LEN(F27)-3,1)) -> 4 | C27: 1 | D27: 2014-2020 | E27: =+IF(F27=0,0,CONCATENATE(MID(F27,FIND("-",F27,1)+1,4),"ORAS")) -> 15 HORAS | F27: 1.CAMION TIPO40m³-15 HORAS-4 OP | G27: =+IF(F27="","",VLOOKUP(F27,$H$139:$I$185,2,FALSE)) -> 582964
A28: CENTRO 5 | B28: =+IF(F28=0,0,MID(F28,LEN(F28)-3,1)) -> 3 | C28: 1 | D28: 2014-2020 | E28: =+IF(F28=0,0,CONCATENATE(MID(F28,FIND("-",F28,1)+1,4),"ORAS")) -> 15 HORAS | F28: 2.CAMION TIPO40m³-15 HORAS-3 OP | G28: =+IF(F28="","",VLOOKUP(F28,$H$139:$I$185,2,FALSE)) -> 514916
A32: RUTAS CICLOVÍA 25 M3
A33: > | B33: # OPERARIOS | C33: # CAMIONES | D33: MODELO | F33: TIPO DE SERVICIO | G33: $
A34: CENTRO 3 ZONA 1 | B34: =+IF(F34=0,0,MID(F34,LEN(F34)-3,1)) -> 3 | C34: 1 | D34: 2014-2020 | E34: =+IF(F34=0,0,CONCATENATE(MID(F34,FIND("-",F34,1)+1,4),"ORAS")) -> 15 HORAS | F34: 17.CAMION TIPO25m³-15 HORAS-3 OP | G34: =+IF(F34="","",VLOOKUP(F34,$H$139:$I$185,2,FALSE)) -> 443323
A35: CENTRO 3 ZONA 2 | B35: =+IF(F35=0,0,MID(F35,LEN(F35)-3,1)) -> 3 | C35: 1 | D35: 2014-2020 | E35: =+IF(F35=0,0,CONCATENATE(MID(F35,FIND("-",F35,1)+1,4),"ORAS")) -> 15 HORAS | F35: 17.CAMION TIPO25m³-15 HORAS-3 OP | G35: =+IF(F35="","",VLOOKUP(F35,$H$139:$I$185,2,FALSE)) -> 443323
A36: CENTRO 4 | B36: =+IF(F36=0,0,MID(F36,LEN(F36)-3,1)) -> 3 | C36: 1 | D36: 2014-2020 | E36: =+IF(F36=0,0,CONCATENATE(MID(F36,FIND("-",F36,1)+1,4),"ORAS")) -> 15 HORAS | F36: 17.CAMION TIPO25m³-15 HORAS-3 OP | G36: =+IF(F36="","",VLOOKUP(F36,$H$139:$I$185,2,FALSE)) -> 443323
A37: CENTRO 6 ZONA 1 | B37: =+IF(F37=0,0,MID(F37,LEN(F37)-3,1)) -> 3 | C37: 1 | D37: 2014-2020 | E37: =+IF(F37=0,0,CONCATENATE(MID(F37,FIND("-",F37,1)+1,4),"ORAS")) -> 15 HORAS | F37: 17.CAMION TIPO25m³-15 HORAS-3 OP | G37: =+IF(F37="","",VLOOKUP(F37,$H$139:$I$185,2,FALSE)) -> 443323
A38: CENTRO 6 ZONA 2 | B38: =+IF(F38=0,0,MID(F38,LEN(F38)-3,1)) -> 3 | C38: 1 | D38: 2014-2020 | E38: =+IF(F38=0,0,CONCATENATE(MID(F38,FIND("-",F38,1)+1,4),"ORAS")) -> 15 HORAS | F38: 17.CAMION TIPO25m³-15 HORAS-3 OP | G38: =+IF(F38="","",VLOOKUP(F38,$H$139:$I$185,2,FALSE)) -> 443323
A40: valor total | B40: =+B26+B27+B28+B34+B35+B36+B37+B38 -> 25 | C40: =SUM(C26:C32)+C34+C35+C36+C37+C38+C39 -> 8 | E40: =+IF(F40=0,0,CONCATENATE(MID(F40,FIND("-",F40,1)+1,3),"ORAS")) -> 0 | G40: =+G26+G27+G28+G29+G30+G31+G34+G35+G36+G37+G38 -> 3829411
A41: ZONA SUR
A42: RUTAS CICLOVÍA 40 M3
A43: CORREDOR | B43: # OPERARIOS | C43: # CAMIONES | D43: MODELO | E43: DISPONIBILIDAD | F43: TIPO DE SERVICIO | G43: $
A52: RUTAS CICLOVÍA 25 M3
A53: CORREDOR | B53: # OPERARIOS | C53: # CAMIONES | D53: MODELO | E53: DISPONIBILIDAD | F53: TIPO DE SERVICIO | G53: $
A54: SUR 1 ZONA 1 | B54: =+IF(F54=0,0,MID(F54,LEN(F54)-3,1)) -> 3 | C54: 1 | D54: 2014-2020 | E54: =+IF(F54=0,0,CONCATENATE(MID(F54,FIND("-",F54,1)+1,4),"ORAS")) -> 15 HORAS | F54: 17.CAMION TIPO25m³-15 HORAS-3 OP | G54: =+IF(F54="","",VLOOKUP(F54,$H$139:$I$185,2,FALSE)) -> 443323
A55: SUR 1 ZONA 2 | B55: =+IF(F55=0,0,MID(F55,LEN(F55)-3,1)) -> 3 | C55: 1 | D55: 2014-2020 | E55: =+IF(F55=0,0,CONCATENATE(MID(F55,FIND("-",F55,1)+1,4),"ORAS")) -> 15 HORAS | F55: 17.CAMION TIPO25m³-15 HORAS-3 OP | G55: =+IF(F55="","",VLOOKUP(F55,$H$139:$I$185,2,FALSE)) -> 443323
A56: SUR 1 MALETINES | B56: =+IF(F56=0,0,MID(F56,LEN(F56)-3,1)) -> 3 | C56: 1 | D56: 2014-2020 | E56: =+IF(F56=0,0,CONCATENATE(MID(F56,FIND("-",F56,1)+1,4),"ORAS")) -> 15 HORAS | F56: 17.CAMION TIPO25m³-15 HORAS-3 OP | G56: =+IF(F56="","",VLOOKUP(F56,$H$139:$I$185,2,FALSE)) -> 443323
A57: SUR 2 | B57: =+IF(F57=0,0,MID(F57,LEN(F57)-3,1)) -> 3 | C57: 1 | D57: 2014-2020 | E57: =+IF(F57=0,0,CONCATENATE(MID(F57,FIND("-",F57,1)+1,4),"ORAS")) -> 15 HORAS | F57: 17.CAMION TIPO25m³-15 HORAS-3 OP | G57: =+IF(F57="","",VLOOKUP(F57,$H$139:$I$185,2,FALSE)) -> 443323
A58: SUR 2 CANECAS 1 | B58: =+IF(F58=0,0,MID(F58,LEN(F58)-3,1)) -> 3 | C58: 1 | D58: 2014-2020 | E58: =+IF(F58=0,0,CONCATENATE(MID(F58,FIND("-",F58,1)+1,4),"ORAS")) -> 15 HORAS | F58: 17.CAMION TIPO25m³-15 HORAS-3 OP | G58: =+IF(F58="","",VLOOKUP(F58,$H$139:$I$185,2,FALSE)) -> 443323
A59: SUR 2 CANECAS 2 | B59: =+IF(F59=0,0,MID(F59,LEN(F59)-3,1)) -> 3 | C59: 1 | D59: 2014-2020 | E59: =+IF(F59=0,0,CONCATENATE(MID(F59,FIND("-",F59,1)+1,4),"ORAS")) -> 15 HORAS | F59: 17.CAMION TIPO25m³-15 HORAS-3 OP | G59: =+IF(F59="","",VLOOKUP(F59,$H$139:$I$185,2,FALSE)) -> 443323
A60: SUR 2 CANECAS 3 | B60: =+IF(F60=0,0,MID(F60,LEN(F60)-3,1)) -> 3 | C60: 1 | D60: 2014-2020 | E60: =+IF(F60=0,0,CONCATENATE(MID(F60,FIND("-",F60,1)+1,4),"ORAS")) -> 15 HORAS | F60: 17.CAMION TIPO25m³-15 HORAS-3 OP | G60: =+IF(F60="","",VLOOKUP(F60,$H$139:$I$185,2,FALSE)) -> 443323
A61: SUR 2 CANECAS 4 | B61: =+IF(F61=0,0,MID(F61,LEN(F61)-3,1)) -> 3 | C61: 1 | D61: 2014-2020 | E61: =+IF(F61=0,0,CONCATENATE(MID(F61,FIND("-",F61,1)+1,4),"ORAS")) -> 15 HORAS | F61: 17.CAMION TIPO25m³-15 HORAS-3 OP | G61: =+IF(F61="","",VLOOKUP(F61,$H$139:$I$185,2,FALSE)) -> 443323
A62: SUR 3 ZONA 1 | B62: =+IF(F62=0,0,MID(F62,LEN(F62)-3,1)) -> 3 | C62: 1 | D62: 2014-2020 | E62: =+IF(F62=0,0,CONCATENATE(MID(F62,FIND("-",F62,1)+1,4),"ORAS")) -> 15 HORAS | F62: 17.CAMION TIPO25m³-15 HORAS-3 OP | G62: =+IF(F62="","",VLOOKUP(F62,$H$139:$I$185,2,FALSE)) -> 443323
A63: SUR 3 ZONA 2 | B63: =+IF(F63=0,0,MID(F63,LEN(F63)-3,1)) -> 3 | C63: 1 | D63: 2014-2020 | E63: =+IF(F63=0,0,CONCATENATE(MID(F63,FIND("-",F63,1)+1,4),"ORAS")) -> 15 HORAS | F63: 17.CAMION TIPO25m³-15 HORAS-3 OP | G63: =+IF(F63="","",VLOOKUP(F63,$H$139:$I$185,2,FALSE)) -> 443323
A65: valor total | B65: =+B54+B55+B56+B57+B58+B64+B59+B60+B61+B62+B63+B46+B47+B48+B49+B50+B51 -> 30 | C65: =C59+C60+C61+C62+C63+C46+C47+C48+C49+C50+C54+C55+C56+C57+C58+C64 -> 10 | G65: =+G54+G55+G56+G57+G58+G59+G60+G61+G62+G63 -> 4433230
A67: TOTAL | B67: =B65+B40+B22 -> 81 | C67: =C65+C40+C22 -> 26 | D67: =D65+D40+D22 -> 0 | G67: =G65+G40+G22 -> 12446472
J68: GRAN TOTAL OPERA | K68: =K25+B67+T25+AB25 -> 107
J69: GRAN TOTAL CAMIONES | K69: =L25+C67+U25+AC25 -> 34 | M69: ZONA NORTE | N69: ZONA CENTRO | O69: ZONA SUR
J70: VALOR $ | K70: =G67+P25+Y25 -> 16979177 | M70: =G22+P18+Y20 -> 4557065 | N70: =G40+P4+P5+Y4+Y5+Y6+Y7+Y15+Y16+Y21+P6+P7+P8 -> 7615648 | O70: =G65+Y22 -> 4806464 | P70: =SUM(M70:O70) -> 16979177
A72: OTRAS NOVEDADES DE JORNADA
A73: MOVIMIENTOS: * SE REQUIERE QUE LOS DOS OPERARIOS PARA APOYO DE CICLOVÍA LLEGUEN A CALLE 3 A LAS 10:00 AM Y ESTEN DISPONIBLES HASTA LAS 5:00 PM. ENCARGADO CAMILO MORA. * LOS VEHÍCULOS DE PEDAGOGÍA Y LUDICA, DEBEN LLEGAR A LAS 7:00 AM A CALLE 3. * LA CAMIONETA FURGONADA DE PENDONES DE CALLE 26 DEBE LLEGAR A LAS 4:00 AM A LA CALLE 3, JUNTO CON LOS DOS OPERARIOS ADICIONALES. CAMIONETA 1: CAMIONETA DEBE LLEGAR A LAS 4:00 AM A IDRD QUEDA DISPONIBLE. ENCARGADO CAMILO MORA CAMIONETA 2: CAMIONETA DEBE LLEGAR A LAS 4:00 AM AL IDRD QUEDA DISPONIBLE. ENCARGADO CAMILO MORA. CAMIONETA 3: CAMIONETA DEBE LLEGAR A LAS 4:00 AM A IDRD QUEDA DISPONIBLE. ENCARGADO CAMILO MORA. ESCUELA DE LA BICI: EL VEHÍCULO DE ESCUELA, DEBEN COMUNICARSE CON EL TALENTO HUMANO DE EL PROGRAMA DE ESCUELA DE LA BICICLETA SERGIO PRIETO CEL 3167160204 O JHONATHAN VALBUENA CEL 3175023577, LO ANTERIOR PARA COORDINAR LOS PUNTOS Y LOS DESPLAZAMIENTOS. DISPONIBLES: SE DEBE DEJAR DOS CAMIONES DE 25m2 CON 3 OPERARIOS LOS CUALES DEBEN REGRESAR A LA CALLE 3 A LAS 8:30 AM, ENCARGADA JULIETH ARROYO. ADICIONALES: DE ACUERDO A LA REUNIÓN SOSTENIDA EL 24 DE AGOSTO SE SOLICITA UN CAMIÓN DE 25M2 PARA EL CICLOPASEO EL CUAL VA ESTAR POR 9 HORAS DEBE LLEGAR A LAS 7 AM CALLE 3, ASI COMO UN VEHICULO DE 25 M2 POR 4 HORAS DEBE LLEGAR A LAS 4:30 AM A CALLE 3 Y UN CAMÓN DE 25 M2 POR 9 HORAS PARA LA ACTIVIDAD DE CICLOVIA INTENACIONAL EL CUAL DEBE LLEGAR A LAS 6 AM A CALLE 3.
A93: Apoyan Guardaines ATN Norte 4, Norte 2 y Norte 3 Apoan Guardianes ATN Norte 1, Centro 1 y Centro 5 Apoyan Guardianes ATN Centro 4, Centro 3 y Sur 3 Apoyan Guardianes ATN Sur 1, Sur 2 y Centro 2
J138: TIPO DE DISPONIBILIDAD | K138: OPERARIOS
F139: 0 | G139: 0 | H139: 0 | I139: 0 | J139: 0 | K139: 0 | L139: 0 | M139: 0 | N139: =+CONCATENATE(G139,"VEHICULO",M139) -> 0VEHICULO0
F140: 40m³-15H-4OP | G140: 1. | H140: 1.CAMION TIPO40m³-15 HORAS-4 OP | I140: 582964 | J140: C | K140: 4 | L140: 1 SENCILLO 15H 4OP | M140: . | N140: =+CONCATENATE(G140,F140) -> 1.40m³-15H-4OP
F141: 40m³-15H-3OP | G141: 2. | H141: 2.CAMION TIPO40m³-15 HORAS-3 OP | I141: 514916 | J141: C | K141: 3 | L141: 2 SENCILLO 15H 3OP | M141: . | N141: =+CONCATENATE(G141,F141) -> 2.40m³-15H-3OP
F142: 40m³-15H-2OP | G142: 3. | H142: 3.CAMION TIPO40m³-15 HORAS-2 OP | I142: 448638 | J142: C | K142: 2 | L142: 3 SENCILLO 15H 2OP | M142: . | N142: =+CONCATENATE(G142,F142) -> 3.40m³-15H-2OP
F143: 40m³-15H-1OP | G143: 4. | H143: 4.CAMION TIPO40m³-15 HORAS-1 OP | I143: 381163 | J143: C | K143: 1 | L143: 4 SENCILLO 15H 1OP | M143: . | N143: =+CONCATENATE(G143,F143) -> 4.40m³-15H-1OP
F144: 40m³-15H-0OP | G144: 5. | H144: 5.CAMION TIPO40m³-15 HORAS-0 OP | I144: 321680 | J144: C | K144: 0 | L144: 5 SENCILLO 15H 0OP | M144: . | N144: =+CONCATENATE(G144,F144) -> 5.40m³-15H-0OP
F145: 40m³-9H-4OP | G145: 6. | H145: 6.CAMION TIPO40m³-09 HORAS-4 OP | I145: 509192 | J145: M | K145: 4 | L145: 6 SENCILLO M 4OP | M145: . | N145: =+CONCATENATE(G145,F145) -> 6.40m³-9H-4OP
F146: 40m³-9H-3OP | G146: 7. | H146: 7.CAMION TIPO40m³-09 HORAS-3 OP | I146: 450204 | J146: M | K146: 3 | L146: 7 SENCILLO M 3OP | M146: . | N146: =+CONCATENATE(G146,F146) -> 7.40m³-9H-3OP
F147: 40m³-9H-2OP | G147: 8. | H147: 8.CAMION TIPO40m³-09 HORAS-2 OP | I147: 392186 | J147: M | K147: 2 | L147: 8 SENCILLO M 2OP | M147: . | N147: =+CONCATENATE(G147,F147) -> 8.40m³-9H-2OP
F148: 40m³-9H-1OP | G148: 9. | H148: 9.CAMION TIPO40m³-09 HORAS-1 OP | I148: 329397 | J148: M | K148: 1 | L148: 9 SENCILLO M 1OP | M148: . | N148: =+CONCATENATE(G148,F148) -> 9.40m³-9H-1OP
F149: 40m³-9H-0OP | G149: 10. | H149: 10.CAMION TIPO40m³-09 HORAS-0 OP | I149: 280919 | J149: M | K149: 0 | L149: 10 SENCILLO M 0OP | M149: . | N149: =+CONCATENATE(G149,F149) -> 10.40m³-9H-0OP
F150: 40m³-4H-4OP | G150: 11. | H150: 11.CAMION TIPO40m³-04 HORAS-4 OP | I150: 420585 | J150: R | K150: 4 | L150: 11 SENCILLO R 4OP | M150: . | N150: =+CONCATENATE(G150,F150) -> 11.40m³-4H-4OP
F151: 40m³-4H-3OP | G151: 12. | H151: 12.CAMION TIPO40m³-04 HORAS-3 OP | I151: 369327 | J151: R | K151: 3 | L151: 12 SENCILLO R 3OP | M151: . | N151: =+CONCATENATE(G151,F151) -> 12.40m³-4H-3OP
... F181: OPERARIO-6-H | G181: 42. | H181: 42.OPERARIO-06 HORAS | I181: 41562 | J181: H | K181: 0 | L181: 42 OPERARIO 6 H | M181: . | N181: =+CONCATENATE(G181,F181) -> 42.OPERARIO-6-H
F182: BOGOTA-REGION-40m³- | G182: 43. | H182: 43.BOGOTA-REGION-40m³-9 HORAS | I182: 628232 | N182: =+CONCATENATE(G182,F182) -> 43.BOGOTA-REGION-40m³-
F183: BOGOTA-REGION-25m³- | G183: 44. | H183: 44.BOGOTA-REGION-25m³-9 HORAS | I183: 562619 | N183: =+CONCATENATE(G183,F183) -> 44.BOGOTA-REGION-25m³-
F184: BOGOTA-REGION-FURGON- | G184: 45. | H184: 45.BOGOTA-REGION-FURGON-9 HORAS | I184: 418264 | N184: =+CONCATENATE(G184,F184) -> 45.BOGOTA-REGION-FURGON-
F185: BOGOTA-REGION-4X4 | G185: 46. | H185: 46.BOGOTA-REGION-4X4-9 HORAS | I185: 288714 | N185: =+CONCATENATE(G185,F185) -> 46.BOGOTA-REGION-4X4
N186: =+CONCATENATE(G186,F186)

Sheet 04 SEPTIEMBRE 
A1: ZONA NORTE
A2: RUTAS CICLOVÍA 40 M3 | I2: LUDICA CICLOVÍA, ESCUELA DE LA BICI, ADICIONALES 25 M3 | R2: CONOS CICLOVÍA 25 M3
A3: CORREDOR | B3: # OPERARIOS | C3: # CAMIONES | D3: MODELO | E3: DISPONIBILIDAD | F3: TIPO DE SERVICIO | G3: $ | I3: ZONA | J3: CORREDOR | K3: # OPERARIOS | L3: # CAMIONES | M3: MODELO | N3: DISPONIBILIDAD | O3: TIPO DE SERVICIO | P3: $ | R3: ZONA | S3: CORREDOR | T3: # OPERARIOS | U3: # CAMIONES | V3: MODELO | W3: DISPONIBILIDAD | X3: TIPO DE SERVICIO | Y3: $
A4: NORTE 1 | B4: =+IF(F4=0,0,MID(F4,LEN(F4)-3,1)) -> 3 | C4: 1 | D4: 2014-2020 | E4: =+IF(F4=0,0,CONCATENATE(MID(F4,FIND("-",F4,1)+1,4),"ORAS")) -> 15 HORAS | F4: 2.CAMION TIPO40m³-15 HORAS-3 OP | G4: =+IF(C4=0,0,IF(F4="","",VLOOKUP(F4,$H$139:$I$185,2,FALSE))*C4) -> 514916 | I4: CENTRO | J4: CAMIONETA FURGONADA PENDONES CALLE 26 | K4: 0 | L4: 1 | M4: 2014-2020 | N4: =+IF(O4=0,0,CONCATENATE(MID(O4,FIND("-",O4,1)+1,4),"ORAS")) -> 15 HORAS | O4: 31.CAMION TIPOFURGON-15 HORAS | P4: =+IF(O4="","",VLOOKUP(O4,$H$139:$I$185,2,FALSE)) -> 239262 | R4: CENTRO | S4: CENTRO 5 CAMION 1 UNICONOS | T4: =+IF(X4=0,0,MID(X4,LEN(X4)-3,1)) -> 3 | U4: 1 | V4: 2014-2020 | W4: =+IF(X4=0,0,CONCATENATE(MID(X4,FIND("-",X4,1)+1,4),"ORAS")) -> 15 HORAS | X4: 17.CAMION TIPO25m³-15 HORAS-3 OP | Y4: =+IF(X4="","",VLOOKUP(X4,$H$139:$I$185,2,FALSE)) -> 443323
A5: NORTE 2 | B5: =+IF(F5=0,0,MID(F5,LEN(F5)-3,1)) -> 3 | C5: 1 | D5: 2014-2020 | E5: =+IF(F5=0,0,CONCATENATE(MID(F5,FIND("-",F5,1)+1,4),"ORAS")) -> 15 HORAS | F5: 2.CAMION TIPO40m³-15 HORAS-3 OP | G5: =+IF(F5="","",VLOOKUP(F5,$H$139:$I$185,2,FALSE)) -> 514916 | I5: CENTRO | J5: ESCUELA | K5: =+IF(O5=0,0,MID(O5,LEN(O5)-3,1)) -> 3 | L5: 1 | M5: 2014-2020 | N5: =+IF(O5=0,0,CONCATENATE(MID(O5,FIND("-",O5,1)+1,4),"ORAS")) -> 15 HORAS | O5: 17.CAMION TIPO25m³-15 HORAS-3 OP | P5: =+IF(O5="","",VLOOKUP(O5,$H$139:$I$185,2,FALSE)) -> 443323 | R5: CENTRO | S5: CENTRO 5 CAMION 2 UNICONOS | T5: =+IF(X5=0,0,MID(X5,LEN(X5)-3,1)) -> 4 | U5: 1 | V5: 2014-2020 | W5: =+IF(X5=0,0,CONCATENATE(MID(X5,FIND("-",X5,1)+1,4),"ORAS")) -> 15 HORAS | X5: 16.CAMION TIPO25m³-15 HORAS-4 OP | Y5: =+IF(X5="","",VLOOKUP(X5,$H$139:$I$185,2,FALSE)) -> 501739
A6: NORTE 3 | B6: =+IF(F6=0,0,MID(F6,LEN(F6)-3,1)) -> 3 | C6: 1 | D6: 2014-2020 | E6: =+IF(F6=0,0,CONCATENATE(MID(F6,FIND("-",F6,1)+1,4),"ORAS")) -> 15 HORAS | F6: 2.CAMION TIPO40m³-15 HORAS-3 OP | G6: =+IF(F6="","",VLOOKUP(F6,$H$139:$I$185,2,FALSE)) -> 514916 | I6: CENTRO | J6: CICLOVÍA | K6: 3 | L6: 1 | M6: 2014-2020 | N6: =+IF(O6=0,0,CONCATENATE(MID(O6,FIND("-",O6,1)+1,4),"ORAS")) -> 04 HORAS | O6: 27.CAMION TIPO25m³-04 HORAS-3 OP | P6: =+IF(O6="","",VLOOKUP(O6,$H$139:$I$185,2,FALSE)) -> 323876 | R6: CENTRO | S6: CENTRO 4 CAMION 3 UNICONOS | T6: =+IF(X6=0,0,MID(X6,LEN(X6)-3,1)) -> 4 | U6: 1 | V6: 2014-2020 | W6: =+IF(X6=0,0,CONCATENATE(MID(X6,FIND("-",X6,1)+1,4),"ORAS")) -> 15 HORAS | X6: 16.CAMION TIPO25m³-15 HORAS-4 OP | Y6: =+IF(X6="","",VLOOKUP(X6,$H$139:$I$185,2,FALSE)) -> 501739
A7: NORTE 4 | B7: =+IF(F7=0,0,MID(F7,LEN(F7)-3,1)) -> 3 | C7: 1 | D7: 2014-2020 | E7: =+IF(F7=0,0,CONCATENATE(MID(F7,FIND("-",F7,1)+1,4),"ORAS")) -> 15 HORAS | F7: 2.CAMION TIPO40m³-15 HORAS-3 OP | G7: =+IF(F7="","",VLOOKUP(F7,$H$139:$I$185,2,FALSE)) -> 514916 | I7: CENTRO | J7: CICLOVÍA ENTREGA DE MODULOS | K7: 2 | L7: 1 | N7: =+IF(O7=0,0,CONCATENATE(MID(O7,FIND("-",O7,1)+1,4),"ORAS")) -> 09 HORAS | O7: 23.CAMION TIPO25m³-09 HORAS-2 OP | P7: =+IF(O7="","",VLOOKUP(O7,$H$139:$I$185,2,FALSE)) -> 345928 | X7: 0 | Y7: =+IF(X7="","",VLOOKUP(X7,$H$139:$I$185,2,FALSE)) -> 0
A8: NORTE 5 ZONA 1 | B8: =+IF(F8=0,0,MID(F8,LEN(F8)-3,1)) -> 3 | C8: 1 | D8: 2014-2020 | E8: =+IF(F8=0,0,CONCATENATE(MID(F8,FIND("-",F8,1)+1,4),"ORAS")) -> 15 HORAS | F8: 2.CAMION TIPO40m³-15 HORAS-3 OP | G8: =+IF(C8=0,0,IF(F8="","",VLOOKUP(F8,$H$139:$I$185,2,FALSE))*C8) -> 514916 | N8: =+IF(O8=0,0,CONCATENATE(MID(O8,FIND("-",O8,1)+1,4),"ORAS")) -> 0 | O8: 0 | P8: =+IF(O8="","",VLOOKUP(O8,$H$139:$I$185,2,FALSE)) -> 0 | U8: =+U4+U5+U6+U7 -> 3
A9: NORTE 1 MALETINES | B9: =+IF(F9=0,0,MID(F9,LEN(F9)-3,1)) -> 4 | C9: 1 | D9: 2014-2020 | E9: =+IF(F9=0,0,CONCATENATE(MID(F9,FIND("-",F9,1)+1,4),"ORAS")) -> 15 HORAS | F9: 1.CAMION TIPO40m³-15 HORAS-4 OP | G9: =+IF(F9="","",VLOOKUP(F9,$H$139:$I$185,2,FALSE)) -> 582964
A10: NORTE 1 DIVISORES | B10: =+IF(F10=0,0,MID(F10,LEN(F10)-3,1)) -> 4 | C10: 1 | D10: 2014-2020 | E10: =+IF(F10=0,0,CONCATENATE(MID(F10,FIND("-",F10,1)+1,4),"ORAS")) -> 15 HORAS | F10: 1.CAMION TIPO40m³-15 HORAS-4 OP | G10: =+IF(F10="","",VLOOKUP(F10,$H$139:$I$185,2,FALSE)) -> 582964
B13: =+B10+B9+B8+B7+B6+B5+B4 -> 23 | C13: =+C10+C9+C8+C7+C6+C5+C4 -> 7 | G13: =+G4+G5+G6+G7+G8+G9+G10 -> 3740508 | R13: OPERARIOS ADICIONALES
A14: RUTAS CICLOVÍA 25 M3 | R14: ZONA | S14: CORREDOR | T14: # OPERARIOS | U14: # CAMIONES | V14: MODELO | W14: DISPONIBILIDAD | X14: TIPO DE SERVICIO | Y14: $
A15: CORREDOR | B15: # OPERARIOS | C15: # CAMIONES | D15: MODELO | E15: DISPONIBILIDAD | F15: TIPO DE SERVICIO | G15: $ | R15: CENTRO | S15: APOYO CICLOVÍA | T15: 3 | U15: 0 | V15: NA | W15: =+IF(X15=0,0,CONCATENATE(MID(X15,FIND("-",X15,1)+1,4),"ORAS")) -> 08 HORAS | X15: 41.OPERARIO-08 HORAS | Y15: =+IF(X15="","",VLOOKUP(X15,$H$139:$I$185,2,FALSE))*T15 -> 160731
A16: NORTE 5 ZONA 2 | B16: =+IF(F16=0,0,MID(F16,LEN(F16)-3,1)) -> 3 | C16: 1 | D16: 2014-2020 | E16: =+IF(F16=0,0,CONCATENATE(MID(F16,FIND("-",F16,1)+1,4),"ORAS")) -> 15 HORAS | F16: 17.CAMION TIPO25m³-15 HORAS-3 OP | G16: =+IF(C16=0,0,IF(F16="","",VLOOKUP(F16,$H$139:$I$185,2,FALSE))*C16) -> 443323 | I16: ATN CICLOVÍA, ESCUELA DE LA BICI, ADICIONALES 40 M3 | R16: CENTRO | S16: ADICIONALES | T16: 2 | U16: 0 | V16: NA | W16: =+IF(X16=0,0,CONCATENATE(MID(X16,FIND("-",X16,1)+1,4),"ORAS")) -> 08 HORAS | X16: 41.OPERARIO-08 HORAS | Y16: =+IF(X16="","",VLOOKUP(X16,$H$139:$I$185,2,FALSE))*T16 -> 107154
I17: ZONA | J17: CORREDOR | K17: # OPERARIOS | L17: # CAMIONES | M17: MODELO | N17: DISPONIBILIDAD | O17: TIPO DE SERVICIO | P17: $
K18: =+IF(O18=0,0,MID(O18,LEN(O18)-3,1)) -> 0 | L18: 0 | N18: =+IF(O18=0,0,CONCATENATE(MID(O18,FIND("-",O18,1)+1,4),"ORAS")) -> 0 | O18: 0 | P18: =+IF(O18="","",VLOOKUP(O18,$H$139:$I$185,2,FALSE)) -> 0 | R18: CAMIONETA 4 X4 DOBLE CABINA CON PLATON
R19: ZONA | S19: CORREDOR | T19: # OPERARIOS | U19: # CAMIONES | V19: MODELO | W19: DISPONIBILIDAD | X19: TIPO DE SERVICIO | Y19: $
R20: NORTE | S20: APOYO CICLOVÍA | T20: NA | U20: NA | V20: 2014-2020 | W20: =+IF(X20=0,0,CONCATENATE(MID(X20,FIND("-",X20,1)+1,4),"ORAS")) -> 15 HORAS | X20: 34.4X4-15 HORAS | Y20: =+IF(X20="","",VLOOKUP(X20,$H$139:$I$185,2,FALSE)) -> 373234
R21: CENTRO | S21: APOYO CICLOVÍA | T21: NA | U21: NA | V21: 2014-2020 | W21: =+IF(X21=0,0,CONCATENATE(MID(X21,FIND("-",X21,1)+1,4),"ORAS")) -> 15 HORAS | X21: 34.4X4-15 HORAS | Y21: =+IF(X21="","",VLOOKUP(X21,$H$139:$I$185,2,FALSE)) -> 373234
A22: valor total | B22: =SUM(B4:B13)+B16+B17+B18+B19+B20+B21 -> 26 | C22: =+C4+C5+C6+C7+C8+C9+C10+C16 -> 8 | G22: =+G13+G16+G17 -> 4183831 | R22: SUR | S22: APOYO CICLOVÍA | T22: NA | U22: NA | V22: 2014-2020 | W22: =+IF(X22=0,0,CONCATENATE(MID(X22,FIND("-",X22,1)+1,4),"ORAS")) -> 15 HORAS | X22: 34.4X4-15 HORAS | Y22: =+IF(X22="","",VLOOKUP(X22,$H$139:$I$185,2,FALSE)) -> 373234
A23: ZONA CENTRO
A24: RUTAS CICLOVÍA 40 M3
A25: CORREDOR | B25: # OPERARIOS | C25: # CAMIONES | D25: MODELO | E25: DISPONIBILIDAD | F25: TIPO DE SERVICIO | G25: $ | J25: TOTAL | K25: =+K4+K5+K18+K6+K7+K8 -> 8 | L25: =SUM(L4:L24) -> 4 | P25: =SUM(P4:P23) -> 1352389 | S25: TOTAL | T25: =+T15+T16+T4+T5+T6+T7 -> 16 | U25: =SUM(U4:U7) -> 3 | Y25: =SUM(Y4:Y22) -> 2834388
A26: CENTRO 1 | B26: =+IF(F26=0,0,MID(F26,LEN(F26)-3,1)) -> 3 | C26: 1 | D26: 2014-2020 | E26: =+IF(F26=0,0,CONCATENATE(MID(F26,FIND("-",F26,1)+1,4),"ORAS")) -> 15 HORAS | F26: 2.CAMION TIPO40m³-15 HORAS-3 OP | G26: =+IF(C26=0,0,IF(F26="","",VLOOKUP(F26,$H$139:$I$185,2,FALSE))*C26) -> 514916
A27: CENTRO 2 | B27: =+IF(F27=0,0,MID(F27,LEN(F27)-3,1)) -> 4 | C27: 1 | D27: 2014-2020 | E27: =+IF(F27=0,0,CONCATENATE(MID(F27,FIND("-",F27,1)+1,4),"ORAS")) -> 15 HORAS | F27: 1.CAMION TIPO40m³-15 HORAS-4 OP | G27: =+IF(F27="","",VLOOKUP(F27,$H$139:$I$185,2,FALSE)) -> 582964
A28: CENTRO 5 | B28: =+IF(F28=0,0,MID(F28,LEN(F28)-3,1)) -> 3 | C28: 1 | D28: 2014-2020 | E28: =+IF(F28=0,0,CONCATENATE(MID(F28,FIND("-",F28,1)+1,4),"ORAS")) -> 15 HORAS | F28: 2.CAMION TIPO40m³-15 HORAS-3 OP | G28: =+IF(F28="","",VLOOKUP(F28,$H$139:$I$185,2,FALSE)) -> 514916
A32: RUTAS CICLOVÍA 25 M3
A33: > | B33: # OPERARIOS | C33: # CAMIONES | D33: MODELO | F33: TIPO DE SERVICIO | G33: $
A34: CENTRO 3 ZONA 1 | B34: =+IF(F34=0,0,MID(F34,LEN(F34)-3,1)) -> 3 | C34: 1 | D34: 2014-2020 | E34: =+IF(F34=0,0,CONCATENATE(MID(F34,FIND("-",F34,1)+1,4),"ORAS")) -> 15 HORAS | F34: 17.CAMION TIPO25m³-15 HORAS-3 OP | G34: =+IF(F34="","",VLOOKUP(F34,$H$139:$I$185,2,FALSE)) -> 443323
A35: CENTRO 3 ZONA 2 | B35: =+IF(F35=0,0,MID(F35,LEN(F35)-3,1)) -> 3 | C35: 1 | D35: 2014-2020 | E35: =+IF(F35=0,0,CONCATENATE(MID(F35,FIND("-",F35,1)+1,4),"ORAS")) -> 15 HORAS | F35: 17.CAMION TIPO25m³-15 HORAS-3 OP | G35: =+IF(F35="","",VLOOKUP(F35,$H$139:$I$185,2,FALSE)) -> 443323
A36: CENTRO 4 | B36: =+IF(F36=0,0,MID(F36,LEN(F36)-3,1)) -> 3 | C36: 1 | D36: 2014-2020 | E36: =+IF(F36=0,0,CONCATENATE(MID(F36,FIND("-",F36,1)+1,4),"ORAS")) -> 15 HORAS | F36: 17.CAMION TIPO25m³-15 HORAS-3 OP | G36: =+IF(F36="","",VLOOKUP(F36,$H$139:$I$185,2,FALSE)) -> 443323
A37: CENTRO 6 ZONA 1 | B37: =+IF(F37=0,0,MID(F37,LEN(F37)-3,1)) -> 3 | C37: 1 | D37: 2014-2020 | E37: =+IF(F37=0,0,CONCATENATE(MID(F37,FIND("-",F37,1)+1,4),"ORAS")) -> 15 HORAS | F37: 17.CAMION TIPO25m³-15 HORAS-3 OP | G37: =+IF(F37="","",VLOOKUP(F37,$H$139:$I$185,2,FALSE)) -> 443323
A38: CENTRO 6 ZONA 2 | B38: =+IF(F38=0,0,MID(F38,LEN(F38)-3,1)) -> 3 | C38: 1 | D38: 2014-2020 | E38: =+IF(F38=0,0,CONCATENATE(MID(F38,FIND("-",F38,1)+1,4),"ORAS")) -> 15 HORAS | F38: 17.CAMION TIPO25m³-15 HORAS-3 OP | G38: =+IF(F38="","",VLOOKUP(F38,$H$139:$I$185,2,FALSE)) -> 443323
A40: valor total | B40: =+B26+B27+B28+B34+B35+B36+B37+B38 -> 25 | C40: =SUM(C26:C32)+C34+C35+C36+C37+C38+C39 -> 8 | E40: =+IF(F40=0,0,CONCATENATE(MID(F40,FIND("-",F40,1)+1,3),"ORAS")) -> 0 | G40: =+G26+G27+G28+G29+G30+G31+G34+G35+G36+G37+G38 -> 3829411
A41: ZONA SUR
A42: RUTAS CICLOVÍA 40 M3
A43: CORREDOR | B43: # OPERARIOS | C43: # CAMIONES | D43: MODELO | E43: DISPONIBILIDAD | F43: TIPO DE SERVICIO | G43: $
A52: RUTAS CICLOVÍA 25 M3
A53: CORREDOR | B53: # OPERARIOS | C53: # CAMIONES | D53: MODELO | E53: DISPONIBILIDAD | F53: TIPO DE SERVICIO | G53: $
A54: SUR 1 ZONA 1 | B54: =+IF(F54=0,0,MID(F54,LEN(F54)-3,1)) -> 3 | C54: 1 | D54: 2014-2020 | E54: =+IF(F54=0,0,CONCATENATE(MID(F54,FIND("-",F54,1)+1,4),"ORAS")) -> 15 HORAS | F54: 17.CAMION TIPO25m³-15 HORAS-3 OP | G54: =+IF(F54="","",VLOOKUP(F54,$H$139:$I$185,2,FALSE)) -> 443323
A55: SUR 1 ZONA 2 | B55: =+IF(F55=0,0,MID(F55,LEN(F55)-3,1)) -> 3 | C55: 1 | D55: 2014-2020 | E55: =+IF(F55=0,0,CONCATENATE(MID(F55,FIND("-",F55,1)+1,4),"ORAS")) -> 15 HORAS | F55: 17.CAMION TIPO25m³-15 HORAS-3 OP | G55: =+IF(F55="","",VLOOKUP(F55,$H$139:$I$185,2,FALSE)) -> 443323
A56: SUR 1 MALETINES | B56: =+IF(F56=0,0,MID(F56,LEN(F56)-3,1)) -> 3 | C56: 1 | D56: 2014-2020 | E56: =+IF(F56=0,0,CONCATENATE(MID(F56,FIND("-",F56,1)+1,4),"ORAS")) -> 15 HORAS | F56: 17.CAMION TIPO25m³-15 HORAS-3 OP | G56: =+IF(F56="","",VLOOKUP(F56,$H$139:$I$185,2,FALSE)) -> 443323
A57: SUR 2 | B57: =+IF(F57=0,0,MID(F57,LEN(F57)-3,1)) -> 3 | C57: 1 | D57: 2014-2020 | E57: =+IF(F57=0,0,CONCATENATE(MID(F57,FIND("-",F57,1)+1,4),"ORAS")) -> 15 HORAS | F57: 17.CAMION TIPO25m³-15 HORAS-3 OP | G57: =+IF(F57="","",VLOOKUP(F57,$H$139:$I$185,2,FALSE)) -> 443323
A58: SUR 2 CANECAS 1 | B58: =+IF(F58=0,0,MID(F58,LEN(F58)-3,1)) -> 3 | C58: 1 | D58: 2014-2020 | E58: =+IF(F58=0,0,CONCATENATE(MID(F58,FIND("-",F58,1)+1,4),"ORAS")) -> 15 HORAS | F58: 17.CAMION TIPO25m³-15 HORAS-3 OP | G58: =+IF(F58="","",VLOOKUP(F58,$H$139:$I$185,2,FALSE)) -> 443323
A59: SUR 2 CANECAS 2 | B59: =+IF(F59=0,0,MID(F59,LEN(F59)-3,1)) -> 3 | C59: 1 | D59: 2014-2020 | E59: =+IF(F59=0,0,CONCATENATE(MID(F59,FIND("-",F59,1)+1,4),"ORAS")) -> 15 HORAS | F59: 17.CAMION TIPO25m³-15 HORAS-3 OP | G59: =+IF(F59="","",VLOOKUP(F59,$H$139:$I$185,2,FALSE)) -> 443323
A60: SUR 2 CANECAS 3 | B60: =+IF(F60=0,0,MID(F60,LEN(F60)-3,1)) -> 3 | C60: 1 | D60: 2014-2020 | E60: =+IF(F60=0,0,CONCATENATE(MID(F60,FIND("-",F60,1)+1,4),"ORAS")) -> 15 HORAS | F60: 17.CAMION TIPO25m³-15 HORAS-3 OP | G60: =+IF(F60="","",VLOOKUP(F60,$H$139:$I$185,2,FALSE)) -> 443323
A61: SUR 2 CANECAS 4 | B61: =+IF(F61=0,0,MID(F61,LEN(F61)-3,1)) -> 3 | C61: 1 | D61: 2014-2020 | E61: =+IF(F61=0,0,CONCATENATE(MID(F61,FIND("-",F61,1)+1,4),"ORAS")) -> 15 HORAS | F61: 17.CAMION TIPO25m³-15 HORAS-3 OP | G61: =+IF(F61="","",VLOOKUP(F61,$H$139:$I$185,2,FALSE)) -> 443323
A62: SUR 3 ZONA 1 | B62: =+IF(F62=0,0,MID(F62,LEN(F62)-3,1)) -> 3 | C62: 1 | D62: 2014-2020 | E62: =+IF(F62=0,0,CONCATENATE(MID(F62,FIND("-",F62,1)+1,4),"ORAS")) -> 15 HORAS | F62: 17.CAMION TIPO25m³-15 HORAS-3 OP | G62: =+IF(F62="","",VLOOKUP(F62,$H$139:$I$185,2,FALSE)) -> 443323
A63: SUR 3 ZONA 2 | B63: =+IF(F63=0,0,MID(F63,LEN(F63)-3,1)) -> 3 | C63: 1 | D63: 2014-2020 | E63: =+IF(F63=0,0,CONCATENATE(MID(F63,FIND("-",F63,1)+1,4),"ORAS")) -> 15 HORAS | F63: 17.CAMION TIPO25m³-15 HORAS-3 OP | G63: =+IF(F63="","",VLOOKUP(F63,$H$139:$I$185,2,FALSE)) -> 443323
A65: valor total | B65: =+B54+B55+B56+B57+B58+B64+B59+B60+B61+B62+B63+B46+B47+B48+B49+B50+B51 -> 30 | C65: =C59+C60+C61+C62+C63+C46+C47+C48+C49+C50+C54+C55+C56+C57+C58+C64 -> 10 | G65: =+G54+G55+G56+G57+G58+G59+G60+G61+G62+G63 -> 4433230
A67: TOTAL | B67: =B65+B40+B22 -> 81 | C67: =C65+C40+C22 -> 26 | D67: =D65+D40+D22 -> 0 | G67: =G65+G40+G22 -> 12446472
J68: GRAN TOTAL OPERA | K68: =K25+B67+T25+AB25 -> 105
J69: GRAN TOTAL CAMIONES | K69: =L25+C67+U25+AC25 -> 33 | M69: ZONA NORTE | N69: ZONA CENTRO | O69: ZONA SUR
J70: VALOR $ | K70: =G67+P25+Y25 -> 16633249 | M70: =G22+P18+Y20 -> 4557065 | N70: =G40+P4+P5+Y4+Y5+Y6+Y7+Y15+Y16+Y21+P6+P7+P8 -> 7269720 | O70: =G65+Y22 -> 4806464 | P70: =SUM(M70:O70) -> 16633249
A72: OTRAS NOVEDADES DE JORNADA
A73: MOVIMIENTOS: * SE REQUIERE QUE LOS DOS OPERARIOS PARA APOYO DE CICLOVÍA LLEGUEN A CALLE 3 A LAS 10:00 AM Y ESTEN DISPONIBLES HASTA LAS 5:00 PM. ENCARGADO KEVIN SILVA 3214765973. * LOS VEHÍCULOS DE PEDAGOGÍA Y LUDICA, DEBEN LLEGAR A LAS 7:00 AM A CALLE 3. * LA CAMIONETA FURGONADA DE PENDONES DE CALLE 26 DEBE LLEGAR A LAS 4:00 AM A LA CALLE 3, JUNTO CON LOS DOS OPERARIOS ADICIONALES. CAMIONETA 1: CAMIONETA DEBE LLEGAR A LAS 4:00 AM A IDRD QUEDA DISPONIBLE. ENCARGADO KEVIN SILVA 3214765973. CAMIONETA 2: CAMIONETA DEBE LLEGAR A LAS 4:00 AM AL IDRD QUEDA DISPONIBLE. ENCARGADO KEVIN SILVA 3214765973. CAMIONETA 3: CAMIONETA DEBE LLEGAR A LAS 4:00 AM A IDRD QUEDA DISPONIBLE. ENCARGADO KEVIN SILVA 3214765973.. ESCUELA DE LA BICI: EL VEHÍCULO DE ESCUELA, DEBEN COMUNICARSE CON EL TALENTO HUMANO DE EL PROGRAMA DE ESCUELA DE LA BICICLETA SERGIO PRIETO CEL 3167160204 O JHONATHAN VALBUENA CEL 3175023577, LO ANTERIOR PARA COORDINAR LOS PUNTOS Y LOS DESPLAZAMIENTOS. DISPONIBLES: SE DEBE DEJAR DOS CAMIONES DE 25m2 CON 3 OPERARIOS LOS CUALES DEBEN REGRESAR A LA CALLE 3 A LAS 8:30 AM, ENCARGADA JULIETH ARROYO. 3012802342 ADICIONALES: DE ACUERDO A LA REUNIÓN SOSTENIDA EL 30 DE AGOSTO SE SOLICITA UN CAMIÓN DE 25M2 PARA ELENTREGA DE MODULOS EL CUAL VA ESTAR POR 9 HORAS DEBE LLEGAR A LAS 7 AM CALLE 3, ASI COMO UN VEHICULO DE 25 M2 POR 4 HORAS DEBE LLEGAR A LAS 4:30 AM A CALLE 3.
A93: Apoyan Guardaines ATN Norte 4, Norte 2 y Norte 3 Apoan Guardianes ATN Norte 1, Centro 1 y Centro 5 Apoyan Guardianes ATN Centro 4, Centro 3 y Sur 3 Apoyan Guardianes ATN Sur 1, Sur 2 y Centro 2
J138: TIPO DE DISPONIBILIDAD | K138: OPERARIOS
F139: 0 | G139: 0 | H139: 0 | I139: 0 | J139: 0 | K139: 0 | L139: 0 | M139: 0 | N139: =+CONCATENATE(G139,"VEHICULO",M139) -> 0VEHICULO0
F140: 40m³-15H-4OP | G140: 1. | H140: 1.CAMION TIPO40m³-15 HORAS-4 OP | I140: 582964 | J140: C | K140: 4 | L140: 1 SENCILLO 15H 4OP | M140: . | N140: =+CONCATENATE(G140,F140) -> 1.40m³-15H-4OP
F141: 40m³-15H-3OP | G141: 2. | H141: 2.CAMION TIPO40m³-15 HORAS-3 OP | I141: 514916 | J141: C | K141: 3 | L141: 2 SENCILLO 15H 3OP | M141: . | N141: =+CONCATENATE(G141,F141) -> 2.40m³-15H-3OP
F142: 40m³-15H-2OP | G142: 3. | H142: 3.CAMION TIPO40m³-15 HORAS-2 OP | I142: 448638 | J142: C | K142: 2 | L142: 3 SENCILLO 15H 2OP | M142: . | N142: =+CONCATENATE(G142,F142) -> 3.40m³-15H-2OP
F143: 40m³-15H-1OP | G143: 4. | H143: 4.CAMION TIPO40m³-15 HORAS-1 OP | I143: 381163 | J143: C | K143: 1 | L143: 4 SENCILLO 15H 1OP | M143: . | N143: =+CONCATENATE(G143,F143) -> 4.40m³-15H-1OP
F144: 40m³-15H-0OP | G144: 5. | H144: 5.CAMION TIPO40m³-15 HORAS-0 OP | I144: 321680 | J144: C | K144: 0 | L144: 5 SENCILLO 15H 0OP | M144: . | N144: =+CONCATENATE(G144,F144) -> 5.40m³-15H-0OP
F145: 40m³-9H-4OP | G145: 6. | H145: 6.CAMION TIPO40m³-09 HORAS-4 OP | I145: 509192 | J145: M | K145: 4 | L145: 6 SENCILLO M 4OP | M145: . | N145: =+CONCATENATE(G145,F145) -> 6.40m³-9H-4OP
F146: 40m³-9H-3OP | G146: 7. | H146: 7.CAMION TIPO40m³-09 HORAS-3 OP | I146: 450204 | J146: M | K146: 3 | L146: 7 SENCILLO M 3OP | M146: . | N146: =+CONCATENATE(G146,F146) -> 7.40m³-9H-3OP
F147: 40m³-9H-2OP | G147: 8. | H147: 8.CAMION TIPO40m³-09 HORAS-2 OP | I147: 392186 | J147: M | K147: 2 | L147: 8 SENCILLO M 2OP | M147: . | N147: =+CONCATENATE(G147,F147) -> 8.40m³-9H-2OP
F148: 40m³-9H-1OP | G148: 9. | H148: 9.CAMION TIPO40m³-09 HORAS-1 OP | I148: 329397 | J148: M | K148: 1 | L148: 9 SENCILLO M 1OP | M148: . | N148: =+CONCATENATE(G148,F148) -> 9.40m³-9H-1OP
F149: 40m³-9H-0OP | G149: 10. | H149: 10.CAMION TIPO40m³-09 HORAS-0 OP | I149: 280919 | J149: M | K149: 0 | L149: 10 SENCILLO M 0OP | M149: . | N149: =+CONCATENATE(G149,F149) -> 10.40m³-9H-0OP
F150: 40m³-4H-4OP | G150: 11. | H150: 11.CAMION TIPO40m³-04 HORAS-4 OP | I150: 420585 | J150: R | K150: 4 | L150: 11 SENCILLO R 4OP | M150: . | N150: =+CONCATENATE(G150,F150) -> 11.40m³-4H-4OP
F151: 40m³-4H-3OP | G151: 12. | H151: 12.CAMION TIPO40m³-04 HORAS-3 OP | I151: 369327 | J151: R | K151: 3 | L151: 12 SENCILLO R 3OP | M151: . | N151: =+CONCATENATE(G151,F151) -> 12.40m³-4H-3OP
... F181: OPERARIO-6-H | G181: 42. | H181: 42.OPERARIO-06 HORAS | I181: 41562 | J181: H | K181: 0 | L181: 42 OPERARIO 6 H | M181: . | N181: =+CONCATENATE(G181,F181) -> 42.OPERARIO-6-H
F182: BOGOTA-REGION-40m³- | G182: 43. | H182: 43.BOGOTA-REGION-40m³-9 HORAS | I182: 628232 | N182: =+CONCATENATE(G182,F182) -> 43.BOGOTA-REGION-40m³-
F183: BOGOTA-REGION-25m³- | G183: 44. | H183: 44.BOGOTA-REGION-25m³-9 HORAS | I183: 562619 | N183: =+CONCATENATE(G183,F183) -> 44.BOGOTA-REGION-25m³-
F184: BOGOTA-REGION-FURGON- | G184: 45. | H184: 45.BOGOTA-REGION-FURGON-9 HORAS | I184: 418264 | N184: =+CONCATENATE(G184,F184) -> 45.BOGOTA-REGION-FURGON-
F185: BOGOTA-REGION-4X4 | G185: 46. | H185: 46.BOGOTA-REGION-4X4-9 HORAS | I185: 288714 | N185: =+CONCATENATE(G185,F185) -> 46.BOGOTA-REGION-4X4
N186: =+CONCATENATE(G186,F186)

Sheet 11 SEPTIEMBRE
A1: ZONA NORTE
A2: RUTAS CICLOVÍA 40 M3 | I2: LUDICA CICLOVÍA, ESCUELA DE LA BICI, ADICIONALES 25 M3 | R2: CONOS CICLOVÍA 25 M3
A3: CORREDOR | B3: # OPERARIOS | C3: # CAMIONES | D3: MODELO | E3: DISPONIBILIDAD | F3: TIPO DE SERVICIO | G3: $ | I3: ZONA | J3: CORREDOR | K3: # OPERARIOS | L3: # CAMIONES | M3: MODELO | N3: DISPONIBILIDAD | O3: TIPO DE SERVICIO | P3: $ | R3: ZONA | S3: CORREDOR | T3: # OPERARIOS | U3: # CAMIONES | V3: MODELO | W3: DISPONIBILIDAD | X3: TIPO DE SERVICIO | Y3: $
A4: NORTE 1 | B4: =+IF(F4=0,0,MID(F4,LEN(F4)-3,1)) -> 3 | C4: 1 | D4: 2014-2020 | E4: =+IF(F4=0,0,CONCATENATE(MID(F4,FIND("-",F4,1)+1,4),"ORAS")) -> 15 HORAS | F4: 2.CAMION TIPO40m³-15 HORAS-3 OP | G4: =+IF(C4=0,0,IF(F4="","",VLOOKUP(F4,$H$139:$I$185,2,FALSE))*C4) -> 514916 | I4: CENTRO | J4: CAMIONETA FURGONADA PENDONES CALLE 26 | K4: 0 | L4: 1 | M4: 2014-2020 | N4: =+IF(O4=0,0,CONCATENATE(MID(O4,FIND("-",O4,1)+1,4),"ORAS")) -> 15 HORAS | O4: 31.CAMION TIPOFURGON-15 HORAS | P4: =+IF(O4="","",VLOOKUP(O4,$H$139:$I$185,2,FALSE)) -> 239262 | R4: CENTRO | S4: CENTRO 5 CAMION 1 UNICONOS | T4: =+IF(X4=0,0,MID(X4,LEN(X4)-3,1)) -> 3 | U4: 1 | V4: 2014-2020 | W4: =+IF(X4=0,0,CONCATENATE(MID(X4,FIND("-",X4,1)+1,4),"ORAS")) -> 15 HORAS | X4: 17.CAMION TIPO25m³-15 HORAS-3 OP | Y4: =+IF(X4="","",VLOOKUP(X4,$H$139:$I$185,2,FALSE)) -> 443323
A5: NORTE 2 | B5: =+IF(F5=0,0,MID(F5,LEN(F5)-3,1)) -> 3 | C5: 1 | D5: 2014-2020 | E5: =+IF(F5=0,0,CONCATENATE(MID(F5,FIND("-",F5,1)+1,4),"ORAS")) -> 15 HORAS | F5: 2.CAMION TIPO40m³-15 HORAS-3 OP | G5: =+IF(F5="","",VLOOKUP(F5,$H$139:$I$185,2,FALSE)) -> 514916 | I5: CENTRO | J5: ESCUELA | K5: =+IF(O5=0,0,MID(O5,LEN(O5)-3,1)) -> 3 | L5: 1 | M5: 2014-2020 | N5: =+IF(O5=0,0,CONCATENATE(MID(O5,FIND("-",O5,1)+1,4),"ORAS")) -> 15 HORAS | O5: 17.CAMION TIPO25m³-15 HORAS-3 OP | P5: =+IF(O5="","",VLOOKUP(O5,$H$139:$I$185,2,FALSE)) -> 443323 | R5: CENTRO | S5: CENTRO 5 CAMION 2 UNICONOS | T5: =+IF(X5=0,0,MID(X5,LEN(X5)-3,1)) -> 4 | U5: 1 | V5: 2014-2020 | W5: =+IF(X5=0,0,CONCATENATE(MID(X5,FIND("-",X5,1)+1,4),"ORAS")) -> 15 HORAS | X5: 16.CAMION TIPO25m³-15 HORAS-4 OP | Y5: =+IF(X5="","",VLOOKUP(X5,$H$139:$I$185,2,FALSE)) -> 501739
A6: NORTE 3 | B6: =+IF(F6=0,0,MID(F6,LEN(F6)-3,1)) -> 3 | C6: 1 | D6: 2014-2020 | E6: =+IF(F6=0,0,CONCATENATE(MID(F6,FIND("-",F6,1)+1,4),"ORAS")) -> 15 HORAS | F6: 2.CAMION TIPO40m³-15 HORAS-3 OP | G6: =+IF(F6="","",VLOOKUP(F6,$H$139:$I$185,2,FALSE)) -> 514916 | I6: CENTRO | J6: CICLOVÍA | K6: 3 | L6: 1 | M6: 2014-2020 | N6: =+IF(O6=0,0,CONCATENATE(MID(O6,FIND("-",O6,1)+1,4),"ORAS")) -> 04 HORAS | O6: 27.CAMION TIPO25m³-04 HORAS-3 OP | P6: =+IF(O6="","",VLOOKUP(O6,$H$139:$I$185,2,FALSE)) -> 323876 | R6: CENTRO | S6: CENTRO 4 CAMION 3 UNICONOS | T6: =+IF(X6=0,0,MID(X6,LEN(X6)-3,1)) -> 4 | U6: 1 | V6: 2014-2020 | W6: =+IF(X6=0,0,CONCATENATE(MID(X6,FIND("-",X6,1)+1,4),"ORAS")) -> 15 HORAS | X6: 16.CAMION TIPO25m³-15 HORAS-4 OP | Y6: =+IF(X6="","",VLOOKUP(X6,$H$139:$I$185,2,FALSE)) -> 501739
A7: NORTE 4 | B7: =+IF(F7=0,0,MID(F7,LEN(F7)-3,1)) -> 3 | C7: 1 | D7: 2014-2020 | E7: =+IF(F7=0,0,CONCATENATE(MID(F7,FIND("-",F7,1)+1,4),"ORAS")) -> 15 HORAS | F7: 2.CAMION TIPO40m³-15 HORAS-3 OP | G7: =+IF(F7="","",VLOOKUP(F7,$H$139:$I$185,2,FALSE)) -> 514916 | I7: CENTRO | J7: CICLOVÍA ENTREGA DE MODULOS | K7: 2 | L7: 1 | M7: 2014-2020 | N7: =+IF(O7=0,0,CONCATENATE(MID(O7,FIND("-",O7,1)+1,4),"ORAS")) -> 09 HORAS | O7: 23.CAMION TIPO25m³-09 HORAS-2 OP | P7: =+IF(O7="","",VLOOKUP(O7,$H$139:$I$185,2,FALSE)) -> 345928 | X7: 0 | Y7: =+IF(X7="","",VLOOKUP(X7,$H$139:$I$185,2,FALSE)) -> 0
A8: NORTE 5 ZONA 1 | B8: =+IF(F8=0,0,MID(F8,LEN(F8)-3,1)) -> 3 | C8: 1 | D8: 2014-2020 | E8: =+IF(F8=0,0,CONCATENATE(MID(F8,FIND("-",F8,1)+1,4),"ORAS")) -> 15 HORAS | F8: 2.CAMION TIPO40m³-15 HORAS-3 OP | G8: =+IF(C8=0,0,IF(F8="","",VLOOKUP(F8,$H$139:$I$185,2,FALSE))*C8) -> 514916 | N8: =+IF(O8=0,0,CONCATENATE(MID(O8,FIND("-",O8,1)+1,4),"ORAS")) -> 0 | O8: 0 | P8: =+IF(O8="","",VLOOKUP(O8,$H$139:$I$185,2,FALSE)) -> 0 | U8: =+U4+U5+U6+U7 -> 3
A9: NORTE 1 MALETINES | B9: =+IF(F9=0,0,MID(F9,LEN(F9)-3,1)) -> 4 | C9: 1 | D9: 2014-2020 | E9: =+IF(F9=0,0,CONCATENATE(MID(F9,FIND("-",F9,1)+1,4),"ORAS")) -> 15 HORAS | F9: 1.CAMION TIPO40m³-15 HORAS-4 OP | G9: =+IF(F9="","",VLOOKUP(F9,$H$139:$I$185,2,FALSE)) -> 582964
A10: NORTE 1 DIVISORES | B10: =+IF(F10=0,0,MID(F10,LEN(F10)-3,1)) -> 4 | C10: 1 | D10: 2014-2020 | E10: =+IF(F10=0,0,CONCATENATE(MID(F10,FIND("-",F10,1)+1,4),"ORAS")) -> 15 HORAS | F10: 1.CAMION TIPO40m³-15 HORAS-4 OP | G10: =+IF(F10="","",VLOOKUP(F10,$H$139:$I$185,2,FALSE)) -> 582964
B13: =+B10+B9+B8+B7+B6+B5+B4 -> 23 | C13: =+C10+C9+C8+C7+C6+C5+C4 -> 7 | G13: =+G4+G5+G6+G7+G8+G9+G10 -> 3740508 | R13: OPERARIOS ADICIONALES
A14: RUTAS CICLOVÍA 25 M3 | R14: ZONA | S14: CORREDOR | T14: # OPERARIOS | U14: # CAMIONES | V14: MODELO | W14: DISPONIBILIDAD | X14: TIPO DE SERVICIO | Y14: $
A15: CORREDOR | B15: # OPERARIOS | C15: # CAMIONES | D15: MODELO | E15: DISPONIBILIDAD | F15: TIPO DE SERVICIO | G15: $ | R15: CENTRO | S15: APOYO CICLOVÍA | T15: 3 | U15: 0 | V15: NA | W15: =+IF(X15=0,0,CONCATENATE(MID(X15,FIND("-",X15,1)+1,4),"ORAS")) -> 08 HORAS | X15: 41.OPERARIO-08 HORAS | Y15: =+IF(X15="","",VLOOKUP(X15,$H$139:$I$185,2,FALSE))*T15 -> 160731
A16: NORTE 5 ZONA 2 | B16: =+IF(F16=0,0,MID(F16,LEN(F16)-3,1)) -> 3 | C16: 1 | D16: 2014-2020 | E16: =+IF(F16=0,0,CONCATENATE(MID(F16,FIND("-",F16,1)+1,4),"ORAS")) -> 15 HORAS | F16: 17.CAMION TIPO25m³-15 HORAS-3 OP | G16: =+IF(C16=0,0,IF(F16="","",VLOOKUP(F16,$H$139:$I$185,2,FALSE))*C16) -> 443323 | I16: ATN CICLOVÍA, ESCUELA DE LA BICI, ADICIONALES 40 M3 | R16: CENTRO | S16: ADICIONALES | T16: 2 | U16: 0 | V16: NA | W16: =+IF(X16=0,0,CONCATENATE(MID(X16,FIND("-",X16,1)+1,4),"ORAS")) -> 08 HORAS | X16: 41.OPERARIO-08 HORAS | Y16: =+IF(X16="","",VLOOKUP(X16,$H$139:$I$185,2,FALSE))*T16 -> 107154
I17: ZONA | J17: CORREDOR | K17: # OPERARIOS | L17: # CAMIONES | M17: MODELO | N17: DISPONIBILIDAD | O17: TIPO DE SERVICIO | P17: $
K18: =+IF(O18=0,0,MID(O18,LEN(O18)-3,1)) -> 0 | L18: 0 | N18: =+IF(O18=0,0,CONCATENATE(MID(O18,FIND("-",O18,1)+1,4),"ORAS")) -> 0 | O18: 0 | P18: =+IF(O18="","",VLOOKUP(O18,$H$139:$I$185,2,FALSE)) -> 0 | R18: CAMIONETA 4 X4 DOBLE CABINA CON PLATON
R19: ZONA | S19: CORREDOR | T19: # OPERARIOS | U19: # CAMIONES | V19: MODELO | W19: DISPONIBILIDAD | X19: TIPO DE SERVICIO | Y19: $
R20: NORTE | S20: APOYO CICLOVÍA | T20: NA | U20: NA | V20: 2014-2020 | W20: =+IF(X20=0,0,CONCATENATE(MID(X20,FIND("-",X20,1)+1,4),"ORAS")) -> 15 HORAS | X20: 34.4X4-15 HORAS | Y20: =+IF(X20="","",VLOOKUP(X20,$H$139:$I$185,2,FALSE)) -> 373234
R21: CENTRO | S21: APOYO CICLOVÍA | T21: NA | U21: NA | V21: 2014-2020 | W21: =+IF(X21=0,0,CONCATENATE(MID(X21,FIND("-",X21,1)+1,4),"ORAS")) -> 15 HORAS | X21: 34.4X4-15 HORAS | Y21: =+IF(X21="","",VLOOKUP(X21,$H$139:$I$185,2,FALSE)) -> 373234
A22: valor total | B22: =SUM(B4:B13)+B16+B17+B18+B19+B20+B21 -> 26 | C22: =+C4+C5+C6+C7+C8+C9+C10+C16 -> 8 | G22: =+G13+G16+G17 -> 4183831 | R22: SUR | S22: APOYO CICLOVÍA | T22: NA | U22: NA | V22: 2014-2020 | W22: =+IF(X22=0,0,CONCATENATE(MID(X22,FIND("-",X22,1)+1,4),"ORAS")) -> 15 HORAS | X22: 34.4X4-15 HORAS | Y22: =+IF(X22="","",VLOOKUP(X22,$H$139:$I$185,2,FALSE)) -> 373234
A23: ZONA CENTRO
A24: RUTAS CICLOVÍA 40 M3
A25: CORREDOR | B25: # OPERARIOS | C25: # CAMIONES | D25: MODELO | E25: DISPONIBILIDAD | F25: TIPO DE SERVICIO | G25: $ | J25: TOTAL | K25: =+K4+K5+K18+K6+K7+K8 -> 8 | L25: =SUM(L4:L24) -> 4 | P25: =SUM(P4:P23) -> 1352389 | S25: TOTAL | T25: =+T15+T16+T4+T5+T6+T7 -> 16 | U25: =SUM(U4:U7) -> 3 | Y25: =SUM(Y4:Y22) -> 2834388
A26: CENTRO 1 | B26: =+IF(F26=0,0,MID(F26,LEN(F26)-3,1)) -> 3 | C26: 1 | D26: 2014-2020 | E26: =+IF(F26=0,0,CONCATENATE(MID(F26,FIND("-",F26,1)+1,4),"ORAS")) -> 15 HORAS | F26: 2.CAMION TIPO40m³-15 HORAS-3 OP | G26: =+IF(C26=0,0,IF(F26="","",VLOOKUP(F26,$H$139:$I$185,2,FALSE))*C26) -> 514916
A27: CENTRO 2 | B27: =+IF(F27=0,0,MID(F27,LEN(F27)-3,1)) -> 4 | C27: 1 | D27: 2014-2020 | E27: =+IF(F27=0,0,CONCATENATE(MID(F27,FIND("-",F27,1)+1,4),"ORAS")) -> 15 HORAS | F27: 1.CAMION TIPO40m³-15 HORAS-4 OP | G27: =+IF(F27="","",VLOOKUP(F27,$H$139:$I$185,2,FALSE)) -> 582964
A28: CENTRO 5 | B28: =+IF(F28=0,0,MID(F28,LEN(F28)-3,1)) -> 3 | C28: 1 | D28: 2014-2020 | E28: =+IF(F28=0,0,CONCATENATE(MID(F28,FIND("-",F28,1)+1,4),"ORAS")) -> 15 HORAS | F28: 2.CAMION TIPO40m³-15 HORAS-3 OP | G28: =+IF(F28="","",VLOOKUP(F28,$H$139:$I$185,2,FALSE)) -> 514916
A32: RUTAS CICLOVÍA 25 M3
A33: > | B33: # OPERARIOS | C33: # CAMIONES | D33: MODELO | F33: TIPO DE SERVICIO | G33: $
A34: CENTRO 3 ZONA 1 | B34: =+IF(F34=0,0,MID(F34,LEN(F34)-3,1)) -> 3 | C34: 1 | D34: 2014-2020 | E34: =+IF(F34=0,0,CONCATENATE(MID(F34,FIND("-",F34,1)+1,4),"ORAS")) -> 15 HORAS | F34: 17.CAMION TIPO25m³-15 HORAS-3 OP | G34: =+IF(F34="","",VLOOKUP(F34,$H$139:$I$185,2,FALSE)) -> 443323
A35: CENTRO 3 ZONA 2 | B35: =+IF(F35=0,0,MID(F35,LEN(F35)-3,1)) -> 3 | C35: 1 | D35: 2014-2020 | E35: =+IF(F35=0,0,CONCATENATE(MID(F35,FIND("-",F35,1)+1,4),"ORAS")) -> 15 HORAS | F35: 17.CAMION TIPO25m³-15 HORAS-3 OP | G35: =+IF(F35="","",VLOOKUP(F35,$H$139:$I$185,2,FALSE)) -> 443323
A36: CENTRO 4 | B36: =+IF(F36=0,0,MID(F36,LEN(F36)-3,1)) -> 3 | C36: 1 | D36: 2014-2020 | E36: =+IF(F36=0,0,CONCATENATE(MID(F36,FIND("-",F36,1)+1,4),"ORAS")) -> 15 HORAS | F36: 17.CAMION TIPO25m³-15 HORAS-3 OP | G36: =+IF(F36="","",VLOOKUP(F36,$H$139:$I$185,2,FALSE)) -> 443323
A37: CENTRO 6 ZONA 1 | B37: =+IF(F37=0,0,MID(F37,LEN(F37)-3,1)) -> 3 | C37: 1 | D37: 2014-2020 | E37: =+IF(F37=0,0,CONCATENATE(MID(F37,FIND("-",F37,1)+1,4),"ORAS")) -> 15 HORAS | F37: 17.CAMION TIPO25m³-15 HORAS-3 OP | G37: =+IF(F37="","",VLOOKUP(F37,$H$139:$I$185,2,FALSE)) -> 443323
A38: CENTRO 6 ZONA 2 | B38: =+IF(F38=0,0,MID(F38,LEN(F38)-3,1)) -> 3 | C38: 1 | D38: 2014-2020 | E38: =+IF(F38=0,0,CONCATENATE(MID(F38,FIND("-",F38,1)+1,4),"ORAS")) -> 15 HORAS | F38: 17.CAMION TIPO25m³-15 HORAS-3 OP | G38: =+IF(F38="","",VLOOKUP(F38,$H$139:$I$185,2,FALSE)) -> 443323
A40: valor total | B40: =+B26+B27+B28+B34+B35+B36+B37+B38 -> 25 | C40: =SUM(C26:C32)+C34+C35+C36+C37+C38+C39 -> 8 | E40: =+IF(F40=0,0,CONCATENATE(MID(F40,FIND("-",F40,1)+1,3),"ORAS")) -> 0 | G40: =+G26+G27+G28+G29+G30+G31+G34+G35+G36+G37+G38 -> 3829411
A41: ZONA SUR
A42: RUTAS CICLOVÍA 40 M3
A43: CORREDOR | B43: # OPERARIOS | C43: # CAMIONES | D43: MODELO | E43: DISPONIBILIDAD | F43: TIPO DE SERVICIO | G43: $
A52: RUTAS CICLOVÍA 25 M3
A53: CORREDOR | B53: # OPERARIOS | C53: # CAMIONES | D53: MODELO | E53: DISPONIBILIDAD | F53: TIPO DE SERVICIO | G53: $
A54: SUR 1 ZONA 1 | B54: =+IF(F54=0,0,MID(F54,LEN(F54)-3,1)) -> 3 | C54: 1 | D54: 2014-2020 | E54: =+IF(F54=0,0,CONCATENATE(MID(F54,FIND("-",F54,1)+1,4),"ORAS")) -> 15 HORAS | F54: 17.CAMION TIPO25m³-15 HORAS-3 OP | G54: =+IF(F54="","",VLOOKUP(F54,$H$139:$I$185,2,FALSE)) -> 443323
A55: SUR 1 ZONA 2 | B55: =+IF(F55=0,0,MID(F55,LEN(F55)-3,1)) -> 3 | C55: 1 | D55: 2014-2020 | E55: =+IF(F55=0,0,CONCATENATE(MID(F55,FIND("-",F55,1)+1,4),"ORAS")) -> 15 HORAS | F55: 17.CAMION TIPO25m³-15 HORAS-3 OP | G55: =+IF(F55="","",VLOOKUP(F55,$H$139:$I$185,2,FALSE)) -> 443323
A56: SUR 1 MALETINES | B56: =+IF(F56=0,0,MID(F56,LEN(F56)-3,1)) -> 3 | C56: 1 | D56: 2014-2020 | E56: =+IF(F56=0,0,CONCATENATE(MID(F56,FIND("-",F56,1)+1,4),"ORAS")) -> 15 HORAS | F56: 17.CAMION TIPO25m³-15 HORAS-3 OP | G56: =+IF(F56="","",VLOOKUP(F56,$H$139:$I$185,2,FALSE)) -> 443323
A57: SUR 2 | B57: =+IF(F57=0,0,MID(F57,LEN(F57)-3,1)) -> 3 | C57: 1 | D57: 2014-2020 | E57: =+IF(F57=0,0,CONCATENATE(MID(F57,FIND("-",F57,1)+1,4),"ORAS")) -> 15 HORAS | F57: 17.CAMION TIPO25m³-15 HORAS-3 OP | G57: =+IF(F57="","",VLOOKUP(F57,$H$139:$I$185,2,FALSE)) -> 443323
A58: SUR 2 CANECAS 1 | B58: =+IF(F58=0,0,MID(F58,LEN(F58)-3,1)) -> 3 | C58: 1 | D58: 2014-2020 | E58: =+IF(F58=0,0,CONCATENATE(MID(F58,FIND("-",F58,1)+1,4),"ORAS")) -> 15 HORAS | F58: 17.CAMION TIPO25m³-15 HORAS-3 OP | G58: =+IF(F58="","",VLOOKUP(F58,$H$139:$I$185,2,FALSE)) -> 443323
A59: SUR 2 CANECAS 2 | B59: =+IF(F59=0,0,MID(F59,LEN(F59)-3,1)) -> 3 | C59: 1 | D59: 2014-2020 | E59: =+IF(F59=0,0,CONCATENATE(MID(F59,FIND("-",F59,1)+1,4),"ORAS")) -> 15 HORAS | F59: 17.CAMION TIPO25m³-15 HORAS-3 OP | G59: =+IF(F59="","",VLOOKUP(F59,$H$139:$I$185,2,FALSE)) -> 443323
A60: SUR 2 CANECAS 3 | B60: =+IF(F60=0,0,MID(F60,LEN(F60)-3,1)) -> 3 | C60: 1 | D60: 2014-2020 | E60: =+IF(F60=0,0,CONCATENATE(MID(F60,FIND("-",F60,1)+1,4),"ORAS")) -> 15 HORAS | F60: 17.CAMION TIPO25m³-15 HORAS-3 OP | G60: =+IF(F60="","",VLOOKUP(F60,$H$139:$I$185,2,FALSE)) -> 443323
A61: SUR 2 CANECAS 4 | B61: =+IF(F61=0,0,MID(F61,LEN(F61)-3,1)) -> 3 | C61: 1 | D61: 2014-2020 | E61: =+IF(F61=0,0,CONCATENATE(MID(F61,FIND("-",F61,1)+1,4),"ORAS")) -> 15 HORAS | F61: 17.CAMION TIPO25m³-15 HORAS-3 OP | G61: =+IF(F61="","",VLOOKUP(F61,$H$139:$I$185,2,FALSE)) -> 443323
A62: SUR 3 ZONA 1 | B62: =+IF(F62=0,0,MID(F62,LEN(F62)-3,1)) -> 3 | C62: 1 | D62: 2014-2020 | E62: =+IF(F62=0,0,CONCATENATE(MID(F62,FIND("-",F62,1)+1,4),"ORAS")) -> 15 HORAS | F62: 17.CAMION TIPO25m³-15 HORAS-3 OP | G62: =+IF(F62="","",VLOOKUP(F62,$H$139:$I$185,2,FALSE)) -> 443323
A63: SUR 3 ZONA 2 | B63: =+IF(F63=0,0,MID(F63,LEN(F63)-3,1)) -> 3 | C63: 1 | D63: 2014-2020 | E63: =+IF(F63=0,0,CONCATENATE(MID(F63,FIND("-",F63,1)+1,4),"ORAS")) -> 15 HORAS | F63: 17.CAMION TIPO25m³-15 HORAS-3 OP | G63: =+IF(F63="","",VLOOKUP(F63,$H$139:$I$185,2,FALSE)) -> 443323
A65: valor total | B65: =+B54+B55+B56+B57+B58+B64+B59+B60+B61+B62+B63+B46+B47+B48+B49+B50+B51 -> 30 | C65: =C59+C60+C61+C62+C63+C46+C47+C48+C49+C50+C54+C55+C56+C57+C58+C64 -> 10 | G65: =+G54+G55+G56+G57+G58+G59+G60+G61+G62+G63 -> 4433230
A67: TOTAL | B67: =B65+B40+B22 -> 81 | C67: =C65+C40+C22 -> 26 | D67: =D65+D40+D22 -> 0 | G67: =G65+G40+G22 -> 12446472
J68: GRAN TOTAL OPERA | K68: =K25+B67+T25+AB25 -> 105
J69: GRAN TOTAL CAMIONES | K69: =L25+C67+U25+AC25 -> 33 | M69: ZONA NORTE | N69: ZONA CENTRO | O69: ZONA SUR
J70: VALOR $ | K70: =G67+P25+Y25 -> 16633249 | M70: =G22+P18+Y20 -> 4557065 | N70: =G40+P4+P5+Y4+Y5+Y6+Y7+Y15+Y16+Y21+P6+P7+P8 -> 7269720 | O70: =G65+Y22 -> 4806464 | P70: =SUM(M70:O70) -> 16633249
A72: OTRAS NOVEDADES DE JORNADA
A73: MOVIMIENTOS: * SE REQUIERE QUE LOS DOS OPERARIOS PARA APOYO DE CICLOVÍA LLEGUEN A CALLE 3 A LAS 10:00 AM Y ESTEN DISPONIBLES HASTA LAS 5:00 PM. ENCARGADO KEVIN SILVA 3214765973. * EL VEHÍCULO DE PEDAGOGÍA Y LUDICA TIPO FURGON, DEBEN LLEGAR A LAS 7:00 AM A CALLE 3. * LA CAMIONETA FURGONADA DE PENDONES DE CALLE 26 DEBE LLEGAR A LAS 4:00 AM A LA CALLE 3, JUNTO CON LOS DOS OPERARIOS ADICIONALES. CAMIONETA 1: CAMIONETA DEBE LLEGAR A LAS 4:00 AM A IDRD QUEDA DISPONIBLE. ENCARGADO KEVIN SILVA 3214765973. CAMIONETA 2: CAMIONETA DEBE LLEGAR A LAS 4:00 AM AL IDRD QUEDA DISPONIBLE. ENCARGADO KEVIN SILVA 3214765973. CAMIONETA 3: CAMIONETA DEBE LLEGAR A LAS 4:00 AM A IDRD QUEDA DISPONIBLE. ENCARGADO KEVIN SILVA 3214765973.. ESCUELA DE LA BICI: EL VEHÍCULO DE ESCUELA, DEBEN COMUNICARSE CON EL TALENTO HUMANO DE EL PROGRAMA DE ESCUELA DE LA BICICLETA SERGIO PRIETO CEL 3167160204 O JHONATHAN VALBUENA CEL 3175023577, LO ANTERIOR PARA COORDINAR LOS PUNTOS Y LOS DESPLAZAMIENTOS. DISPONIBLES: SE DEBE DEJAR DOS CAMIONES DE 25m2 CON 3 OPERARIOS LOS CUALES DEBEN REGRESAR A LA CALLE 3 A LAS 8:30 AM, ENCARGADA JULIETH ARROYO. 3012802342 ADICIONALES: DE ACUERDO A LA REUNIÓN SOSTENIDA EL 30 DE AGOSTO SE SOLICITA UN CAMIÓN DE 25M2 PARA ELENTREGA DE MODULOS EL CUAL VA ESTAR POR 9 HORAS DEBE LLEGAR A LAS 7 AM CALLE 3, ASI COMO UN VEHICULO DE 25 M2 POR 4 HORAS DEBE LLEGAR A LAS 4:30 AM A CALLE 3. NOVEDADES: PARA EL CASO DE LOS CORREDORES DE N5 Y C2 NO SE DEBE DESCARGAR MATERIAL POR LA AFECTACIÓN DE LA CARRERA BIMBO, POR LO CUAL ESTOS VEHICULOS NO DEBEN DESCARGAR MATERIAL ENTRE LA CARRERA 60 ENTRE CALLE 26 Y CALLE 53 Y CALLE 44 ENTRE CARRERA 50 Y CARRERA 60.
A93: Apoyan Guardaines ATN Norte 4, Norte 2 y Norte 3 Apoan Guardianes ATN Norte 1, Centro 1 y Centro 5 Apoyan Guardianes ATN Centro 4, Centro 3 y Sur 3 Apoyan Guardianes ATN Sur 1, Sur 2 y Centro 2
J138: TIPO DE DISPONIBILIDAD | K138: OPERARIOS
F139: 0 | G139: 0 | H139: 0 | I139: 0 | J139: 0 | K139: 0 | L139: 0 | M139: 0 | N139: =+CONCATENATE(G139,"VEHICULO",M139) -> 0VEHICULO0
F140: 40m³-15H-4OP | G140: 1. | H140: 1.CAMION TIPO40m³-15 HORAS-4 OP | I140: 582964 | J140: C | K140: 4 | L140: 1 SENCILLO 15H 4OP | M140: . | N140: =+CONCATENATE(G140,F140) -> 1.40m³-15H-4OP
F141: 40m³-15H-3OP | G141: 2. | H141: 2.CAMION TIPO40m³-15 HORAS-3 OP | I141: 514916 | J141: C | K141: 3 | L141: 2 SENCILLO 15H 3OP | M141: . | N141: =+CONCATENATE(G141,F141) -> 2.40m³-15H-3OP
F142: 40m³-15H-2OP | G142: 3. | H142: 3.CAMION TIPO40m³-15 HORAS-2 OP | I142: 448638 | J142: C | K142: 2 | L142: 3 SENCILLO 15H 2OP | M142: . | N142: =+CONCATENATE(G142,F142) -> 3.40m³-15H-2OP
F143: 40m³-15H-1OP | G143: 4. | H143: 4.CAMION TIPO40m³-15 HORAS-1 OP | I143: 381163 | J143: C | K143: 1 | L143: 4 SENCILLO 15H 1OP | M143: . | N143: =+CONCATENATE(G143,F143) -> 4.40m³-15H-1OP
F144: 40m³-15H-0OP | G144: 5. | H144: 5.CAMION TIPO40m³-15 HORAS-0 OP | I144: 321680 | J144: C | K144: 0 | L144: 5 SENCILLO 15H 0OP | M144: . | N144: =+CONCATENATE(G144,F144) -> 5.40m³-15H-0OP
F145: 40m³-9H-4OP | G145: 6. | H145: 6.CAMION TIPO40m³-09 HORAS-4 OP | I145: 509192 | J145: M | K145: 4 | L145: 6 SENCILLO M 4OP | M145: . | N145: =+CONCATENATE(G145,F145) -> 6.40m³-9H-4OP
F146: 40m³-9H-3OP | G146: 7. | H146: 7.CAMION TIPO40m³-09 HORAS-3 OP | I146: 450204 | J146: M | K146: 3 | L146: 7 SENCILLO M 3OP | M146: . | N146: =+CONCATENATE(G146,F146) -> 7.40m³-9H-3OP
F147: 40m³-9H-2OP | G147: 8. | H147: 8.CAMION TIPO40m³-09 HORAS-2 OP | I147: 392186 | J147: M | K147: 2 | L147: 8 SENCILLO M 2OP | M147: . | N147: =+CONCATENATE(G147,F147) -> 8.40m³-9H-2OP
F148: 40m³-9H-1OP | G148: 9. | H148: 9.CAMION TIPO40m³-09 HORAS-1 OP | I148: 329397 | J148: M | K148: 1 | L148: 9 SENCILLO M 1OP | M148: . | N148: =+CONCATENATE(G148,F148) -> 9.40m³-9H-1OP
F149: 40m³-9H-0OP | G149: 10. | H149: 10.CAMION TIPO40m³-09 HORAS-0 OP | I149: 280919 | J149: M | K149: 0 | L149: 10 SENCILLO M 0OP | M149: . | N149: =+CONCATENATE(G149,F149) -> 10.40m³-9H-0OP
F150: 40m³-4H-4OP | G150: 11. | H150: 11.CAMION TIPO40m³-04 HORAS-4 OP | I150: 420585 | J150: R | K150: 4 | L150: 11 SENCILLO R 4OP | M150: . | N150: =+CONCATENATE(G150,F150) -> 11.40m³-4H-4OP
F151: 40m³-4H-3OP | G151: 12. | H151: 12.CAMION TIPO40m³-04 HORAS-3 OP | I151: 369327 | J151: R | K151: 3 | L151: 12 SENCILLO R 3OP | M151: . | N151: =+CONCATENATE(G151,F151) -> 12.40m³-4H-3OP
... F181: OPERARIO-6-H | G181: 42. | H181: 42.OPERARIO-06 HORAS | I181: 41562 | J181: H | K181: 0 | L181: 42 OPERARIO 6 H | M181: . | N181: =+CONCATENATE(G181,F181) -> 42.OPERARIO-6-H
F182: BOGOTA-REGION-40m³- | G182: 43. | H182: 43.BOGOTA-REGION-40m³-9 HORAS | I182: 628232 | N182: =+CONCATENATE(G182,F182) -> 43.BOGOTA-REGION-40m³-
F183: BOGOTA-REGION-25m³- | G183: 44. | H183: 44.BOGOTA-REGION-25m³-9 HORAS | I183: 562619 | N183: =+CONCATENATE(G183,F183) -> 44.BOGOTA-REGION-25m³-
F184: BOGOTA-REGION-FURGON- | G184: 45. | H184: 45.BOGOTA-REGION-FURGON-9 HORAS | I184: 418264 | N184: =+CONCATENATE(G184,F184) -> 45.BOGOTA-REGION-FURGON-
F185: BOGOTA-REGION-4X4 | G185: 46. | H185: 46.BOGOTA-REGION-4X4-9 HORAS | I185: 288714 | N185: =+CONCATENATE(G185,F185) -> 46.BOGOTA-REGION-4X4
N186: =+CONCATENATE(G186,F186)

Sheet 18 SEPTIEMBRE 
A1: ZONA NORTE
A2: RUTAS CICLOVÍA 40 M3 | I2: LUDICA CICLOVÍA, ESCUELA DE LA BICI, ADICIONALES 25 M3 | R2: CONOS CICLOVÍA 25 M3
A3: CORREDOR | B3: # OPERARIOS | C3: # CAMIONES | D3: MODELO | E3: DISPONIBILIDAD | F3: TIPO DE SERVICIO | G3: $ | I3: ZONA | J3: CORREDOR | K3: # OPERARIOS | L3: # CAMIONES | M3: MODELO | N3: DISPONIBILIDAD | O3: TIPO DE SERVICIO | P3: $ | R3: ZONA | S3: CORREDOR | T3: # OPERARIOS | U3: # CAMIONES | V3: MODELO | W3: DISPONIBILIDAD | X3: TIPO DE SERVICIO | Y3: $
A4: NORTE 1 | B4: =+IF(F4=0,0,MID(F4,LEN(F4)-3,1)) -> 3 | C4: 1 | D4: 2014-2020 | E4: =+IF(F4=0,0,CONCATENATE(MID(F4,FIND("-",F4,1)+1,4),"ORAS")) -> 15 HORAS | F4: 2.CAMION TIPO40m³-15 HORAS-3 OP | G4: =+IF(C4=0,0,IF(F4="","",VLOOKUP(F4,$H$139:$I$185,2,FALSE))*C4) -> 514916 | I4: CENTRO | J4: CAMIONETA FURGONADA PENDONES CALLE 26 | K4: 0 | L4: 1 | M4: 2014-2020 | N4: =+IF(O4=0,0,CONCATENATE(MID(O4,FIND("-",O4,1)+1,4),"ORAS")) -> 15 HORAS | O4: 31.CAMION TIPOFURGON-15 HORAS | P4: =+IF(O4="","",VLOOKUP(O4,$H$139:$I$185,2,FALSE)) -> 239262 | R4: CENTRO | S4: CENTRO 5 CAMION 1 UNICONOS | T4: =+IF(X4=0,0,MID(X4,LEN(X4)-3,1)) -> 3 | U4: 1 | V4: 2014-2020 | W4: =+IF(X4=0,0,CONCATENATE(MID(X4,FIND("-",X4,1)+1,4),"ORAS")) -> 15 HORAS | X4: 17.CAMION TIPO25m³-15 HORAS-3 OP | Y4: =+IF(X4="","",VLOOKUP(X4,$H$139:$I$185,2,FALSE)) -> 443323
A5: NORTE 2 | B5: =+IF(F5=0,0,MID(F5,LEN(F5)-3,1)) -> 3 | C5: 1 | D5: 2014-2020 | E5: =+IF(F5=0,0,CONCATENATE(MID(F5,FIND("-",F5,1)+1,4),"ORAS")) -> 15 HORAS | F5: 2.CAMION TIPO40m³-15 HORAS-3 OP | G5: =+IF(F5="","",VLOOKUP(F5,$H$139:$I$185,2,FALSE)) -> 514916 | I5: CENTRO | J5: ESCUELA | K5: =+IF(O5=0,0,MID(O5,LEN(O5)-3,1)) -> 3 | L5: 1 | M5: 2014-2020 | N5: =+IF(O5=0,0,CONCATENATE(MID(O5,FIND("-",O5,1)+1,4),"ORAS")) -> 15 HORAS | O5: 17.CAMION TIPO25m³-15 HORAS-3 OP | P5: =+IF(O5="","",VLOOKUP(O5,$H$139:$I$185,2,FALSE)) -> 443323 | R5: CENTRO | S5: CENTRO 5 CAMION 2 UNICONOS | T5: =+IF(X5=0,0,MID(X5,LEN(X5)-3,1)) -> 4 | U5: 1 | V5: 2014-2020 | W5: =+IF(X5=0,0,CONCATENATE(MID(X5,FIND("-",X5,1)+1,4),"ORAS")) -> 15 HORAS | X5: 16.CAMION TIPO25m³-15 HORAS-4 OP | Y5: =+IF(X5="","",VLOOKUP(X5,$H$139:$I$185,2,FALSE)) -> 501739
A6: NORTE 3 | B6: =+IF(F6=0,0,MID(F6,LEN(F6)-3,1)) -> 3 | C6: 1 | D6: 2014-2020 | E6: =+IF(F6=0,0,CONCATENATE(MID(F6,FIND("-",F6,1)+1,4),"ORAS")) -> 15 HORAS | F6: 2.CAMION TIPO40m³-15 HORAS-3 OP | G6: =+IF(F6="","",VLOOKUP(F6,$H$139:$I$185,2,FALSE)) -> 514916 | I6: CENTRO | J6: CICLOVÍA | K6: 3 | L6: 1 | M6: 2014-2020 | N6: =+IF(O6=0,0,CONCATENATE(MID(O6,FIND("-",O6,1)+1,4),"ORAS")) -> 04 HORAS | O6: 27.CAMION TIPO25m³-04 HORAS-3 OP | P6: =+IF(O6="","",VLOOKUP(O6,$H$139:$I$185,2,FALSE)) -> 323876 | R6: CENTRO | S6: CENTRO 4 CAMION 3 UNICONOS | T6: =+IF(X6=0,0,MID(X6,LEN(X6)-3,1)) -> 4 | U6: 1 | V6: 2014-2020 | W6: =+IF(X6=0,0,CONCATENATE(MID(X6,FIND("-",X6,1)+1,4),"ORAS")) -> 15 HORAS | X6: 16.CAMION TIPO25m³-15 HORAS-4 OP | Y6: =+IF(X6="","",VLOOKUP(X6,$H$139:$I$185,2,FALSE)) -> 501739
A7: NORTE 4 | B7: =+IF(F7=0,0,MID(F7,LEN(F7)-3,1)) -> 3 | C7: 1 | D7: 2014-2020 | E7: =+IF(F7=0,0,CONCATENATE(MID(F7,FIND("-",F7,1)+1,4),"ORAS")) -> 15 HORAS | F7: 2.CAMION TIPO40m³-15 HORAS-3 OP | G7: =+IF(F7="","",VLOOKUP(F7,$H$139:$I$185,2,FALSE)) -> 514916 | I7: CENTRO | J7: CICLOVÍA ENTREGA DE MODULOS | K7: 2 | L7: 1 | M7: 2014-2020 | N7: =+IF(O7=0,0,CONCATENATE(MID(O7,FIND("-",O7,1)+1,4),"ORAS")) -> 09 HORAS | O7: 23.CAMION TIPO25m³-09 HORAS-2 OP | P7: =+IF(O7="","",VLOOKUP(O7,$H$139:$I$185,2,FALSE)) -> 345928 | X7: 0 | Y7: =+IF(X7="","",VLOOKUP(X7,$H$139:$I$185,2,FALSE)) -> 0
A8: NORTE 5 ZONA 1 | B8: =+IF(F8=0,0,MID(F8,LEN(F8)-3,1)) -> 3 | C8: 1 | D8: 2014-2020 | E8: =+IF(F8=0,0,CONCATENATE(MID(F8,FIND("-",F8,1)+1,4),"ORAS")) -> 15 HORAS | F8: 2.CAMION TIPO40m³-15 HORAS-3 OP | G8: =+IF(C8=0,0,IF(F8="","",VLOOKUP(F8,$H$139:$I$185,2,FALSE))*C8) -> 514916 | N8: =+IF(O8=0,0,CONCATENATE(MID(O8,FIND("-",O8,1)+1,4),"ORAS")) -> 0 | O8: 0 | P8: =+IF(O8="","",VLOOKUP(O8,$H$139:$I$185,2,FALSE)) -> 0 | U8: =+U4+U5+U6+U7 -> 3
A9: NORTE 1 MALETINES | B9: =+IF(F9=0,0,MID(F9,LEN(F9)-3,1)) -> 4 | C9: 1 | D9: 2014-2020 | E9: =+IF(F9=0,0,CONCATENATE(MID(F9,FIND("-",F9,1)+1,4),"ORAS")) -> 15 HORAS | F9: 1.CAMION TIPO40m³-15 HORAS-4 OP | G9: =+IF(F9="","",VLOOKUP(F9,$H$139:$I$185,2,FALSE)) -> 582964
A10: NORTE 1 DIVISORES | B10: =+IF(F10=0,0,MID(F10,LEN(F10)-3,1)) -> 4 | C10: 1 | D10: 2014-2020 | E10: =+IF(F10=0,0,CONCATENATE(MID(F10,FIND("-",F10,1)+1,4),"ORAS")) -> 15 HORAS | F10: 1.CAMION TIPO40m³-15 HORAS-4 OP | G10: =+IF(F10="","",VLOOKUP(F10,$H$139:$I$185,2,FALSE)) -> 582964
B13: =+B10+B9+B8+B7+B6+B5+B4 -> 23 | C13: =+C10+C9+C8+C7+C6+C5+C4 -> 7 | G13: =+G4+G5+G6+G7+G8+G9+G10 -> 3740508 | R13: OPERARIOS ADICIONALES
A14: RUTAS CICLOVÍA 25 M3 | R14: ZONA | S14: CORREDOR | T14: # OPERARIOS | U14: # CAMIONES | V14: MODELO | W14: DISPONIBILIDAD | X14: TIPO DE SERVICIO | Y14: $
A15: CORREDOR | B15: # OPERARIOS | C15: # CAMIONES | D15: MODELO | E15: DISPONIBILIDAD | F15: TIPO DE SERVICIO | G15: $ | R15: CENTRO | S15: APOYO CICLOVÍA | T15: 3 | U15: 0 | V15: NA | W15: =+IF(X15=0,0,CONCATENATE(MID(X15,FIND("-",X15,1)+1,4),"ORAS")) -> 08 HORAS | X15: 41.OPERARIO-08 HORAS | Y15: =+IF(X15="","",VLOOKUP(X15,$H$139:$I$185,2,FALSE))*T15 -> 160731
A16: NORTE 5 ZONA 2 | B16: =+IF(F16=0,0,MID(F16,LEN(F16)-3,1)) -> 3 | C16: 1 | D16: 2014-2020 | E16: =+IF(F16=0,0,CONCATENATE(MID(F16,FIND("-",F16,1)+1,4),"ORAS")) -> 15 HORAS | F16: 17.CAMION TIPO25m³-15 HORAS-3 OP | G16: =+IF(C16=0,0,IF(F16="","",VLOOKUP(F16,$H$139:$I$185,2,FALSE))*C16) -> 443323 | I16: ATN CICLOVÍA, ESCUELA DE LA BICI, ADICIONALES 40 M3 | R16: CENTRO | S16: ADICIONALES | T16: 2 | U16: 0 | V16: NA | W16: =+IF(X16=0,0,CONCATENATE(MID(X16,FIND("-",X16,1)+1,4),"ORAS")) -> 08 HORAS | X16: 41.OPERARIO-08 HORAS | Y16: =+IF(X16="","",VLOOKUP(X16,$H$139:$I$185,2,FALSE))*T16 -> 107154
I17: ZONA | J17: CORREDOR | K17: # OPERARIOS | L17: # CAMIONES | M17: MODELO | N17: DISPONIBILIDAD | O17: TIPO DE SERVICIO | P17: $
K18: =+IF(O18=0,0,MID(O18,LEN(O18)-3,1)) -> 0 | L18: 0 | N18: =+IF(O18=0,0,CONCATENATE(MID(O18,FIND("-",O18,1)+1,4),"ORAS")) -> 0 | O18: 0 | P18: =+IF(O18="","",VLOOKUP(O18,$H$139:$I$185,2,FALSE)) -> 0 | R18: CAMIONETA 4 X4 DOBLE CABINA CON PLATON
R19: ZONA | S19: CORREDOR | T19: # OPERARIOS | U19: # CAMIONES | V19: MODELO | W19: DISPONIBILIDAD | X19: TIPO DE SERVICIO | Y19: $
R20: NORTE | S20: APOYO CICLOVÍA | T20: NA | U20: NA | V20: 2014-2020 | W20: =+IF(X20=0,0,CONCATENATE(MID(X20,FIND("-",X20,1)+1,4),"ORAS")) -> 15 HORAS | X20: 34.4X4-15 HORAS | Y20: =+IF(X20="","",VLOOKUP(X20,$H$139:$I$185,2,FALSE)) -> 373234
R21: CENTRO | S21: APOYO CICLOVÍA | T21: NA | U21: NA | V21: 2014-2020 | W21: =+IF(X21=0,0,CONCATENATE(MID(X21,FIND("-",X21,1)+1,4),"ORAS")) -> 15 HORAS | X21: 31.CAMION TIPOFURGON-15 HORAS | Y21: =+IF(X21="","",VLOOKUP(X21,$H$139:$I$185,2,FALSE)) -> 239262
A22: valor total | B22: =SUM(B4:B13)+B16+B17+B18+B19+B20+B21 -> 26 | C22: =+C4+C5+C6+C7+C8+C9+C10+C16 -> 8 | G22: =+G13+G16+G17 -> 4183831 | R22: SUR | S22: APOYO CICLOVÍA | T22: NA | U22: NA | V22: 2014-2020 | W22: =+IF(X22=0,0,CONCATENATE(MID(X22,FIND("-",X22,1)+1,4),"ORAS")) -> 15 HORAS | X22: 34.4X4-15 HORAS | Y22: =+IF(X22="","",VLOOKUP(X22,$H$139:$I$185,2,FALSE)) -> 373234
A23: ZONA CENTRO
A24: RUTAS CICLOVÍA 40 M3
A25: CORREDOR | B25: # OPERARIOS | C25: # CAMIONES | D25: MODELO | E25: DISPONIBILIDAD | F25: TIPO DE SERVICIO | G25: $ | J25: TOTAL | K25: =+K4+K5+K18+K6+K7+K8 -> 8 | L25: =SUM(L4:L24) -> 4 | P25: =SUM(P4:P23) -> 1352389 | S25: TOTAL | T25: =+T15+T16+T4+T5+T6+T7 -> 16 | U25: =SUM(U4:U7) -> 3 | Y25: =SUM(Y4:Y22) -> 2700416
A26: CENTRO 1 | B26: =+IF(F26=0,0,MID(F26,LEN(F26)-3,1)) -> 3 | C26: 1 | D26: 2014-2020 | E26: =+IF(F26=0,0,CONCATENATE(MID(F26,FIND("-",F26,1)+1,4),"ORAS")) -> 15 HORAS | F26: 2.CAMION TIPO40m³-15 HORAS-3 OP | G26: =+IF(C26=0,0,IF(F26="","",VLOOKUP(F26,$H$139:$I$185,2,FALSE))*C26) -> 514916
A27: CENTRO 2 | B27: =+IF(F27=0,0,MID(F27,LEN(F27)-3,1)) -> 4 | C27: 1 | D27: 2014-2020 | E27: =+IF(F27=0,0,CONCATENATE(MID(F27,FIND("-",F27,1)+1,4),"ORAS")) -> 15 HORAS | F27: 1.CAMION TIPO40m³-15 HORAS-4 OP | G27: =+IF(F27="","",VLOOKUP(F27,$H$139:$I$185,2,FALSE)) -> 582964
A28: CENTRO 5 | B28: =+IF(F28=0,0,MID(F28,LEN(F28)-3,1)) -> 3 | C28: 1 | D28: 2014-2020 | E28: =+IF(F28=0,0,CONCATENATE(MID(F28,FIND("-",F28,1)+1,4),"ORAS")) -> 15 HORAS | F28: 2.CAMION TIPO40m³-15 HORAS-3 OP | G28: =+IF(F28="","",VLOOKUP(F28,$H$139:$I$185,2,FALSE)) -> 514916
A32: RUTAS CICLOVÍA 25 M3
A33: > | B33: # OPERARIOS | C33: # CAMIONES | D33: MODELO | F33: TIPO DE SERVICIO | G33: $
A34: CENTRO 3 ZONA 1 | B34: =+IF(F34=0,0,MID(F34,LEN(F34)-3,1)) -> 3 | C34: 1 | D34: 2014-2020 | E34: =+IF(F34=0,0,CONCATENATE(MID(F34,FIND("-",F34,1)+1,4),"ORAS")) -> 15 HORAS | F34: 17.CAMION TIPO25m³-15 HORAS-3 OP | G34: =+IF(F34="","",VLOOKUP(F34,$H$139:$I$185,2,FALSE)) -> 443323
A35: CENTRO 3 ZONA 2 | B35: =+IF(F35=0,0,MID(F35,LEN(F35)-3,1)) -> 3 | C35: 1 | D35: 2014-2020 | E35: =+IF(F35=0,0,CONCATENATE(MID(F35,FIND("-",F35,1)+1,4),"ORAS")) -> 15 HORAS | F35: 17.CAMION TIPO25m³-15 HORAS-3 OP | G35: =+IF(F35="","",VLOOKUP(F35,$H$139:$I$185,2,FALSE)) -> 443323
A36: CENTRO 4 | B36: =+IF(F36=0,0,MID(F36,LEN(F36)-3,1)) -> 3 | C36: 1 | D36: 2014-2020 | E36: =+IF(F36=0,0,CONCATENATE(MID(F36,FIND("-",F36,1)+1,4),"ORAS")) -> 15 HORAS | F36: 17.CAMION TIPO25m³-15 HORAS-3 OP | G36: =+IF(F36="","",VLOOKUP(F36,$H$139:$I$185,2,FALSE)) -> 443323
A37: CENTRO 6 ZONA 1 | B37: =+IF(F37=0,0,MID(F37,LEN(F37)-3,1)) -> 3 | C37: 1 | D37: 2014-2020 | E37: =+IF(F37=0,0,CONCATENATE(MID(F37,FIND("-",F37,1)+1,4),"ORAS")) -> 15 HORAS | F37: 17.CAMION TIPO25m³-15 HORAS-3 OP | G37: =+IF(F37="","",VLOOKUP(F37,$H$139:$I$185,2,FALSE)) -> 443323
A38: CENTRO 6 ZONA 2 | B38: =+IF(F38=0,0,MID(F38,LEN(F38)-3,1)) -> 3 | C38: 1 | D38: 2014-2020 | E38: =+IF(F38=0,0,CONCATENATE(MID(F38,FIND("-",F38,1)+1,4),"ORAS")) -> 15 HORAS | F38: 17.CAMION TIPO25m³-15 HORAS-3 OP | G38: =+IF(F38="","",VLOOKUP(F38,$H$139:$I$185,2,FALSE)) -> 443323
A40: valor total | B40: =+B26+B27+B28+B34+B35+B36+B37+B38 -> 25 | C40: =SUM(C26:C32)+C34+C35+C36+C37+C38+C39 -> 8 | E40: =+IF(F40=0,0,CONCATENATE(MID(F40,FIND("-",F40,1)+1,3),"ORAS")) -> 0 | G40: =+G26+G27+G28+G29+G30+G31+G34+G35+G36+G37+G38 -> 3829411
A41: ZONA SUR
A42: RUTAS CICLOVÍA 40 M3
A43: CORREDOR | B43: # OPERARIOS | C43: # CAMIONES | D43: MODELO | E43: DISPONIBILIDAD | F43: TIPO DE SERVICIO | G43: $
A52: RUTAS CICLOVÍA 25 M3
A53: CORREDOR | B53: # OPERARIOS | C53: # CAMIONES | D53: MODELO | E53: DISPONIBILIDAD | F53: TIPO DE SERVICIO | G53: $
A54: SUR 1 ZONA 1 | B54: =+IF(F54=0,0,MID(F54,LEN(F54)-3,1)) -> 3 | C54: 1 | D54: 2014-2020 | E54: =+IF(F54=0,0,CONCATENATE(MID(F54,FIND("-",F54,1)+1,4),"ORAS")) -> 15 HORAS | F54: 17.CAMION TIPO25m³-15 HORAS-3 OP | G54: =+IF(F54="","",VLOOKUP(F54,$H$139:$I$185,2,FALSE)) -> 443323
A55: SUR 1 ZONA 2 | B55: =+IF(F55=0,0,MID(F55,LEN(F55)-3,1)) -> 3 | C55: 1 | D55: 2014-2020 | E55: =+IF(F55=0,0,CONCATENATE(MID(F55,FIND("-",F55,1)+1,4),"ORAS")) -> 15 HORAS | F55: 17.CAMION TIPO25m³-15 HORAS-3 OP | G55: =+IF(F55="","",VLOOKUP(F55,$H$139:$I$185,2,FALSE)) -> 443323
A56: SUR 1 MALETINES | B56: =+IF(F56=0,0,MID(F56,LEN(F56)-3,1)) -> 3 | C56: 1 | D56: 2014-2020 | E56: =+IF(F56=0,0,CONCATENATE(MID(F56,FIND("-",F56,1)+1,4),"ORAS")) -> 15 HORAS | F56: 17.CAMION TIPO25m³-15 HORAS-3 OP | G56: =+IF(F56="","",VLOOKUP(F56,$H$139:$I$185,2,FALSE)) -> 443323
A57: SUR 2 | B57: =+IF(F57=0,0,MID(F57,LEN(F57)-3,1)) -> 3 | C57: 1 | D57: 2014-2020 | E57: =+IF(F57=0,0,CONCATENATE(MID(F57,FIND("-",F57,1)+1,4),"ORAS")) -> 15 HORAS | F57: 17.CAMION TIPO25m³-15 HORAS-3 OP | G57: =+IF(F57="","",VLOOKUP(F57,$H$139:$I$185,2,FALSE)) -> 443323
A58: SUR 2 CANECAS 1 | B58: =+IF(F58=0,0,MID(F58,LEN(F58)-3,1)) -> 3 | C58: 1 | D58: 2014-2020 | E58: =+IF(F58=0,0,CONCATENATE(MID(F58,FIND("-",F58,1)+1,4),"ORAS")) -> 15 HORAS | F58: 17.CAMION TIPO25m³-15 HORAS-3 OP | G58: =+IF(F58="","",VLOOKUP(F58,$H$139:$I$185,2,FALSE)) -> 443323
A59: SUR 2 CANECAS 2 | B59: =+IF(F59=0,0,MID(F59,LEN(F59)-3,1)) -> 3 | C59: 1 | D59: 2014-2020 | E59: =+IF(F59=0,0,CONCATENATE(MID(F59,FIND("-",F59,1)+1,4),"ORAS")) -> 15 HORAS | F59: 17.CAMION TIPO25m³-15 HORAS-3 OP | G59: =+IF(F59="","",VLOOKUP(F59,$H$139:$I$185,2,FALSE)) -> 443323
A60: SUR 2 CANECAS 3 | B60: =+IF(F60=0,0,MID(F60,LEN(F60)-3,1)) -> 3 | C60: 1 | D60: 2014-2020 | E60: =+IF(F60=0,0,CONCATENATE(MID(F60,FIND("-",F60,1)+1,4),"ORAS")) -> 15 HORAS | F60: 17.CAMION TIPO25m³-15 HORAS-3 OP | G60: =+IF(F60="","",VLOOKUP(F60,$H$139:$I$185,2,FALSE)) -> 443323
A61: SUR 2 CANECAS 4 | B61: =+IF(F61=0,0,MID(F61,LEN(F61)-3,1)) -> 3 | C61: 1 | D61: 2014-2020 | E61: =+IF(F61=0,0,CONCATENATE(MID(F61,FIND("-",F61,1)+1,4),"ORAS")) -> 15 HORAS | F61: 17.CAMION TIPO25m³-15 HORAS-3 OP | G61: =+IF(F61="","",VLOOKUP(F61,$H$139:$I$185,2,FALSE)) -> 443323
A62: SUR 3 ZONA 1 | B62: =+IF(F62=0,0,MID(F62,LEN(F62)-3,1)) -> 3 | C62: 1 | D62: 2014-2020 | E62: =+IF(F62=0,0,CONCATENATE(MID(F62,FIND("-",F62,1)+1,4),"ORAS")) -> 15 HORAS | F62: 17.CAMION TIPO25m³-15 HORAS-3 OP | G62: =+IF(F62="","",VLOOKUP(F62,$H$139:$I$185,2,FALSE)) -> 443323
A63: SUR 3 ZONA 2 | B63: =+IF(F63=0,0,MID(F63,LEN(F63)-3,1)) -> 3 | C63: 1 | D63: 2014-2020 | E63: =+IF(F63=0,0,CONCATENATE(MID(F63,FIND("-",F63,1)+1,4),"ORAS")) -> 15 HORAS | F63: 17.CAMION TIPO25m³-15 HORAS-3 OP | G63: =+IF(F63="","",VLOOKUP(F63,$H$139:$I$185,2,FALSE)) -> 443323
A65: valor total | B65: =+B54+B55+B56+B57+B58+B64+B59+B60+B61+B62+B63+B46+B47+B48+B49+B50+B51 -> 30 | C65: =C59+C60+C61+C62+C63+C46+C47+C48+C49+C50+C54+C55+C56+C57+C58+C64 -> 10 | G65: =+G54+G55+G56+G57+G58+G59+G60+G61+G62+G63 -> 4433230
A67: TOTAL | B67: =B65+B40+B22 -> 81 | C67: =C65+C40+C22 -> 26 | D67: =D65+D40+D22 -> 0 | G67: =G65+G40+G22 -> 12446472
J68: GRAN TOTAL OPERA | K68: =K25+B67+T25+AB25 -> 105
J69: GRAN TOTAL CAMIONES | K69: =L25+C67+U25+AC25 -> 33 | M69: ZONA NORTE | N69: ZONA CENTRO | O69: ZONA SUR
J70: VALOR $ | K70: =G67+P25+Y25 -> 16499277 | M70: =G22+P18+Y20 -> 4557065 | N70: =G40+P4+P5+Y4+Y5+Y6+Y7+Y15+Y16+Y21+P6+P7+P8 -> 7135748 | O70: =G65+Y22 -> 4806464 | P70: =SUM(M70:O70) -> 16499277
A72: OTRAS NOVEDADES DE JORNADA
A73: MOVIMIENTOS: * SE REQUIERE QUE LOS DOS OPERARIOS PARA APOYO DE CICLOVÍA LLEGUEN A CALLE 3 A LAS 10:00 AM Y ESTEN DISPONIBLES HASTA LAS 5:00 PM. ENCARGADO KEVIN SILVA 3214765973. * EL VEHÍCULO DE PEDAGOGÍA Y LUDICA TIPO FURGON, DEBEN LLEGAR A LAS 7:00 AM A CALLE 3. * LA CAMIONETA FURGONADA DE PENDONES DE CALLE 26 DEBE LLEGAR A LAS 4:00 AM A LA CALLE 3, JUNTO CON LOS DOS OPERARIOS ADICIONALES. CAMIONETA 1: CAMIONETA DEBE LLEGAR A LAS 4:00 AM A CALLE 3 QUEDA DISPONIBLE. ENCARGADO KEVIN SILVA 3214765973. CAMIONETA 2: CAMIONETA DEBE LLEGAR A LAS 4:00 AM AL A CALLE 3 QUEDA DISPONIBLE. ENCARGADO KEVIN SILVA 3214765973. FURGONADA: CAMIONETA DEBE LLEGAR A LAS 4:00 AM A IDRD QUEDA DISPONIBLE. ENCARGADO KEVIN SILVA 3214765973.. ESCUELA DE LA BICI: EL VEHÍCULO DE ESCUELA, DEBEN COMUNICARSE CON EL TALENTO HUMANO DE EL PROGRAMA DE ESCUELA DE LA BICICLETA SERGIO PRIETO CEL 3167160204 O JHONATHAN VALBUENA CEL 3175023577, LO ANTERIOR PARA COORDINAR LOS PUNTOS Y LOS DESPLAZAMIENTOS. DISPONIBLES: SE DEBE DEJAR DOS CAMIONES DE 25m2 CON 3 OPERARIOS LOS CUALES DEBEN REGRESAR A LA CALLE 3 A LAS 8:30 AM, ENCARGADA JULIETH ARROYO. 3012802342 ADICIONALES: DE ACUERDO A LA REUNIÓN SOSTENIDA EL 30 DE AGOSTO SE SOLICITA UN CAMIÓN DE 25M2 PARA ELENTREGA DE MODULOS EL CUAL VA ESTAR POR 9 HORAS DEBE LLEGAR A LAS 7 AM CALLE 3, ASI COMO UN VEHICULO DE 25 M2 POR 4 HORAS DEBE LLEGAR A LAS 4:30 AM A CALLE 3.
A93: Apoyan Guardaines ATN Norte 4, Norte 2 y Norte 3 Apoan Guardianes ATN Norte 1, Centro 1 y Centro 5 Apoyan Guardianes ATN Centro 4, Centro 3 y Sur 3 Apoyan Guardianes ATN Sur 1, Sur 2 y Centro 2
J138: TIPO DE DISPONIBILIDAD | K138: OPERARIOS
F139: 0 | G139: 0 | H139: 0 | I139: 0 | J139: 0 | K139: 0 | L139: 0 | M139: 0 | N139: =+CONCATENATE(G139,"VEHICULO",M139) -> 0VEHICULO0
F140: 40m³-15H-4OP | G140: 1. | H140: 1.CAMION TIPO40m³-15 HORAS-4 OP | I140: 582964 | J140: C | K140: 4 | L140: 1 SENCILLO 15H 4OP | M140: . | N140: =+CONCATENATE(G140,F140) -> 1.40m³-15H-4OP
F141: 40m³-15H-3OP | G141: 2. | H141: 2.CAMION TIPO40m³-15 HORAS-3 OP | I141: 514916 | J141: C | K141: 3 | L141: 2 SENCILLO 15H 3OP | M141: . | N141: =+CONCATENATE(G141,F141) -> 2.40m³-15H-3OP
F142: 40m³-15H-2OP | G142: 3. | H142: 3.CAMION TIPO40m³-15 HORAS-2 OP | I142: 448638 | J142: C | K142: 2 | L142: 3 SENCILLO 15H 2OP | M142: . | N142: =+CONCATENATE(G142,F142) -> 3.40m³-15H-2OP
F143: 40m³-15H-1OP | G143: 4. | H143: 4.CAMION TIPO40m³-15 HORAS-1 OP | I143: 381163 | J143: C | K143: 1 | L143: 4 SENCILLO 15H 1OP | M143: . | N143: =+CONCATENATE(G143,F143) -> 4.40m³-15H-1OP
F144: 40m³-15H-0OP | G144: 5. | H144: 5.CAMION TIPO40m³-15 HORAS-0 OP | I144: 321680 | J144: C | K144: 0 | L144: 5 SENCILLO 15H 0OP | M144: . | N144: =+CONCATENATE(G144,F144) -> 5.40m³-15H-0OP
F145: 40m³-9H-4OP | G145: 6. | H145: 6.CAMION TIPO40m³-09 HORAS-4 OP | I145: 509192 | J145: M | K145: 4 | L145: 6 SENCILLO M 4OP | M145: . | N145: =+CONCATENATE(G145,F145) -> 6.40m³-9H-4OP
F146: 40m³-9H-3OP | G146: 7. | H146: 7.CAMION TIPO40m³-09 HORAS-3 OP | I146: 450204 | J146: M | K146: 3 | L146: 7 SENCILLO M 3OP | M146: . | N146: =+CONCATENATE(G146,F146) -> 7.40m³-9H-3OP
F147: 40m³-9H-2OP | G147: 8. | H147: 8.CAMION TIPO40m³-09 HORAS-2 OP | I147: 392186 | J147: M | K147: 2 | L147: 8 SENCILLO M 2OP | M147: . | N147: =+CONCATENATE(G147,F147) -> 8.40m³-9H-2OP
F148: 40m³-9H-1OP | G148: 9. | H148: 9.CAMION TIPO40m³-09 HORAS-1 OP | I148: 329397 | J148: M | K148: 1 | L148: 9 SENCILLO M 1OP | M148: . | N148: =+CONCATENATE(G148,F148) -> 9.40m³-9H-1OP
F149: 40m³-9H-0OP | G149: 10. | H149: 10.CAMION TIPO40m³-09 HORAS-0 OP | I149: 280919 | J149: M | K149: 0 | L149: 10 SENCILLO M 0OP | M149: . | N149: =+CONCATENATE(G149,F149) -> 10.40m³-9H-0OP
F150: 40m³-4H-4OP | G150: 11. | H150: 11.CAMION TIPO40m³-04 HORAS-4 OP | I150: 420585 | J150: R | K150: 4 | L150: 11 SENCILLO R 4OP | M150: . | N150: =+CONCATENATE(G150,F150) -> 11.40m³-4H-4OP
F151: 40m³-4H-3OP | G151: 12. | H151: 12.CAMION TIPO40m³-04 HORAS-3 OP | I151: 369327 | J151: R | K151: 3 | L151: 12 SENCILLO R 3OP | M151: . | N151: =+CONCATENATE(G151,F151) -> 12.40m³-4H-3OP
... F181: OPERARIO-6-H | G181: 42. | H181: 42.OPERARIO-06 HORAS | I181: 41562 | J181: H | K181: 0 | L181: 42 OPERARIO 6 H | M181: . | N181: =+CONCATENATE(G181,F181) -> 42.OPERARIO-6-H
F182: BOGOTA-REGION-40m³- | G182: 43. | H182: 43.BOGOTA-REGION-40m³-9 HORAS | I182: 628232 | N182: =+CONCATENATE(G182,F182) -> 43.BOGOTA-REGION-40m³-
F183: BOGOTA-REGION-25m³- | G183: 44. | H183: 44.BOGOTA-REGION-25m³-9 HORAS | I183: 562619 | N183: =+CONCATENATE(G183,F183) -> 44.BOGOTA-REGION-25m³-
F184: BOGOTA-REGION-FURGON- | G184: 45. | H184: 45.BOGOTA-REGION-FURGON-9 HORAS | I184: 418264 | N184: =+CONCATENATE(G184,F184) -> 45.BOGOTA-REGION-FURGON-
F185: BOGOTA-REGION-4X4 | G185: 46. | H185: 46.BOGOTA-REGION-4X4-9 HORAS | I185: 288714 | N185: =+CONCATENATE(G185,F185) -> 46.BOGOTA-REGION-4X4
N186: =+CONCATENATE(G186,F186)

Sheet 22 SEPTIEMBRE MAÑANA
A1: ZONA NORTE
A2: RUTAS CICLOVÍA 40 M3 | I2: LUDICA CICLOVÍA, ESCUELA DE LA BICI, ADICIONALES 25 M3 | R2: CONOS CICLOVÍA 25 M3
A3: CORREDOR | B3: # OPERARIOS | C3: # CAMIONES | D3: MODELO | E3: DISPONIBILIDAD | F3: TIPO DE SERVICIO | G3: $ | I3: ZONA | J3: CORREDOR | K3: # OPERARIOS | L3: # CAMIONES | M3: MODELO | N3: DISPONIBILIDAD | O3: TIPO DE SERVICIO | P3: $ | R3: ZONA | S3: CORREDOR | T3: # OPERARIOS | U3: # CAMIONES | V3: MODELO | W3: DISPONIBILIDAD | X3: TIPO DE SERVICIO | Y3: $
A4: NORTE 2 | B4: 3 | C4: 1 | D4: 2014-2020 | E4: =+IF(F4=0,0,CONCATENATE(MID(F4,FIND("-",F4,1)+1,4),"ORAS")) -> 04 HORAS | F4: 12.CAMION TIPO40m³-04 HORAS-3 OP | G4: =+IF(F4="","",VLOOKUP(F4,$H$139:$I$185,2,FALSE)) -> 369327 | I4: CENTRO | J4: WALK BIKE | K4: 0 | L4: 0 | M4: 2014-2020 | N4: =+IF(O4=0,0,CONCATENATE(MID(O4,FIND("-",O4,1)+1,4),"ORAS")) -> 09 HORAS | O4: 23.CAMION TIPO25m³-09 HORAS-2 OP | P4: =+IF(O4="","",VLOOKUP(O4,$H$139:$I$185,2,FALSE)) -> 345928 | R4: CENTRO | S4: CENTRO 5 CAMION 2 UNICONOS | T4: =+IF(X4=0,0,MID(X4,LEN(X4)-3,1)) -> 3 | U4: 1 | V4: 2014-2020 | W4: =+IF(X4=0,0,CONCATENATE(MID(X4,FIND("-",X4,1)+1,4),"ORAS")) -> 04 HORAS | X4: 27.CAMION TIPO25m³-04 HORAS-3 OP | Y4: =+IF(X4="","",VLOOKUP(X4,$H$139:$I$185,2,FALSE)) -> 323876
A5: NORTE 3 | B5: 3 | C5: 1 | D5: 2014-2020 | E5: =+IF(F5=0,0,CONCATENATE(MID(F5,FIND("-",F5,1)+1,4),"ORAS")) -> 04 HORAS | F5: 12.CAMION TIPO40m³-04 HORAS-3 OP | G5: =+IF(F5="","",VLOOKUP(F5,$H$139:$I$185,2,FALSE)) -> 369327 | I5: CENTRO | J5: ESCUELA | K5: =+IF(O5=0,0,MID(O5,LEN(O5)-3,1)) -> 4 | L5: 1 | M5: 2014-2020 | N5: =+IF(O5=0,0,CONCATENATE(MID(O5,FIND("-",O5,1)+1,4),"ORAS")) -> 15 HORAS | O5: 1.CAMION TIPO40m³-15 HORAS-4 OP | P5: =+IF(O5="","",VLOOKUP(O5,$H$139:$I$185,2,FALSE)) -> 582964 | T5: =+IF(X5=0,0,MID(X5,LEN(X5)-3,1)) -> 0 | U5: 0 | V5: 2014-2020 | W5: =+IF(X5=0,0,CONCATENATE(MID(X5,FIND("-",X5,1)+1,4),"ORAS")) -> 0 | X5: 0 | Y5: =+IF(X5="","",VLOOKUP(X5,$H$139:$I$185,2,FALSE)) -> 0
A6: NORTE 3 - CONOS | B6: 4 | C6: 1 | D6: 2014-2020 | E6: =+IF(F6=0,0,CONCATENATE(MID(F6,FIND("-",F6,1)+1,4),"ORAS")) -> 04 HORAS | F6: 11.CAMION TIPO40m³-04 HORAS-4 OP | G6: =+IF(F6="","",VLOOKUP(F6,$H$139:$I$185,2,FALSE)) -> 420585 | I6: CENTRO | J6: CICLOVÍA | K6: 3 | L6: 1 | M6: 2014-2020 | N6: =+IF(O6=0,0,CONCATENATE(MID(O6,FIND("-",O6,1)+1,4),"ORAS")) -> 04 HORAS | O6: 27.CAMION TIPO25m³-04 HORAS-3 OP | P6: =+IF(O6="","",VLOOKUP(O6,$H$139:$I$185,2,FALSE)) -> 323876 | T6: =+IF(X6=0,0,MID(X6,LEN(X6)-3,1)) -> 0 | U6: 0 | V6: 2014-2020 | W6: =+IF(X6=0,0,CONCATENATE(MID(X6,FIND("-",X6,1)+1,4),"ORAS")) -> 0 | X6: 0 | Y6: =+IF(X6="","",VLOOKUP(X6,$H$139:$I$185,2,FALSE)) -> 0
A7: NORTE 4 | B7: 3 | C7: 1 | D7: 2014-2020 | E7: =+IF(F7=0,0,CONCATENATE(MID(F7,FIND("-",F7,1)+1,4),"ORAS")) -> 04 HORAS | F7: 12.CAMION TIPO40m³-04 HORAS-3 OP | G7: =+IF(F7="","",VLOOKUP(F7,$H$139:$I$185,2,FALSE)) -> 369327 | K7: 0 | L7: 0 | N7: =+IF(O7=0,0,CONCATENATE(MID(O7,FIND("-",O7,1)+1,4),"ORAS")) -> 0 | O7: 0 | P7: =+IF(O7="","",VLOOKUP(O7,$H$139:$I$185,2,FALSE)) -> 0 | X7: 0 | Y7: =+IF(X7="","",VLOOKUP(X7,$H$139:$I$185,2,FALSE)) -> 0
B8: 0 | C8: 0 | E8: =+IF(F8=0,0,CONCATENATE(MID(F8,FIND("-",F8,1)+1,4),"ORAS")) -> 0 | F8: 0 | G8: =+IF(C8=0,0,IF(F8="","",VLOOKUP(F8,$H$139:$I$185,2,FALSE))*C8) -> 0 | N8: =+IF(O8=0,0,CONCATENATE(MID(O8,FIND("-",O8,1)+1,4),"ORAS")) -> 0 | O8: 0 | P8: =+IF(O8="","",VLOOKUP(O8,$H$139:$I$185,2,FALSE)) -> 0 | U8: =+U4+U5+U6+U7 -> 1
B9: =+IF(F9=0,0,MID(F9,LEN(F9)-3,1)) -> 0 | C9: 0 | D9: 0 | E9: =+IF(F9=0,0,CONCATENATE(MID(F9,FIND("-",F9,1)+1,4),"ORAS")) -> 0 | F9: 0 | G9: =+IF(F10="","",VLOOKUP(F10,$H$139:$I$185,2,FALSE)) -> 0
B10: =+IF(F10=0,0,MID(F10,LEN(F10)-3,1)) -> 0 | C10: 0 | D10: 0 | E10: =+IF(F10=0,0,CONCATENATE(MID(F10,FIND("-",F10,1)+1,4),"ORAS")) -> 0 | F10: 0 | G10: =+IF(F11="","",VLOOKUP(F11,$H$139:$I$185,2,FALSE)) -> 0
B11: =+IF(F11=0,0,MID(F11,LEN(F11)-3,1)) -> 0 | C11: 0 | D11: 0 | E11: =+IF(F11=0,0,CONCATENATE(MID(F11,FIND("-",F11,1)+1,4),"ORAS")) -> 0 | F11: 0 | G11: =+IF(C11=0,0,IF(F11="","",VLOOKUP(F11,$H$139:$I$185,2,FALSE))*C11) -> 0
B13: =+B11+B10+B9+B8+B6+B5+B4 -> 10 | C13: =+C11+C10+C9+C8+C6+C5+C4 -> 3 | G13: =+G4+G5+G6+G7+G8+G9+G10 -> 1528566 | R13: OPERARIOS ADICIONALES
A14: RUTAS CICLOVÍA 25 M3 | R14: ZONA | S14: CORREDOR | T14: # OPERARIOS | U14: # CAMIONES | V14: MODELO | W14: DISPONIBILIDAD | X14: TIPO DE SERVICIO | Y14: $
A15: CORREDOR | B15: # OPERARIOS | C15: # CAMIONES | D15: MODELO | E15: DISPONIBILIDAD | F15: TIPO DE SERVICIO | G15: $ | R15: CENTRO | S15: APOYO CICLOVÍA | T15: 3 | U15: 0 | V15: NA | W15: =+IF(X15=0,0,CONCATENATE(MID(X15,FIND("-",X15,1)+1,4),"ORAS")) -> 06 HORAS | X15: 42.OPERARIO-06 HORAS | Y15: =+IF(X15="","",VLOOKUP(X15,$H$139:$I$185,2,FALSE))*T15 -> 124686
B16: =+IF(F16=0,0,MID(F16,LEN(F16)-3,1)) -> 0 | E16: =+IF(F16=0,0,CONCATENATE(MID(F16,FIND("-",F16,1)+1,4),"ORAS")) -> 0 | F16: 0 | G16: =+IF(C16=0,0,IF(F16="","",VLOOKUP(F16,$H$139:$I$185,2,FALSE))*C16) -> 0 | I16: ATN CICLOVÍA, ESCUELA DE LA BICI, ADICIONALES 40 M3 | W16: =+IF(X16=0,0,CONCATENATE(MID(X16,FIND("-",X16,1)+1,4),"ORAS")) -> 0 | X16: 0 | Y16: =+IF(X16="","",VLOOKUP(X16,$H$139:$I$185,2,FALSE))*T16 -> 0
I17: ZONA | J17: CORREDOR | K17: # OPERARIOS | L17: # CAMIONES | M17: MODELO | N17: DISPONIBILIDAD | O17: TIPO DE SERVICIO | P17: $
K18: =+IF(O18=0,0,MID(O18,LEN(O18)-3,1)) -> 0 | L18: 0 | N18: =+IF(O18=0,0,CONCATENATE(MID(O18,FIND("-",O18,1)+1,4),"ORAS")) -> 0 | O18: 0 | P18: =+IF(O18="","",VLOOKUP(O18,$H$139:$I$185,2,FALSE)) -> 0 | R18: CAMIONETA 4 X4 DOBLE CABINA CON PLATON
R19: ZONA | S19: CORREDOR | T19: # OPERARIOS | U19: # CAMIONES | V19: MODELO | W19: DISPONIBILIDAD | X19: TIPO DE SERVICIO | Y19: $
R20: NORTE | S20: APOYO CICLOVÍA | T20: NA | U20: NA | V20: 2014-2020 | W20: =+IF(X20=0,0,CONCATENATE(MID(X20,FIND("-",X20,1)+1,4),"ORAS")) -> 04 HORAS | X20: 36.4X4-04 HORAS | Y20: =+IF(X20="","",VLOOKUP(X20,$H$139:$I$185,2,FALSE)) -> 195220
R21: CENTRO | S21: APOYO CICLOVÍA | T21: NA | U21: 1 | V21: 2014-2020 | W21: =+IF(X21=0,0,CONCATENATE(MID(X21,FIND("-",X21,1)+1,4),"ORAS")) -> 15 HORAS | X21: 31.CAMION TIPOFURGON-15 HORAS | Y21: =+IF(X21="","",VLOOKUP(X21,$H$139:$I$185,2,FALSE)) -> 239262
A22: valor total | B22: =SUM(B4:B13)+B16+B17+B18+B19+B20+B21 -> 23 | C22: =+C4+C5+C6+C8+C9+C10+C11+C16 -> 3 | G22: =+G13+G16+G17 -> 1528566 | R22: SUR | S22: APOYO CICLOVÍA | T22: NA | U22: NA | V22: 2014-2020 | W22: =+IF(X22=0,0,CONCATENATE(MID(X22,FIND("-",X22,1)+1,4),"ORAS")) -> 04 HORAS | X22: 36.4X4-04 HORAS | Y22: =+IF(X22="","",VLOOKUP(X22,$H$139:$I$185,2,FALSE)) -> 195220
A23: ZONA CENTRO
A24: RUTAS CICLOVÍA 40 M3
A25: CORREDOR | B25: # OPERARIOS | C25: # CAMIONES | D25: MODELO | E25: DISPONIBILIDAD | F25: TIPO DE SERVICIO | G25: $ | J25: TOTAL | K25: =+K4+K5+K18+K6+K7+K8 -> 7 | L25: =SUM(L4:L24) -> 2 | P25: =SUM(P4:P23) -> 1252768 | S25: TOTAL | T25: =+T15+T16+T4+T5+T6+T7 -> 6 | U25: =SUM(U4:U7,U21) -> 2 | Y25: =SUM(Y4:Y22) -> 1078264
A26: CENTRO 1 | B26: =+IF(F26=0,0,MID(F26,LEN(F26)-3,1)) -> 3 | C26: 1 | D26: 2014-2020 | E26: =+IF(F26=0,0,CONCATENATE(MID(F26,FIND("-",F26,1)+1,4),"ORAS")) -> 04 HORAS | F26: 27.CAMION TIPO25m³-04 HORAS-3 OP | G26: =+IF(C26=0,0,IF(F26="","",VLOOKUP(F26,$H$139:$I$185,2,FALSE))*C26) -> 323876
A27: CENTRO 2 | B27: =+IF(F27=0,0,MID(F27,LEN(F27)-3,1)) -> 4 | C27: 1 | D27: 2014-2020 | E27: =+IF(F27=0,0,CONCATENATE(MID(F27,FIND("-",F27,1)+1,4),"ORAS")) -> 04 HORAS | F27: 26.CAMION TIPO25m³-04 HORAS-4 OP | G27: =+IF(F27="","",VLOOKUP(F27,$H$139:$I$185,2,FALSE)) -> 374201
B28: =+IF(F28=0,0,MID(F28,LEN(F28)-3,1)) -> 0 | E28: =+IF(F28=0,0,CONCATENATE(MID(F28,FIND("-",F28,1)+1,4),"ORAS")) -> 0 | F28: 0 | G28: =+IF(F28="","",VLOOKUP(F28,$H$139:$I$185,2,FALSE)) -> 0
A32: RUTAS CICLOVÍA 25 M3
A33: > | B33: # OPERARIOS | C33: # CAMIONES | D33: MODELO | F33: TIPO DE SERVICIO | G33: $
A34: CENTRO 3 ZONA 1 | B34: =+IF(F34=0,0,MID(F34,LEN(F34)-3,1)) -> 3 | C34: 1 | D34: 2014-2020 | E34: =+IF(F34=0,0,CONCATENATE(MID(F34,FIND("-",F34,1)+1,4),"ORAS")) -> 04 HORAS | F34: 27.CAMION TIPO25m³-04 HORAS-3 OP | G34: =+IF(F34="","",VLOOKUP(F34,$H$139:$I$185,2,FALSE)) -> 323876
A35: CENTRO 4 | B35: =+IF(F35=0,0,MID(F35,LEN(F35)-3,1)) -> 3 | C35: 1 | D35: 2014-2020 | E35: =+IF(F35=0,0,CONCATENATE(MID(F35,FIND("-",F35,1)+1,4),"ORAS")) -> 04 HORAS | F35: 27.CAMION TIPO25m³-04 HORAS-3 OP | G35: =+IF(F35="","",VLOOKUP(F35,$H$139:$I$185,2,FALSE)) -> 323876
B36: 0 | C36: 0 | D36: 2014-2020 | E36: =+IF(F36=0,0,CONCATENATE(MID(F36,FIND("-",F36,1)+1,4),"ORAS")) -> 0 | F36: 0
B37: =+IF(F37=0,0,MID(F37,LEN(F37)-3,1)) -> 0 | E37: =+IF(F37=0,0,CONCATENATE(MID(F37,FIND("-",F37,1)+1,4),"ORAS")) -> 0 | F37: 0 | G37: =+IF(F37="","",VLOOKUP(F37,$H$139:$I$185,2,FALSE)) -> 0
B38: =+IF(F38=0,0,MID(F38,LEN(F38)-3,1)) -> 0 | E38: =+IF(F38=0,0,CONCATENATE(MID(F38,FIND("-",F38,1)+1,4),"ORAS")) -> 0 | F38: 0 | G38: =+IF(F38="","",VLOOKUP(F38,$H$139:$I$185,2,FALSE)) -> 0
A40: valor total | B40: =+B26+B27+B28+B34+B35+B36+B37+B38 -> 13 | C40: =SUM(C26:C32)+C34+C35+C36+C37+C38+C39 -> 4 | E40: =+IF(F40=0,0,CONCATENATE(MID(F40,FIND("-",F40,1)+1,3),"ORAS")) -> 0 | G40: =+G26+G27+G28+G29+G30+G31+G34+G35+G36+G37+G38 -> 1345829
A41: ZONA SUR
A42: RUTAS CICLOVÍA 40 M3
A43: CORREDOR | B43: # OPERARIOS | C43: # CAMIONES | D43: MODELO | E43: DISPONIBILIDAD | F43: TIPO DE SERVICIO | G43: $
A46: SUR 2 MALETINES 1 | B46: =+IF(F46=0,0,MID(F46,LEN(F46)-3,1)) -> 4 | C46: 1 | D46: 2014-2020 | E46: =+IF(F46=0,0,CONCATENATE(MID(F46,FIND("-",F46,1)+1,4),"ORAS")) -> 04 HORAS | F46: 11.CAMION TIPO40m³-04 HORAS-4 OP | G46: =+IF(C46=0,0,IF(F46="","",VLOOKUP(F46,$H$139:$I$185,2,FALSE))*C46) -> 420585
A47: SUR 2 MALETINES 2 | B47: =+IF(F47=0,0,MID(F47,LEN(F47)-3,1)) -> 4 | C47: 1 | D47: 2014-2020 | E47: =+IF(F47=0,0,CONCATENATE(MID(F47,FIND("-",F47,1)+1,4),"ORAS")) -> 04 HORAS | F47: 11.CAMION TIPO40m³-04 HORAS-4 OP | G47: =+IF(C47=0,0,IF(F47="","",VLOOKUP(F47,$H$139:$I$185,2,FALSE))*C47) -> 420585
A48: SUR 2 MALETINES 3 | B48: =+IF(F48=0,0,MID(F48,LEN(F48)-3,1)) -> 4 | C48: 1 | D48: 2014-2020 | E48: =+IF(F48=0,0,CONCATENATE(MID(F48,FIND("-",F48,1)+1,4),"ORAS")) -> 04 HORAS | F48: 11.CAMION TIPO40m³-04 HORAS-4 OP | G48: =+IF(C48=0,0,IF(F48="","",VLOOKUP(F48,$H$139:$I$185,2,FALSE))*C48) -> 420585
A49: SUR 2 DIVISORES | B49: =+IF(F49=0,0,MID(F49,LEN(F49)-3,1)) -> 4 | C49: 1 | D49: 2014-2020 | E49: =+IF(F49=0,0,CONCATENATE(MID(F49,FIND("-",F49,1)+1,4),"ORAS")) -> 04 HORAS | F49: 11.CAMION TIPO40m³-04 HORAS-4 OP | G49: =+IF(C49=0,0,IF(F49="","",VLOOKUP(F49,$H$139:$I$185,2,FALSE))*C49) -> 420585
A52: RUTAS CICLOVÍA 25 M3
A53: CORREDOR | B53: # OPERARIOS | C53: # CAMIONES | D53: MODELO | E53: DISPONIBILIDAD | F53: TIPO DE SERVICIO | G53: $
A54: SUR 1 ZONA 1 | B54: =+IF(F54=0,0,MID(F54,LEN(F54)-3,1)) -> 3 | C54: 1 | D54: 2014-2020 | E54: =+IF(F54=0,0,CONCATENATE(MID(F54,FIND("-",F54,1)+1,4),"ORAS")) -> 04 HORAS | F54: 27.CAMION TIPO25m³-04 HORAS-3 OP | G54: =+IF(F54="","",VLOOKUP(F54,$H$139:$I$185,2,FALSE)) -> 323876
A55: SUR 1 ZONA 2 | B55: =+IF(F55=0,0,MID(F55,LEN(F55)-3,1)) -> 3 | C55: 1 | D55: 2014-2020 | E55: =+IF(F55=0,0,CONCATENATE(MID(F55,FIND("-",F55,1)+1,4),"ORAS")) -> 04 HORAS | F55: 27.CAMION TIPO25m³-04 HORAS-3 OP | G55: =+IF(F55="","",VLOOKUP(F55,$H$139:$I$185,2,FALSE)) -> 323876
A56: SUR 1 MALETINES | B56: =+IF(F56=0,0,MID(F56,LEN(F56)-3,1)) -> 3 | C56: 1 | D56: 2014-2020 | E56: =+IF(F56=0,0,CONCATENATE(MID(F56,FIND("-",F56,1)+1,4),"ORAS")) -> 04 HORAS | F56: 27.CAMION TIPO25m³-04 HORAS-3 OP | G56: =+IF(F56="","",VLOOKUP(F56,$H$139:$I$185,2,FALSE)) -> 323876
A57: SUR 2 | B57: =+IF(F57=0,0,MID(F57,LEN(F57)-3,1)) -> 3 | C57: 1 | D57: 2014-2020 | E57: =+IF(F57=0,0,CONCATENATE(MID(F57,FIND("-",F57,1)+1,4),"ORAS")) -> 04 HORAS | F57: 27.CAMION TIPO25m³-04 HORAS-3 OP | G57: =+IF(F57="","",VLOOKUP(F57,$H$139:$I$185,2,FALSE)) -> 323876
A58: SUR 3 ZONA 1 | B58: 3 | C58: 1 | D58: 2014-2020 | E58: =+IF(F58=0,0,CONCATENATE(MID(F58,FIND("-",F58,1)+1,4),"ORAS")) -> 04 HORAS | F58: 27.CAMION TIPO25m³-04 HORAS-3 OP | G58: =+IF(F58="","",VLOOKUP(F58,$H$139:$I$185,2,FALSE)) -> 323876
A59: SUR 3 ZONA 2 | B59: 3 | C59: 1 | D59: 2014-2020 | E59: =+IF(F59=0,0,CONCATENATE(MID(F59,FIND("-",F59,1)+1,4),"ORAS")) -> 04 HORAS | F59: 27.CAMION TIPO25m³-04 HORAS-3 OP | G59: =+IF(F59="","",VLOOKUP(F59,$H$139:$I$185,2,FALSE)) -> 323876
B60: =+IF(F60=0,0,MID(F60,LEN(F60)-3,1)) -> 0 | C60: 0 | E60: =+IF(F60=0,0,CONCATENATE(MID(F60,FIND("-",F60,1)+1,4),"ORAS")) -> 0 | F60: 0 | G60: =+IF(F60="","",VLOOKUP(F60,$H$139:$I$185,2,FALSE)) -> 0
